Workbook
Name Discount_Rate: 'Table 1'!$I$50
Name Inflation: 'Table 1'!$J$52
Name Real_Discount_Rate: 'Table 1'!$J$54
Name Study_CF: 'Table 5'!$M$8
Name Study_MW: 'Table 5'!$M$6

Sheet Appendix B.3
B1: Appendix B.3
B3: Avoided Cost Prices $/MWh
B4: Utah 2026.Q1 Sch 38
C6: Thermal | D6: Solar Tracking | E6: Wind | F6: Thermal | G6: Solar Tracking | H6: Wind | I6: Thermal | J6: Solar Tracking | K6: Wind
B7: Year | C7: UT 2026.Q2 | D7: =C7 -> UT 2026.Q2 | E7: =C7 -> UT 2026.Q2 | F7: UT 2026.Q1 | G7: =F7 -> UT 2026.Q1 | H7: =F7 -> UT 2026.Q1
C8: 100% CF (2) | D8: 32.25% CF (2) | E8: 29.5% CF (2) | F8: 100% CF (2) | G8: 32.25% CF (2) | H8: 29.5% CF (2) | I8: Difference From 2024.Q4 Filing Filing | J8: =I8 -> Difference From 2024.Q4 Filing Filing | K8: =I8 -> Difference From 2024.Q4 Filing Filing
C9: 2025 IRP Update Preferred Portfolio | F9: 2025 IRP Update Preferred Portfolio
B10: 2026 | C10: =VLOOKUP($B10,'[1]Table 1'!$B$13:$G$38,6,FALSE) -> 17.277833 | D10: =VLOOKUP($B10,'[2]Table 1'!$B$13:$G$38,6,FALSE) -> 11.582875 | E10: =VLOOKUP($B10,'Table 1'!$B$13:$G$38,6,FALSE) -> 13.037516 | F10: =VLOOKUP($B10,'[3]Table 1'!$B$13:$G$38,6,FALSE) -> 18.2741 | G10: =VLOOKUP($B10,'[4]Table 1'!$B$13:$G$38,6,FALSE) -> 11.336293 | H10: =VLOOKUP($B10,'[5]Table 1'!$B$13:$G$38,6,FALSE) -> 13.456158 | I10: =C10-F10 -> -0.99626644 | J10: =D10-G10 -> 0.24658139 | K10: =E10-H10 -> -0.41864206
B11: =B10+1 -> 2027 | C11: =VLOOKUP($B11,'[1]Table 1'!$B$13:$G$38,6,FALSE) -> 25.20573 | D11: =VLOOKUP($B11,'[2]Table 1'!$B$13:$G$38,6,FALSE) -> 16.369263 | E11: =VLOOKUP($B11,'Table 1'!$B$13:$G$38,6,FALSE) -> 19.057262 | F11: =VLOOKUP($B11,'[3]Table 1'!$B$13:$G$38,6,FALSE) -> 26.664403 | G11: =VLOOKUP($B11,'[4]Table 1'!$B$13:$G$38,6,FALSE) -> 15.256906 | H11: =VLOOKUP($B11,'[5]Table 1'!$B$13:$G$38,6,FALSE) -> 19.113969 | I11: =C11-F11 -> -1.4586728 | J11: =D11-G11 -> 1.1123567 | K11: =E11-H11 -> -0.056706983
B12: =B11+1 -> 2028 | C12: =VLOOKUP($B12,'[1]Table 1'!$B$13:$G$38,6,FALSE) -> 29.543891 | D12: =VLOOKUP($B12,'[2]Table 1'!$B$13:$G$38,6,FALSE) -> 20.612135 | E12: =VLOOKUP($B12,'Table 1'!$B$13:$G$38,6,FALSE) -> 23.168734 | F12: =VLOOKUP($B12,'[3]Table 1'!$B$13:$G$38,6,FALSE) -> 29.698666 | G12: =VLOOKUP($B12,'[4]Table 1'!$B$13:$G$38,6,FALSE) -> 18.603805 | H12: =VLOOKUP($B12,'[5]Table 1'!$B$13:$G$38,6,FALSE) -> 22.196511 | I12: =C12-F12 -> -0.15477545 | J12: =D12-G12 -> 2.0083301 | K12: =E12-H12 -> 0.97222303
B13: =B12+1 -> 2029 | C13: =VLOOKUP($B13,'[1]Table 1'!$B$13:$G$38,6,FALSE) -> 32.864368 | D13: =VLOOKUP($B13,'[2]Table 1'!$B$13:$G$38,6,FALSE) -> 21.245572 | E13: =VLOOKUP($B13,'Table 1'!$B$13:$G$38,6,FALSE) -> 25.251297 | F13: =VLOOKUP($B13,'[3]Table 1'!$B$13:$G$38,6,FALSE) -> 35.917676 | G13: =VLOOKUP($B13,'[4]Table 1'!$B$13:$G$38,6,FALSE) -> 21.722009 | H13: =VLOOKUP($B13,'[5]Table 1'!$B$13:$G$38,6,FALSE) -> 25.971539 | I13: =C13-F13 -> -3.053308 | J13: =D13-G13 -> -0.47643719 | K13: =E13-H13 -> -0.7202419
B14: =B13+1 -> 2030 | C14: =VLOOKUP($B14,'[1]Table 1'!$B$13:$G$38,6,FALSE) -> 46.309797 | D14: =VLOOKUP($B14,'[2]Table 1'!$B$13:$G$38,6,FALSE) -> 31.231664 | E14: =VLOOKUP($B14,'Table 1'!$B$13:$G$38,6,FALSE) -> 38.005499 | F14: =VLOOKUP($B14,'[3]Table 1'!$B$13:$G$38,6,FALSE) -> 47.687553 | G14: =VLOOKUP($B14,'[4]Table 1'!$B$13:$G$38,6,FALSE) -> 30.390977 | H14: =VLOOKUP($B14,'[5]Table 1'!$B$13:$G$38,6,FALSE) -> 37.413761 | I14: =C14-F14 -> -1.377756 | J14: =D14-G14 -> 0.84068699 | K14: =E14-H14 -> 0.59173768
B15: =B14+1 -> 2031 | C15: =VLOOKUP($B15,'[1]Table 1'!$B$13:$G$38,6,FALSE) -> 60.683247 | D15: =VLOOKUP($B15,'[2]Table 1'!$B$13:$G$38,6,FALSE) -> 41.329739 | E15: =VLOOKUP($B15,'Table 1'!$B$13:$G$38,6,FALSE) -> 49.872836 | F15: =VLOOKUP($B15,'[3]Table 1'!$B$13:$G$38,6,FALSE) -> 58.90113 | G15: =VLOOKUP($B15,'[4]Table 1'!$B$13:$G$38,6,FALSE) -> 37.412714 | H15: =VLOOKUP($B15,'[5]Table 1'!$B$13:$G$38,6,FALSE) -> 47.727472 | I15: =C15-F15 -> 1.7821162 | J15: =D15-G15 -> 3.9170252 | K15: =E15-H15 -> 2.1453636
B16: =B15+1 -> 2032 | C16: =VLOOKUP($B16,'[1]Table 1'!$B$13:$G$38,6,FALSE) -> 61.580683 | D16: =VLOOKUP($B16,'[2]Table 1'!$B$13:$G$38,6,FALSE) -> 42.473031 | E16: =VLOOKUP($B16,'Table 1'!$B$13:$G$38,6,FALSE) -> 50.539774 | F16: =VLOOKUP($B16,'[3]Table 1'!$B$13:$G$38,6,FALSE) -> 59.796019 | G16: =VLOOKUP($B16,'[4]Table 1'!$B$13:$G$38,6,FALSE) -> 37.614122 | H16: =VLOOKUP($B16,'[5]Table 1'!$B$13:$G$38,6,FALSE) -> 47.42931 | I16: =C16-F16 -> 1.7846645 | J16: =D16-G16 -> 4.8589096 | K16: =E16-H16 -> 3.1104632
B17: =B16+1 -> 2033 | C17: =VLOOKUP($B17,'[1]Table 1'!$B$13:$G$38,6,FALSE) -> 62.420911 | D17: =VLOOKUP($B17,'[2]Table 1'!$B$13:$G$38,6,FALSE) -> 40.888477 | E17: =VLOOKUP($B17,'Table 1'!$B$13:$G$38,6,FALSE) -> 48.992485 | F17: =VLOOKUP($B17,'[3]Table 1'!$B$13:$G$38,6,FALSE) -> 60.85424 | G17: =VLOOKUP($B17,'[4]Table 1'!$B$13:$G$38,6,FALSE) -> 36.99444 | H17: =VLOOKUP($B17,'[5]Table 1'!$B$13:$G$38,6,FALSE) -> 46.732631 | I17: =C17-F17 -> 1.5666711 | J17: =D17-G17 -> 3.8940369 | K17: =E17-H17 -> 2.2598546
B18: =B17+1 -> 2034 | C18: =VLOOKUP($B18,'[1]Table 1'!$B$13:$G$38,6,FALSE) -> 64.006477 | D18: =VLOOKUP($B18,'[2]Table 1'!$B$13:$G$38,6,FALSE) -> 41.169947 | E18: =VLOOKUP($B18,'Table 1'!$B$13:$G$38,6,FALSE) -> 50.225192 | F18: =VLOOKUP($B18,'[3]Table 1'!$B$13:$G$38,6,FALSE) -> 64.220702 | G18: =VLOOKUP($B18,'[4]Table 1'!$B$13:$G$38,6,FALSE) -> 38.646079 | H18: =VLOOKUP($B18,'[5]Table 1'!$B$13:$G$38,6,FALSE) -> 49.842985 | I18: =C18-F18 -> -0.21422475 | J18: =D18-G18 -> 2.5238679 | K18: =E18-H18 -> 0.38220642
B19: =B18+1 -> 2035 | C19: =VLOOKUP($B19,'[1]Table 1'!$B$13:$G$38,6,FALSE) -> 65.450039 | D19: =VLOOKUP($B19,'[2]Table 1'!$B$13:$G$38,6,FALSE) -> 42.537942 | E19: =VLOOKUP($B19,'Table 1'!$B$13:$G$38,6,FALSE) -> 51.800649 | F19: =VLOOKUP($B19,'[3]Table 1'!$B$13:$G$38,6,FALSE) -> 68.075689 | G19: =VLOOKUP($B19,'[4]Table 1'!$B$13:$G$38,6,FALSE) -> 41.499222 | H19: =VLOOKUP($B19,'[5]Table 1'!$B$13:$G$38,6,FALSE) -> 52.583022 | I19: =C19-F19 -> -2.62565 | J19: =D19-G19 -> 1.03872 | K19: =E19-H19 -> -0.78237322
B20: =B19+1 -> 2036 | C20: =VLOOKUP($B20,'[1]Table 1'!$B$13:$G$38,6,FALSE) -> 67.804714 | D20: =VLOOKUP($B20,'[2]Table 1'!$B$13:$G$38,6,FALSE) -> 42.992611 | E20: =VLOOKUP($B20,'Table 1'!$B$13:$G$38,6,FALSE) -> 51.411607 | F20: =VLOOKUP($B20,'[3]Table 1'!$B$13:$G$38,6,FALSE) -> 67.191138 | G20: =VLOOKUP($B20,'[4]Table 1'!$B$13:$G$38,6,FALSE) -> 40.878429 | H20: =VLOOKUP($B20,'[5]Table 1'!$B$13:$G$38,6,FALSE) -> 50.517517 | I20: =C20-F20 -> 0.61357602 | J20: =D20-G20 -> 2.114181 | K20: =E20-H20 -> 0.89409061
B21: =B20+1 -> 2037 | C21: =VLOOKUP($B21,'[1]Table 1'!$B$13:$G$38,6,FALSE) -> 69.795172 | D21: =VLOOKUP($B21,'[2]Table 1'!$B$13:$G$38,6,FALSE) -> 46.230983 | E21: =VLOOKUP($B21,'Table 1'!$B$13:$G$38,6,FALSE) -> 53.860389 | F21: =VLOOKUP($B21,'[3]Table 1'!$B$13:$G$38,6,FALSE) -> 69.092561 | G21: =VLOOKUP($B21,'[4]Table 1'!$B$13:$G$38,6,FALSE) -> 43.789019 | H21: =VLOOKUP($B21,'[5]Table 1'!$B$13:$G$38,6,FALSE) -> 52.075936 | I21: =C21-F21 -> 0.70261052 | J21: =D21-G21 -> 2.4419637 | K21: =E21-H21 -> 1.7844526
B22: =B21+1 -> 2038 | C22: =VLOOKUP($B22,'[1]Table 1'!$B$13:$G$38,6,FALSE) -> 71.242247 | D22: =VLOOKUP($B22,'[2]Table 1'!$B$13:$G$38,6,FALSE) -> 46.92552 | E22: =VLOOKUP($B22,'Table 1'!$B$13:$G$38,6,FALSE) -> 54.365127 | F22: =VLOOKUP($B22,'[3]Table 1'!$B$13:$G$38,6,FALSE) -> 70.457433 | G22: =VLOOKUP($B22,'[4]Table 1'!$B$13:$G$38,6,FALSE) -> 43.813059 | H22: =VLOOKUP($B22,'[5]Table 1'!$B$13:$G$38,6,FALSE) -> 53.573505 | I22: =C22-F22 -> 0.78481434 | J22: =D22-G22 -> 3.1124607 | K22: =E22-H22 -> 0.79162198
... B26: =B25+1 -> 2042 | C26: =VLOOKUP($B26,'[1]Table 1'!$B$13:$G$38,6,FALSE) -> 79.725738 | D26: =VLOOKUP($B26,'[2]Table 1'!$B$13:$G$38,6,FALSE) -> 52.468035 | E26: =VLOOKUP($B26,'Table 1'!$B$13:$G$38,6,FALSE) -> 62.525543 | F26: =VLOOKUP($B26,'[3]Table 1'!$B$13:$G$38,6,FALSE) -> 78.979237 | G26: =VLOOKUP($B26,'[4]Table 1'!$B$13:$G$38,6,FALSE) -> 50.131385 | H26: =VLOOKUP($B26,'[5]Table 1'!$B$13:$G$38,6,FALSE) -> 61.262378 | I26: =C26-F26 -> 0.74650069 | J26: =D26-G26 -> 2.33665 | K26: =E26-H26 -> 1.2631653
B28: 15-Year Levelized Prices (Nominal) @ 6.33% Discount Rate (1) (3)
A30: 2027-2041 | B30: $/MWh | C30: =ROUND(PMT(Discount_Rate,COUNT(C11:C25),-NPV(Discount_Rate,C11:C25)),2) -> 54.69 | D30: =ROUND(PMT(Discount_Rate,COUNT(D11:D25),-NPV(Discount_Rate,D11:D25)),2) -> 36.02 | E30: =ROUND(PMT(Discount_Rate,COUNT(E11:E25),-NPV(Discount_Rate,E11:E25)),2) -> 42.91 | F30: =ROUND(PMT(Discount_Rate,COUNT(F11:F25),-NPV(Discount_Rate,F11:F25)),2) -> 54.81 | G30: =ROUND(PMT(Discount_Rate,COUNT(G11:G25),-NPV(Discount_Rate,G11:G25)),2) -> 33.85 | H30: =ROUND(PMT(Discount_Rate,COUNT(H11:H25),-NPV(Discount_Rate,H11:H25)),2) -> 41.96 | I30: =ROUND(PMT(Discount_Rate,COUNT(I11:I25),-NPV(Discount_Rate,I11:I25)),2) -> -0.13 | J30: =ROUND(PMT(Discount_Rate,COUNT(J11:J25),-NPV(Discount_Rate,J11:J25)),2) -> 2.17 | K30: =ROUND(PMT(Discount_Rate,COUNT(K11:K25),-NPV(Discount_Rate,K11:K25)),2) -> 0.95
I31: =I30/F30 -> -0.00237183 | J31: =J30/G30 -> 0.064106352 | K31: =K30/H30 -> 0.02264061
B36: Footnotes:
B37: (1) Discount Rate - 2025 IRP Update
B38: ="(2) Total Avoided Costs with Capacity, based on stated CF" -> (2) Total Avoided Costs with Capacity, based on stated CF
B39: ="(3) 15-Years: "&B10&" - "&B24&", levelized Annually" -> (3) 15-Years: 2026 - 2040, levelized Annually

Sheet Table 1
B1: Appendix B
B3: Table 1 | K3: =MATCH('Table 5'!K5,'Table 5'!$B$12:$B$264,FALSE)+ROW('Table 5'!B11) -> 13
B4: Avoided Cost Prices | K4: 348 | P4: Capacity Contribution
B5: ='Table 5'!M4& " - "&TEXT(Study_MW,"#.0")&" MW and "&TEXT(Study_CF,"#.0%")&" CF" -> QF - Sch38 - UT - Wind - 80.0 MW and 30.4% CF | P5: 0.72755656 | Q5: =1-'GCC.PX.UTS.2035'!D113 -> 0.975 | R5: =1-'GCC.PX.UTS.2036'!D113 -> 0.975 | S5: =1-'GCC.PX.UTS.2038'!D113 -> 0.975 | FE5: Transmission Deferral (MW)
N7: lookup | P7: =CH7 -> BAT.PX.BDG._.ITC.Li_ion_4hr | Q7: =CI7 -> GCC.PX.UTS._.DF_.H_2x1 | R7: =CJ7 -> GCC.PX.UTS._.DF_.H_2x1 | S7: =CK7 -> GCC.PX.UTS._.DF_.H_2x1 | AX7: =CH7 -> BAT.PX.BDG._.ITC.Li_ion_4hr | AY7: =CI7 -> GCC.PX.UTS._.DF_.H_2x1 | AZ7: =CJ7 -> GCC.PX.UTS._.DF_.H_2x1 | BA7: =CK7 -> GCC.PX.UTS._.DF_.H_2x1 | CG7: mapping to CC_LOLP | CH7: BAT.PX.BDG._.ITC.Li_ion_4hr | CI7: GCC.PX.UTS._.DF_.H_2x1 | CJ7: GCC.PX.UTS._.DF_.H_2x1 | CK7: GCC.PX.UTS._.DF_.H_2x1
G8: Total Price @ | P8: =AX8 -> BAT.PX.BDG._.ITC.Li_ion_4hr | Q8: =AY8 -> GCC.PX.UTS._.DF_.H_2x1 | R8: =AZ8 -> GCC.PX.UTS._.DF_.H_2x1 | S8: =BA8 -> GCC.PX.UTS._.DF_.H_2x1 | AX8: =CH8 -> BAT.PX.BDG._.ITC.Li_ion_4hr | AY8: =CI8 -> GCC.PX.UTS._.DF_.H_2x1 | AZ8: =CJ8 -> GCC.PX.UTS._.DF_.H_2x1 | BA8: =CK8 -> GCC.PX.UTS._.DF_.H_2x1 | CG8: Resource Cost ($/kw-year) | CH8: =CH7 -> BAT.PX.BDG._.ITC.Li_ion_4hr | CI8: =CI7 -> GCC.PX.UTS._.DF_.H_2x1 | CJ8: =CJ7 -> GCC.PX.UTS._.DF_.H_2x1 | CK8: =CK7 -> GCC.PX.UTS._.DF_.H_2x1 | DR8: Deferred Cost (Millions $/year) | FD8: Resource Cost ($/kw-year) | FE8: Deferred Cost (Millions $/year)
C9: Capacity | E9: Energy | G9: =Study_CF -> 0.3041 | P9: =AX9 -> BAT.PX.BDG._.ITC.Li_ion_4hr | Q9: =AY9 -> GCC.PX.UTS._.DF_.H_2x1 | R9: =AZ9 -> GCC.PX.UTS._.DF_.H_2x1 | S9: =BA9 -> GCC.PX.UTS._.DF_.H_2x1 | AX9: =CH9 -> BAT.PX.BDG._.ITC.Li_ion_4hr | AY9: =CI9 -> GCC.PX.UTS._.DF_.H_2x1 | AZ9: =CJ9 -> GCC.PX.UTS._.DF_.H_2x1 | BA9: =CK9 -> GCC.PX.UTS._.DF_.H_2x1 | BB9: =CL9 -> 0 | BC9: =CM9 -> 0 | BD9: =CN9 -> 0 | BE9: =CO9 -> 0 | ... BG9: =CQ9 -> 0 | CH9: =CH8 -> BAT.PX.BDG._.ITC.Li_ion_4hr | CI9: =CI8 -> GCC.PX.UTS._.DF_.H_2x1 | CJ9: =CJ8 -> GCC.PX.UTS._.DF_.H_2x1 | CK9: =CK8 -> GCC.PX.UTS._.DF_.H_2x1 | CL9: =CL8 -> 0 | CM9: =CM8 -> 0 | DR9: =CH9 -> BAT.PX.BDG._.ITC.Li_ion_4hr | DS9: =CI9 -> GCC.PX.UTS._.DF_.H_2x1 | DT9: =CJ9 -> GCC.PX.UTS._.DF_.H_2x1 | DU9: =CK9 -> GCC.PX.UTS._.DF_.H_2x1 | DV9: =CL9 -> 0 | DW9: =CM9 -> 0 | DX9: =CN9 -> 0 | DY9: =CO9 -> 0 | ... ET9: =DJ9 -> 0 | FA9: Total Capacity Deferral | FD9: Cluster 2/3 - Willamette Valley - Fry-Full Circle 230 kV | FE9: =FD9 -> Cluster 2/3 - Willamette Valley - Fry-Full Circle 230 kV
B10: Year | C10: ="Price"&IF(I8<>1," ","") -> Price | E10: Only Price | G10: Capacity Factor
C11: $/kW-yr | E11: $/MWh (2) | G11: $/MWh | P11: MW | Q11: MW | R11: MW | S11: MW | AX11: MW | AY11: MW | AZ11: MW | BA11: MW | CH11: $/kw-year | CI11: $/kw-year | CJ11: $/kw-year | CK11: $/kw-year | CL11: $/kw-year | CM11: $/kw-year | CN11: $/kw-year | CO11: $/kw-year | CP11: $/kw-year | CQ11: $/kw-year | DR11: Millions $/year | DS11: Millions $/year | DT11: Millions $/year | DU11: Millions $/year | DV11: Millions $/year | DW11: Millions $/year | DX11: Millions $/year | DY11: Millions $/year | DZ11: Millions $/year | EA11: Millions $/year | EB11: Millions $/year | EC11: Millions $/year | ED11: Millions $/year | EE11: Millions $/year | EF11: Millions $/year | EG11: Millions $/year | EH11: Millions $/year | EI11: Millions $/year | EJ11: Millions $/year | EK11: Millions $/year | EL11: Millions $/year | EM11: Millions $/year | EN11: Millions $/year | EO11: Millions $/year | EP11: Millions $/year | EQ11: Millions $/year | ER11: Millions $/year | ES11: Millions $/year | ET11: Millions $/year | FA11: Millions $/year | FD11: $/kw-year | FE11: Millions $/year
B13: ='Table 5'!J13 -> 2026 | C13: =(INDEX($FA:$FA,MATCH(B13,$O:$O,0),1)+INDEX($FE:$FE,MATCH(B13,$O:$O,0),1))*1000/Study_MW -> 0 | E13: =SUMIF(INDIRECT("'Table 5'!$J$"&$K$3&":$J$"&$K$4),B13,INDIRECT("'Table 5'!$c$"&$K$3&":$c$"&$K$4))/SUMIF(INDIRECT("'Table 5'!$J$"&$K$3&":$J$"&$K$4),B13,INDIRECT("'Table 5'!$f$"&$K$3&":$f$"&$K$4)) -> 13.037516 | G13: =SUMIF(INDIRECT("'Table 5'!$J$"&$K$3&":$J$"&$K$4),B13,INDIRECT("'Table 5'!$e$"&$K$3&":$e$"&$K$4))/SUMIF(INDIRECT("'Table 5'!$J$"&$K$3&":$J$"&$K$4),B13,INDIRECT("'Table 5'!$f$"&$K$3&":$f$"&$K$4)) -> 13.037516 | O13: =B13 -> 2026 | P13: 0 | Q13: 0 | R13: 0 | S13: 0 | AX13: =P13/P$5 -> 0 | AY13: =Q13/Q$5 -> 0 | AZ13: =R13/R$5 -> 0 | BA13: =S13/S$5 -> 0 | CG13: =O13 -> 2026 | CH13: =INDEX(Table3Compare!$E$6:$E$37,MATCH($CG13,Table3Compare!$A$6:$A$37,0),1) -> 0 | CI13: =INDEX(Table3Compare!$B$6:$B$37,MATCH($CG13,Table3Compare!$A$6:$A$37,0),1) -> 0 | CJ13: =INDEX(Table3Compare!$C$6:$C$37,MATCH($CG13,Table3Compare!$A$6:$A$37,0),MATCH(CJ$9,Table3Compare!$B$5:$K$5,0)) -> 0 | CK13: =INDEX(Table3Compare!$D$6:$D$37,MATCH($CG13,Table3Compare!$A$6:$A$37,0),MATCH(CK$9,Table3Compare!$B$5:$K$5,0)) -> 0 | DR13: =SUM(AX$13:AX13)*CH13/1000 -> 0 | DS13: =SUM(AY$13:AY13)*CI13/1000 -> 0 | DT13: =SUM(AZ$13:AZ13)*CJ13/1000 -> 0 | DU13: =SUM(BA$13:BA13)*CK13/1000 -> 0 | ED13: =SUM(BJ$13:BJ13)*CT13/1000 -> 0 | EE13: =SUM(BK$13:BK13)*CU13/1000 -> 0 | EF13: =SUM(BL$13:BL13)*CV13/1000 -> 0 | EG13: =SUM(BM$13:BM13)*CW13/1000 -> 0 | EH13: =SUM(BN$13:BN13)*CX13/1000 -> 0 | EI13: =SUM(BO$13:BO13)*CY13/1000 -> 0 | EJ13: =SUM(BP$13:BP13)*CZ13/1000 -> 0 | EK13: =SUM(BQ$13:BQ13)*DA13/1000 -> 0 | ... ET13: =SUM(BZ$13:BZ13)*DJ13/1000 -> 0 | FA13: =SUM(DR13:EZ13) -> 0 | FC13: =O13 -> 2026 | FE13: =$FD$5*FD13/1000 -> 0
B14: =B13+1 -> 2027 | C14: =(INDEX($FA:$FA,MATCH(B14,$O:$O,0),1)+INDEX($FE:$FE,MATCH(B14,$O:$O,0),1))*1000/Study_MW -> 0 | E14: =SUMIF(INDIRECT("'Table 5'!$J$"&$K$3&":$J$"&$K$4),B14,INDIRECT("'Table 5'!$c$"&$K$3&":$c$"&$K$4))/SUMIF(INDIRECT("'Table 5'!$J$"&$K$3&":$J$"&$K$4),B14,INDIRECT("'Table 5'!$f$"&$K$3&":$f$"&$K$4)) -> 19.057262 | G14: =SUMIF(INDIRECT("'Table 5'!$J$"&$K$3&":$J$"&$K$4),B14,INDIRECT("'Table 5'!$e$"&$K$3&":$e$"&$K$4))/SUMIF(INDIRECT("'Table 5'!$J$"&$K$3&":$J$"&$K$4),B14,INDIRECT("'Table 5'!$f$"&$K$3&":$f$"&$K$4)) -> 19.057262 | O14: =B14 -> 2027 | P14: 0 | Q14: 0 | R14: 0 | S14: 0 | AX14: =P14/P$5 -> 0 | AY14: =Q14/Q$5 -> 0 | AZ14: =R14/R$5 -> 0 | BA14: =S14/S$5 -> 0 | CG14: =O14 -> 2027 | CH14: =INDEX(Table3Compare!$E$6:$E$37,MATCH($CG14,Table3Compare!$A$6:$A$37,0),1) -> 0 | CI14: =INDEX(Table3Compare!$B$6:$B$37,MATCH($CG14,Table3Compare!$A$6:$A$37,0),1) -> 0 | CJ14: =INDEX(Table3Compare!$C$6:$C$37,MATCH($CG14,Table3Compare!$A$6:$A$37,0),MATCH(CJ$9,Table3Compare!$B$5:$K$5,0)) -> 0 | CK14: =INDEX(Table3Compare!$D$6:$D$37,MATCH($CG14,Table3Compare!$A$6:$A$37,0),MATCH(CK$9,Table3Compare!$B$5:$K$5,0)) -> 0 | DR14: =SUM(AX$13:AX14)*CH14/1000 -> 0 | DS14: =SUM(AY$13:AY14)*CI14/1000 -> 0 | DT14: =SUM(AZ$13:AZ14)*CJ14/1000 -> 0 | DU14: =SUM(BA$13:BA14)*CK14/1000 -> 0 | ED14: =SUM(BJ$13:BJ14)*CT14/1000 -> 0 | EE14: =SUM(BK$13:BK14)*CU14/1000 -> 0 | EF14: =SUM(BL$13:BL14)*CV14/1000 -> 0 | EG14: =SUM(BM$13:BM14)*CW14/1000 -> 0 | EH14: =SUM(BN$13:BN14)*CX14/1000 -> 0 | EI14: =SUM(BO$13:BO14)*CY14/1000 -> 0 | EJ14: =SUM(BP$13:BP14)*CZ14/1000 -> 0 | EK14: =SUM(BQ$13:BQ14)*DA14/1000 -> 0 | ... ET14: =SUM(BZ$13:BZ14)*DJ14/1000 -> 0 | FA14: =SUM(DR14:EZ14) -> 0 | FC14: =O14 -> 2027 | FE14: =$FD$5*FD14/1000 -> 0
B15: =B14+1 -> 2028 | C15: =(INDEX($FA:$FA,MATCH(B15,$O:$O,0),1)+INDEX($FE:$FE,MATCH(B15,$O:$O,0),1))*1000/Study_MW -> 0 | E15: =SUMIF(INDIRECT("'Table 5'!$J$"&$K$3&":$J$"&$K$4),B15,INDIRECT("'Table 5'!$c$"&$K$3&":$c$"&$K$4))/SUMIF(INDIRECT("'Table 5'!$J$"&$K$3&":$J$"&$K$4),B15,INDIRECT("'Table 5'!$f$"&$K$3&":$f$"&$K$4)) -> 23.168734 | G15: =SUMIF(INDIRECT("'Table 5'!$J$"&$K$3&":$J$"&$K$4),B15,INDIRECT("'Table 5'!$e$"&$K$3&":$e$"&$K$4))/SUMIF(INDIRECT("'Table 5'!$J$"&$K$3&":$J$"&$K$4),B15,INDIRECT("'Table 5'!$f$"&$K$3&":$f$"&$K$4)) -> 23.168734 | O15: =B15 -> 2028 | P15: 0 | Q15: 0 | R15: 0 | S15: 0 | AX15: =P15/P$5 -> 0 | AY15: =Q15/Q$5 -> 0 | AZ15: =R15/R$5 -> 0 | BA15: =S15/S$5 -> 0 | CG15: =O15 -> 2028 | CH15: =INDEX(Table3Compare!$E$6:$E$37,MATCH($CG15,Table3Compare!$A$6:$A$37,0),1) -> 0 | CI15: =INDEX(Table3Compare!$B$6:$B$37,MATCH($CG15,Table3Compare!$A$6:$A$37,0),1) -> 0 | CJ15: =INDEX(Table3Compare!$C$6:$C$37,MATCH($CG15,Table3Compare!$A$6:$A$37,0),MATCH(CJ$9,Table3Compare!$B$5:$K$5,0)) -> 0 | CK15: =INDEX(Table3Compare!$D$6:$D$37,MATCH($CG15,Table3Compare!$A$6:$A$37,0),MATCH(CK$9,Table3Compare!$B$5:$K$5,0)) -> 0 | DR15: =SUM(AX$13:AX15)*CH15/1000 -> 0 | DS15: =SUM(AY$13:AY15)*CI15/1000 -> 0 | DT15: =SUM(AZ$13:AZ15)*CJ15/1000 -> 0 | DU15: =SUM(BA$13:BA15)*CK15/1000 -> 0 | ED15: =SUM(BJ$13:BJ15)*CT15/1000 -> 0 | EE15: =SUM(BK$13:BK15)*CU15/1000 -> 0 | EF15: =SUM(BL$13:BL15)*CV15/1000 -> 0 | EG15: =SUM(BM$13:BM15)*CW15/1000 -> 0 | EH15: =SUM(BN$13:BN15)*CX15/1000 -> 0 | EI15: =SUM(BO$13:BO15)*CY15/1000 -> 0 | EJ15: =SUM(BP$13:BP15)*CZ15/1000 -> 0 | EK15: =SUM(BQ$13:BQ15)*DA15/1000 -> 0 | ... ET15: =SUM(BZ$13:BZ15)*DJ15/1000 -> 0 | FA15: =SUM(DR15:EZ15) -> 0 | FC15: =O15 -> 2028 | FE15: =$FD$5*FD15/1000 -> 0
B16: =B15+1 -> 2029 | C16: =(INDEX($FA:$FA,MATCH(B16,$O:$O,0),1)+INDEX($FE:$FE,MATCH(B16,$O:$O,0),1))*1000/Study_MW -> 0 | E16: =SUMIF(INDIRECT("'Table 5'!$J$"&$K$3&":$J$"&$K$4),B16,INDIRECT("'Table 5'!$c$"&$K$3&":$c$"&$K$4))/SUMIF(INDIRECT("'Table 5'!$J$"&$K$3&":$J$"&$K$4),B16,INDIRECT("'Table 5'!$f$"&$K$3&":$f$"&$K$4)) -> 25.251297 | G16: =SUMIF(INDIRECT("'Table 5'!$J$"&$K$3&":$J$"&$K$4),B16,INDIRECT("'Table 5'!$e$"&$K$3&":$e$"&$K$4))/SUMIF(INDIRECT("'Table 5'!$J$"&$K$3&":$J$"&$K$4),B16,INDIRECT("'Table 5'!$f$"&$K$3&":$f$"&$K$4)) -> 25.251297 | O16: =B16 -> 2029 | P16: 0 | Q16: 0 | R16: 0 | S16: 0 | AX16: =P16/P$5 -> 0 | AY16: =Q16/Q$5 -> 0 | AZ16: =R16/R$5 -> 0 | BA16: =S16/S$5 -> 0 | CG16: =O16 -> 2029 | CH16: =INDEX(Table3Compare!$E$6:$E$37,MATCH($CG16,Table3Compare!$A$6:$A$37,0),1) -> 0 | CI16: =INDEX(Table3Compare!$B$6:$B$37,MATCH($CG16,Table3Compare!$A$6:$A$37,0),1) -> 0 | CJ16: =INDEX(Table3Compare!$C$6:$C$37,MATCH($CG16,Table3Compare!$A$6:$A$37,0),MATCH(CJ$9,Table3Compare!$B$5:$K$5,0)) -> 0 | CK16: =INDEX(Table3Compare!$D$6:$D$37,MATCH($CG16,Table3Compare!$A$6:$A$37,0),MATCH(CK$9,Table3Compare!$B$5:$K$5,0)) -> 0 | DR16: =SUM(AX$13:AX16)*CH16/1000 -> 0 | DS16: =SUM(AY$13:AY16)*CI16/1000 -> 0 | DT16: =SUM(AZ$13:AZ16)*CJ16/1000 -> 0 | DU16: =SUM(BA$13:BA16)*CK16/1000 -> 0 | ED16: =SUM(BJ$13:BJ16)*CT16/1000 -> 0 | EE16: =SUM(BK$13:BK16)*CU16/1000 -> 0 | EF16: =SUM(BL$13:BL16)*CV16/1000 -> 0 | EG16: =SUM(BM$13:BM16)*CW16/1000 -> 0 | EH16: =SUM(BN$13:BN16)*CX16/1000 -> 0 | EI16: =SUM(BO$13:BO16)*CY16/1000 -> 0 | EJ16: =SUM(BP$13:BP16)*CZ16/1000 -> 0 | EK16: =SUM(BQ$13:BQ16)*DA16/1000 -> 0 | ... ET16: =SUM(BZ$13:BZ16)*DJ16/1000 -> 0 | FA16: =SUM(DR16:EZ16) -> 0 | FC16: =O16 -> 2029 | FE16: =$FD$5*FD16/1000 -> 0
B17: =B16+1 -> 2030 | C17: =(INDEX($FA:$FA,MATCH(B17,$O:$O,0),1)+INDEX($FE:$FE,MATCH(B17,$O:$O,0),1))*1000/Study_MW -> 0 | E17: =SUMIF(INDIRECT("'Table 5'!$J$"&$K$3&":$J$"&$K$4),B17,INDIRECT("'Table 5'!$c$"&$K$3&":$c$"&$K$4))/SUMIF(INDIRECT("'Table 5'!$J$"&$K$3&":$J$"&$K$4),B17,INDIRECT("'Table 5'!$f$"&$K$3&":$f$"&$K$4)) -> 38.005499 | G17: =SUMIF(INDIRECT("'Table 5'!$J$"&$K$3&":$J$"&$K$4),B17,INDIRECT("'Table 5'!$e$"&$K$3&":$e$"&$K$4))/SUMIF(INDIRECT("'Table 5'!$J$"&$K$3&":$J$"&$K$4),B17,INDIRECT("'Table 5'!$f$"&$K$3&":$f$"&$K$4)) -> 38.005499 | O17: =B17 -> 2030 | P17: 0 | Q17: 0 | R17: 0 | S17: 0 | AX17: =P17/P$5 -> 0 | AY17: =Q17/Q$5 -> 0 | AZ17: =R17/R$5 -> 0 | BA17: =S17/S$5 -> 0 | CG17: =O17 -> 2030 | CH17: =INDEX(Table3Compare!$E$6:$E$37,MATCH($CG17,Table3Compare!$A$6:$A$37,0),1) -> 0 | CI17: =INDEX(Table3Compare!$B$6:$B$37,MATCH($CG17,Table3Compare!$A$6:$A$37,0),1) -> 0 | CJ17: =INDEX(Table3Compare!$C$6:$C$37,MATCH($CG17,Table3Compare!$A$6:$A$37,0),MATCH(CJ$9,Table3Compare!$B$5:$K$5,0)) -> 0 | CK17: =INDEX(Table3Compare!$D$6:$D$37,MATCH($CG17,Table3Compare!$A$6:$A$37,0),MATCH(CK$9,Table3Compare!$B$5:$K$5,0)) -> 0 | DR17: =SUM(AX$13:AX17)*CH17/1000 -> 0 | DS17: =SUM(AY$13:AY17)*CI17/1000 -> 0 | DT17: =SUM(AZ$13:AZ17)*CJ17/1000 -> 0 | DU17: =SUM(BA$13:BA17)*CK17/1000 -> 0 | ED17: =SUM(BJ$13:BJ17)*CT17/1000 -> 0 | EE17: =SUM(BK$13:BK17)*CU17/1000 -> 0 | EF17: =SUM(BL$13:BL17)*CV17/1000 -> 0 | EG17: =SUM(BM$13:BM17)*CW17/1000 -> 0 | EH17: =SUM(BN$13:BN17)*CX17/1000 -> 0 | EI17: =SUM(BO$13:BO17)*CY17/1000 -> 0 | EJ17: =SUM(BP$13:BP17)*CZ17/1000 -> 0 | EK17: =SUM(BQ$13:BQ17)*DA17/1000 -> 0 | ... ET17: =SUM(BZ$13:BZ17)*DJ17/1000 -> 0 | FA17: =SUM(DR17:EZ17) -> 0 | FC17: =O17 -> 2030 | FE17: =$FD$5*FD17/1000 -> 0
B18: =B17+1 -> 2031 | C18: =(INDEX($FA:$FA,MATCH(B18,$O:$O,0),1)+INDEX($FE:$FE,MATCH(B18,$O:$O,0),1))*1000/Study_MW -> 0 | E18: =SUMIF(INDIRECT("'Table 5'!$J$"&$K$3&":$J$"&$K$4),B18,INDIRECT("'Table 5'!$c$"&$K$3&":$c$"&$K$4))/SUMIF(INDIRECT("'Table 5'!$J$"&$K$3&":$J$"&$K$4),B18,INDIRECT("'Table 5'!$f$"&$K$3&":$f$"&$K$4)) -> 49.872836 | G18: =SUMIF(INDIRECT("'Table 5'!$J$"&$K$3&":$J$"&$K$4),B18,INDIRECT("'Table 5'!$e$"&$K$3&":$e$"&$K$4))/SUMIF(INDIRECT("'Table 5'!$J$"&$K$3&":$J$"&$K$4),B18,INDIRECT("'Table 5'!$f$"&$K$3&":$f$"&$K$4)) -> 49.872836 | O18: =B18 -> 2031 | P18: 0 | Q18: 0 | R18: 0 | S18: 0 | AX18: =P18/P$5 -> 0 | AY18: =Q18/Q$5 -> 0 | AZ18: =R18/R$5 -> 0 | BA18: =S18/S$5 -> 0 | CG18: =O18 -> 2031 | CH18: =INDEX(Table3Compare!$E$6:$E$37,MATCH($CG18,Table3Compare!$A$6:$A$37,0),1) -> 123.16686 | CI18: =INDEX(Table3Compare!$B$6:$B$37,MATCH($CG18,Table3Compare!$A$6:$A$37,0),1) -> 0 | CJ18: =INDEX(Table3Compare!$C$6:$C$37,MATCH($CG18,Table3Compare!$A$6:$A$37,0),MATCH(CJ$9,Table3Compare!$B$5:$K$5,0)) -> 0 | CK18: =INDEX(Table3Compare!$D$6:$D$37,MATCH($CG18,Table3Compare!$A$6:$A$37,0),MATCH(CK$9,Table3Compare!$B$5:$K$5,0)) -> 0 | DR18: =SUM(AX$13:AX18)*CH18/1000 -> 0 | DS18: =SUM(AY$13:AY18)*CI18/1000 -> 0 | DT18: =SUM(AZ$13:AZ18)*CJ18/1000 -> 0 | DU18: =SUM(BA$13:BA18)*CK18/1000 -> 0 | ED18: =SUM(BJ$13:BJ18)*CT18/1000 -> 0 | EE18: =SUM(BK$13:BK18)*CU18/1000 -> 0 | EF18: =SUM(BL$13:BL18)*CV18/1000 -> 0 | EG18: =SUM(BM$13:BM18)*CW18/1000 -> 0 | EH18: =SUM(BN$13:BN18)*CX18/1000 -> 0 | EI18: =SUM(BO$13:BO18)*CY18/1000 -> 0 | EJ18: =SUM(BP$13:BP18)*CZ18/1000 -> 0 | EK18: =SUM(BQ$13:BQ18)*DA18/1000 -> 0 | ... ET18: =SUM(BZ$13:BZ18)*DJ18/1000 -> 0 | FA18: =SUM(DR18:EZ18) -> 0 | FC18: =O18 -> 2031 | FE18: =$FD$5*FD18/1000 -> 0
B19: =B18+1 -> 2032 | C19: =(INDEX($FA:$FA,MATCH(B19,$O:$O,0),1)+INDEX($FE:$FE,MATCH(B19,$O:$O,0),1))*1000/Study_MW -> 0 | E19: =SUMIF(INDIRECT("'Table 5'!$J$"&$K$3&":$J$"&$K$4),B19,INDIRECT("'Table 5'!$c$"&$K$3&":$c$"&$K$4))/SUMIF(INDIRECT("'Table 5'!$J$"&$K$3&":$J$"&$K$4),B19,INDIRECT("'Table 5'!$f$"&$K$3&":$f$"&$K$4)) -> 50.539774 | G19: =SUMIF(INDIRECT("'Table 5'!$J$"&$K$3&":$J$"&$K$4),B19,INDIRECT("'Table 5'!$e$"&$K$3&":$e$"&$K$4))/SUMIF(INDIRECT("'Table 5'!$J$"&$K$3&":$J$"&$K$4),B19,INDIRECT("'Table 5'!$f$"&$K$3&":$f$"&$K$4)) -> 50.539774 | O19: =B19 -> 2032 | P19: 0 | Q19: 0 | R19: 0 | S19: 0 | AX19: =P19/P$5 -> 0 | AY19: =Q19/Q$5 -> 0 | AZ19: =R19/R$5 -> 0 | BA19: =S19/S$5 -> 0 | CG19: =O19 -> 2032 | CH19: =INDEX(Table3Compare!$E$6:$E$37,MATCH($CG19,Table3Compare!$A$6:$A$37,0),1) -> 125.90116 | CI19: =INDEX(Table3Compare!$B$6:$B$37,MATCH($CG19,Table3Compare!$A$6:$A$37,0),1) -> 0 | CJ19: =INDEX(Table3Compare!$C$6:$C$37,MATCH($CG19,Table3Compare!$A$6:$A$37,0),MATCH(CJ$9,Table3Compare!$B$5:$K$5,0)) -> 0 | CK19: =INDEX(Table3Compare!$D$6:$D$37,MATCH($CG19,Table3Compare!$A$6:$A$37,0),MATCH(CK$9,Table3Compare!$B$5:$K$5,0)) -> 0 | DR19: =SUM(AX$13:AX19)*CH19/1000 -> 0 | DS19: =SUM(AY$13:AY19)*CI19/1000 -> 0 | DT19: =SUM(AZ$13:AZ19)*CJ19/1000 -> 0 | DU19: =SUM(BA$13:BA19)*CK19/1000 -> 0 | ED19: =SUM(BJ$13:BJ19)*CT19/1000 -> 0 | EE19: =SUM(BK$13:BK19)*CU19/1000 -> 0 | EF19: =SUM(BL$13:BL19)*CV19/1000 -> 0 | EG19: =SUM(BM$13:BM19)*CW19/1000 -> 0 | EH19: =SUM(BN$13:BN19)*CX19/1000 -> 0 | EI19: =SUM(BO$13:BO19)*CY19/1000 -> 0 | EJ19: =SUM(BP$13:BP19)*CZ19/1000 -> 0 | EK19: =SUM(BQ$13:BQ19)*DA19/1000 -> 0 | ... ET19: =SUM(BZ$13:BZ19)*DJ19/1000 -> 0 | FA19: =SUM(DR19:EZ19) -> 0 | FC19: =O19 -> 2032 | FE19: =$FD$5*FD19/1000 -> 0
B20: =B19+1 -> 2033 | C20: =(INDEX($FA:$FA,MATCH(B20,$O:$O,0),1)+INDEX($FE:$FE,MATCH(B20,$O:$O,0),1))*1000/Study_MW -> 0 | E20: =SUMIF(INDIRECT("'Table 5'!$J$"&$K$3&":$J$"&$K$4),B20,INDIRECT("'Table 5'!$c$"&$K$3&":$c$"&$K$4))/SUMIF(INDIRECT("'Table 5'!$J$"&$K$3&":$J$"&$K$4),B20,INDIRECT("'Table 5'!$f$"&$K$3&":$f$"&$K$4)) -> 48.992485 | G20: =SUMIF(INDIRECT("'Table 5'!$J$"&$K$3&":$J$"&$K$4),B20,INDIRECT("'Table 5'!$e$"&$K$3&":$e$"&$K$4))/SUMIF(INDIRECT("'Table 5'!$J$"&$K$3&":$J$"&$K$4),B20,INDIRECT("'Table 5'!$f$"&$K$3&":$f$"&$K$4)) -> 48.992485 | O20: =B20 -> 2033 | P20: 0 | Q20: 0 | R20: 0 | S20: 0 | AX20: =P20/P$5 -> 0 | AY20: =Q20/Q$5 -> 0 | AZ20: =R20/R$5 -> 0 | BA20: =S20/S$5 -> 0 | CG20: =O20 -> 2033 | CH20: =INDEX(Table3Compare!$E$6:$E$37,MATCH($CG20,Table3Compare!$A$6:$A$37,0),1) -> 128.69617 | CI20: =INDEX(Table3Compare!$B$6:$B$37,MATCH($CG20,Table3Compare!$A$6:$A$37,0),1) -> 0 | CJ20: =INDEX(Table3Compare!$C$6:$C$37,MATCH($CG20,Table3Compare!$A$6:$A$37,0),MATCH(CJ$9,Table3Compare!$B$5:$K$5,0)) -> 0 | CK20: =INDEX(Table3Compare!$D$6:$D$37,MATCH($CG20,Table3Compare!$A$6:$A$37,0),MATCH(CK$9,Table3Compare!$B$5:$K$5,0)) -> 0 | DR20: =SUM(AX$13:AX20)*CH20/1000 -> 0 | DS20: =SUM(AY$13:AY20)*CI20/1000 -> 0 | DT20: =SUM(AZ$13:AZ20)*CJ20/1000 -> 0 | DU20: =SUM(BA$13:BA20)*CK20/1000 -> 0 | ED20: =SUM(BJ$13:BJ20)*CT20/1000 -> 0 | EE20: =SUM(BK$13:BK20)*CU20/1000 -> 0 | EF20: =SUM(BL$13:BL20)*CV20/1000 -> 0 | EG20: =SUM(BM$13:BM20)*CW20/1000 -> 0 | EH20: =SUM(BN$13:BN20)*CX20/1000 -> 0 | EI20: =SUM(BO$13:BO20)*CY20/1000 -> 0 | EJ20: =SUM(BP$13:BP20)*CZ20/1000 -> 0 | EK20: =SUM(BQ$13:BQ20)*DA20/1000 -> 0 | ... ET20: =SUM(BZ$13:BZ20)*DJ20/1000 -> 0 | FA20: =SUM(DR20:EZ20) -> 0 | FC20: =O20 -> 2033 | FE20: =$FD$5*FD20/1000 -> 0
B21: =B20+1 -> 2034 | C21: =(INDEX($FA:$FA,MATCH(B21,$O:$O,0),1)+INDEX($FE:$FE,MATCH(B21,$O:$O,0),1))*1000/Study_MW -> 0 | E21: =SUMIF(INDIRECT("'Table 5'!$J$"&$K$3&":$J$"&$K$4),B21,INDIRECT("'Table 5'!$c$"&$K$3&":$c$"&$K$4))/SUMIF(INDIRECT("'Table 5'!$J$"&$K$3&":$J$"&$K$4),B21,INDIRECT("'Table 5'!$f$"&$K$3&":$f$"&$K$4)) -> 50.225192 | G21: =SUMIF(INDIRECT("'Table 5'!$J$"&$K$3&":$J$"&$K$4),B21,INDIRECT("'Table 5'!$e$"&$K$3&":$e$"&$K$4))/SUMIF(INDIRECT("'Table 5'!$J$"&$K$3&":$J$"&$K$4),B21,INDIRECT("'Table 5'!$f$"&$K$3&":$f$"&$K$4)) -> 50.225192 | O21: =B21 -> 2034 | P21: 0 | Q21: 0 | R21: 0 | S21: 0 | AX21: =P21/P$5 -> 0 | AY21: =Q21/Q$5 -> 0 | AZ21: =R21/R$5 -> 0 | BA21: =S21/S$5 -> 0 | CG21: =O21 -> 2034 | CH21: =INDEX(Table3Compare!$E$6:$E$37,MATCH($CG21,Table3Compare!$A$6:$A$37,0),1) -> 131.55322 | CI21: =INDEX(Table3Compare!$B$6:$B$37,MATCH($CG21,Table3Compare!$A$6:$A$37,0),1) -> 0 | CJ21: =INDEX(Table3Compare!$C$6:$C$37,MATCH($CG21,Table3Compare!$A$6:$A$37,0),MATCH(CJ$9,Table3Compare!$B$5:$K$5,0)) -> 0 | CK21: =INDEX(Table3Compare!$D$6:$D$37,MATCH($CG21,Table3Compare!$A$6:$A$37,0),MATCH(CK$9,Table3Compare!$B$5:$K$5,0)) -> 0 | DR21: =SUM(AX$13:AX21)*CH21/1000 -> 0 | DS21: =SUM(AY$13:AY21)*CI21/1000 -> 0 | DT21: =SUM(AZ$13:AZ21)*CJ21/1000 -> 0 | DU21: =SUM(BA$13:BA21)*CK21/1000 -> 0 | ED21: =SUM(BJ$13:BJ21)*CT21/1000 -> 0 | EE21: =SUM(BK$13:BK21)*CU21/1000 -> 0 | EF21: =SUM(BL$13:BL21)*CV21/1000 -> 0 | EG21: =SUM(BM$13:BM21)*CW21/1000 -> 0 | EH21: =SUM(BN$13:BN21)*CX21/1000 -> 0 | EI21: =SUM(BO$13:BO21)*CY21/1000 -> 0 | EJ21: =SUM(BP$13:BP21)*CZ21/1000 -> 0 | EK21: =SUM(BQ$13:BQ21)*DA21/1000 -> 0 | ... ET21: =SUM(BZ$13:BZ21)*DJ21/1000 -> 0 | FA21: =SUM(DR21:EZ21) -> 0 | FC21: =O21 -> 2034 | FE21: =$FD$5*FD21/1000 -> 0
B22: =B21+1 -> 2035 | C22: =(INDEX($FA:$FA,MATCH(B22,$O:$O,0),1)+INDEX($FE:$FE,MATCH(B22,$O:$O,0),1))*1000/Study_MW -> 0 | E22: =SUMIF(INDIRECT("'Table 5'!$J$"&$K$3&":$J$"&$K$4),B22,INDIRECT("'Table 5'!$c$"&$K$3&":$c$"&$K$4))/SUMIF(INDIRECT("'Table 5'!$J$"&$K$3&":$J$"&$K$4),B22,INDIRECT("'Table 5'!$f$"&$K$3&":$f$"&$K$4)) -> 51.800649 | G22: =SUMIF(INDIRECT("'Table 5'!$J$"&$K$3&":$J$"&$K$4),B22,INDIRECT("'Table 5'!$e$"&$K$3&":$e$"&$K$4))/SUMIF(INDIRECT("'Table 5'!$J$"&$K$3&":$J$"&$K$4),B22,INDIRECT("'Table 5'!$f$"&$K$3&":$f$"&$K$4)) -> 51.800649 | O22: =B22 -> 2035 | P22: 0 | Q22: 0 | R22: 0 | S22: 0 | AX22: =P22/P$5 -> 0 | AY22: =Q22/Q$5 -> 0 | AZ22: =R22/R$5 -> 0 | BA22: =S22/S$5 -> 0 | CG22: =O22 -> 2035 | CH22: =INDEX(Table3Compare!$E$6:$E$37,MATCH($CG22,Table3Compare!$A$6:$A$37,0),1) -> 134.4737 | CI22: =INDEX(Table3Compare!$B$6:$B$37,MATCH($CG22,Table3Compare!$A$6:$A$37,0),1) -> 199.88 | CJ22: =INDEX(Table3Compare!$C$6:$C$37,MATCH($CG22,Table3Compare!$A$6:$A$37,0),MATCH(CJ$9,Table3Compare!$B$5:$K$5,0)) -> 0 | CK22: =INDEX(Table3Compare!$D$6:$D$37,MATCH($CG22,Table3Compare!$A$6:$A$37,0),MATCH(CK$9,Table3Compare!$B$5:$K$5,0)) -> 0 | DR22: =SUM(AX$13:AX22)*CH22/1000 -> 0 | DS22: =SUM(AY$13:AY22)*CI22/1000 -> 0 | DT22: =SUM(AZ$13:AZ22)*CJ22/1000 -> 0 | DU22: =SUM(BA$13:BA22)*CK22/1000 -> 0 | ED22: =SUM(BJ$13:BJ22)*CT22/1000 -> 0 | EE22: =SUM(BK$13:BK22)*CU22/1000 -> 0 | EF22: =SUM(BL$13:BL22)*CV22/1000 -> 0 | EG22: =SUM(BM$13:BM22)*CW22/1000 -> 0 | EH22: =SUM(BN$13:BN22)*CX22/1000 -> 0 | EI22: =SUM(BO$13:BO22)*CY22/1000 -> 0 | EJ22: =SUM(BP$13:BP22)*CZ22/1000 -> 0 | EK22: =SUM(BQ$13:BQ22)*DA22/1000 -> 0 | ... ET22: =SUM(BZ$13:BZ22)*DJ22/1000 -> 0 | FA22: =SUM(DR22:EZ22) -> 0 | FC22: =O22 -> 2035 | FE22: =$FD$5*FD22/1000 -> 0
B23: =B22+1 -> 2036 | C23: =(INDEX($FA:$FA,MATCH(B23,$O:$O,0),1)+INDEX($FE:$FE,MATCH(B23,$O:$O,0),1))*1000/Study_MW -> 40.833333 | E23: =SUMIF(INDIRECT("'Table 5'!$J$"&$K$3&":$J$"&$K$4),B23,INDIRECT("'Table 5'!$c$"&$K$3&":$c$"&$K$4))/SUMIF(INDIRECT("'Table 5'!$J$"&$K$3&":$J$"&$K$4),B23,INDIRECT("'Table 5'!$f$"&$K$3&":$f$"&$K$4)) -> 36.078237 | G23: =SUMIF(INDIRECT("'Table 5'!$J$"&$K$3&":$J$"&$K$4),B23,INDIRECT("'Table 5'!$e$"&$K$3&":$e$"&$K$4))/SUMIF(INDIRECT("'Table 5'!$J$"&$K$3&":$J$"&$K$4),B23,INDIRECT("'Table 5'!$f$"&$K$3&":$f$"&$K$4)) -> 51.411607 | O23: =B23 -> 2036 | P23: 0 | Q23: 0 | R23: 14.56 | S23: 0 | AX23: =P23/P$5 -> 0 | AY23: =Q23/Q$5 -> 0 | AZ23: =R23/R$5 -> 14.933333 | BA23: =S23/S$5 -> 0 | CG23: =O23 -> 2036 | CH23: =INDEX(Table3Compare!$E$6:$E$37,MATCH($CG23,Table3Compare!$A$6:$A$37,0),1) -> 137.45902 | CI23: =INDEX(Table3Compare!$B$6:$B$37,MATCH($CG23,Table3Compare!$A$6:$A$37,0),1) -> 204.31 | CJ23: =INDEX(Table3Compare!$C$6:$C$37,MATCH($CG23,Table3Compare!$A$6:$A$37,0),MATCH(CJ$9,Table3Compare!$B$5:$K$5,0)) -> 218.75 | CK23: =INDEX(Table3Compare!$D$6:$D$37,MATCH($CG23,Table3Compare!$A$6:$A$37,0),MATCH(CK$9,Table3Compare!$B$5:$K$5,0)) -> 0 | DR23: =SUM(AX$13:AX23)*CH23/1000 -> 0 | DS23: =SUM(AY$13:AY23)*CI23/1000 -> 0 | DT23: =SUM(AZ$13:AZ23)*CJ23/1000 -> 3.2666667 | DU23: =SUM(BA$13:BA23)*CK23/1000 -> 0 | ED23: =SUM(BJ$13:BJ23)*CT23/1000 -> 0 | EE23: =SUM(BK$13:BK23)*CU23/1000 -> 0 | EF23: =SUM(BL$13:BL23)*CV23/1000 -> 0 | EG23: =SUM(BM$13:BM23)*CW23/1000 -> 0 | EH23: =SUM(BN$13:BN23)*CX23/1000 -> 0 | EI23: =SUM(BO$13:BO23)*CY23/1000 -> 0 | EJ23: =SUM(BP$13:BP23)*CZ23/1000 -> 0 | EK23: =SUM(BQ$13:BQ23)*DA23/1000 -> 0 | ... ET23: =SUM(BZ$13:BZ23)*DJ23/1000 -> 0 | FA23: =SUM(DR23:EZ23) -> 3.2666667 | FC23: =O23 -> 2036 | FE23: =$FD$5*FD23/1000 -> 0
B24: =B23+1 -> 2037 | C24: =(INDEX($FA:$FA,MATCH(B24,$O:$O,0),1)+INDEX($FE:$FE,MATCH(B24,$O:$O,0),1))*1000/Study_MW -> 41.738667 | E24: =SUMIF(INDIRECT("'Table 5'!$J$"&$K$3&":$J$"&$K$4),B24,INDIRECT("'Table 5'!$c$"&$K$3&":$c$"&$K$4))/SUMIF(INDIRECT("'Table 5'!$J$"&$K$3&":$J$"&$K$4),B24,INDIRECT("'Table 5'!$f$"&$K$3&":$f$"&$K$4)) -> 38.188836 | G24: =SUMIF(INDIRECT("'Table 5'!$J$"&$K$3&":$J$"&$K$4),B24,INDIRECT("'Table 5'!$e$"&$K$3&":$e$"&$K$4))/SUMIF(INDIRECT("'Table 5'!$J$"&$K$3&":$J$"&$K$4),B24,INDIRECT("'Table 5'!$f$"&$K$3&":$f$"&$K$4)) -> 53.860389 | O24: =B24 -> 2037 | P24: 0 | Q24: 0 | R24: 0 | S24: 0 | AX24: =P24/P$5 -> 0 | AY24: =Q24/Q$5 -> 0 | AZ24: =R24/R$5 -> 0 | BA24: =S24/S$5 -> 0 | CG24: =O24 -> 2037 | CH24: =INDEX(Table3Compare!$E$6:$E$37,MATCH($CG24,Table3Compare!$A$6:$A$37,0),1) -> 140.51061 | CI24: =INDEX(Table3Compare!$B$6:$B$37,MATCH($CG24,Table3Compare!$A$6:$A$37,0),1) -> 208.85 | CJ24: =INDEX(Table3Compare!$C$6:$C$37,MATCH($CG24,Table3Compare!$A$6:$A$37,0),MATCH(CJ$9,Table3Compare!$B$5:$K$5,0)) -> 223.6 | CK24: =INDEX(Table3Compare!$D$6:$D$37,MATCH($CG24,Table3Compare!$A$6:$A$37,0),MATCH(CK$9,Table3Compare!$B$5:$K$5,0)) -> 0 | DR24: =SUM(AX$13:AX24)*CH24/1000 -> 0 | DS24: =SUM(AY$13:AY24)*CI24/1000 -> 0 | DT24: =SUM(AZ$13:AZ24)*CJ24/1000 -> 3.3390933 | DU24: =SUM(BA$13:BA24)*CK24/1000 -> 0 | ED24: =SUM(BJ$13:BJ24)*CT24/1000 -> 0 | EE24: =SUM(BK$13:BK24)*CU24/1000 -> 0 | EF24: =SUM(BL$13:BL24)*CV24/1000 -> 0 | EG24: =SUM(BM$13:BM24)*CW24/1000 -> 0 | EH24: =SUM(BN$13:BN24)*CX24/1000 -> 0 | EI24: =SUM(BO$13:BO24)*CY24/1000 -> 0 | EJ24: =SUM(BP$13:BP24)*CZ24/1000 -> 0 | EK24: =SUM(BQ$13:BQ24)*DA24/1000 -> 0 | ... ET24: =SUM(BZ$13:BZ24)*DJ24/1000 -> 0 | FA24: =SUM(DR24:EZ24) -> 3.3390933 | FC24: =O24 -> 2037 | FE24: =$FD$5*FD24/1000 -> 0
B25: =B24+1 -> 2038 | C25: =(INDEX($FA:$FA,MATCH(B25,$O:$O,0),1)+INDEX($FE:$FE,MATCH(B25,$O:$O,0),1))*1000/Study_MW -> 42.6664 | E25: =SUMIF(INDIRECT("'Table 5'!$J$"&$K$3&":$J$"&$K$4),B25,INDIRECT("'Table 5'!$c$"&$K$3&":$c$"&$K$4))/SUMIF(INDIRECT("'Table 5'!$J$"&$K$3&":$J$"&$K$4),B25,INDIRECT("'Table 5'!$f$"&$K$3&":$f$"&$K$4)) -> 38.319468 | G25: =SUMIF(INDIRECT("'Table 5'!$J$"&$K$3&":$J$"&$K$4),B25,INDIRECT("'Table 5'!$e$"&$K$3&":$e$"&$K$4))/SUMIF(INDIRECT("'Table 5'!$J$"&$K$3&":$J$"&$K$4),B25,INDIRECT("'Table 5'!$f$"&$K$3&":$f$"&$K$4)) -> 54.365127 | O25: =B25 -> 2038 | P25: 0 | Q25: 0 | R25: 0 | S25: 0 | AX25: =P25/P$5 -> 0 | AY25: =Q25/Q$5 -> 0 | AZ25: =R25/R$5 -> 0 | BA25: =S25/S$5 -> 0 | CG25: =O25 -> 2038 | CH25: =INDEX(Table3Compare!$E$6:$E$37,MATCH($CG25,Table3Compare!$A$6:$A$37,0),1) -> 143.62995 | CI25: =INDEX(Table3Compare!$B$6:$B$37,MATCH($CG25,Table3Compare!$A$6:$A$37,0),1) -> 213.49 | CJ25: =INDEX(Table3Compare!$C$6:$C$37,MATCH($CG25,Table3Compare!$A$6:$A$37,0),MATCH(CJ$9,Table3Compare!$B$5:$K$5,0)) -> 228.57 | CK25: =INDEX(Table3Compare!$D$6:$D$37,MATCH($CG25,Table3Compare!$A$6:$A$37,0),MATCH(CK$9,Table3Compare!$B$5:$K$5,0)) -> 228.57 | DR25: =SUM(AX$13:AX25)*CH25/1000 -> 0 | DS25: =SUM(AY$13:AY25)*CI25/1000 -> 0 | DT25: =SUM(AZ$13:AZ25)*CJ25/1000 -> 3.413312 | DU25: =SUM(BA$13:BA25)*CK25/1000 -> 0 | ED25: =SUM(BJ$13:BJ25)*CT25/1000 -> 0 | EE25: =SUM(BK$13:BK25)*CU25/1000 -> 0 | EF25: =SUM(BL$13:BL25)*CV25/1000 -> 0 | EG25: =SUM(BM$13:BM25)*CW25/1000 -> 0 | EH25: =SUM(BN$13:BN25)*CX25/1000 -> 0 | EI25: =SUM(BO$13:BO25)*CY25/1000 -> 0 | EJ25: =SUM(BP$13:BP25)*CZ25/1000 -> 0 | EK25: =SUM(BQ$13:BQ25)*DA25/1000 -> 0 | ... ET25: =SUM(BZ$13:BZ25)*DJ25/1000 -> 0 | FA25: =SUM(DR25:EZ25) -> 3.413312 | FC25: =O25 -> 2038 | FE25: =$FD$5*FD25/1000 -> 0
... B32: =B31+1 -> 2045 | C32: =(INDEX($FA:$FA,MATCH(B32,$O:$O,0),1)+INDEX($FE:$FE,MATCH(B32,$O:$O,0),1))*1000/Study_MW -> 49.754133 | E32: =SUMIF(INDIRECT("'Table 5'!$J$"&$K$3&":$J$"&$K$4),B32,INDIRECT("'Table 5'!$c$"&$K$3&":$c$"&$K$4))/SUMIF(INDIRECT("'Table 5'!$J$"&$K$3&":$J$"&$K$4),B32,INDIRECT("'Table 5'!$f$"&$K$3&":$f$"&$K$4)) -> 51.163918 | G32: =SUMIF(INDIRECT("'Table 5'!$J$"&$K$3&":$J$"&$K$4),B32,INDIRECT("'Table 5'!$e$"&$K$3&":$e$"&$K$4))/SUMIF(INDIRECT("'Table 5'!$J$"&$K$3&":$J$"&$K$4),B32,INDIRECT("'Table 5'!$f$"&$K$3&":$f$"&$K$4)) -> 69.873167 | O32: =B32 -> 2045 | P32: 0 | Q32: 0 | R32: 0 | S32: 0 | AX32: =P32/P$5 -> 0 | AY32: =Q32/Q$5 -> 0 | AZ32: =R32/R$5 -> 0 | BA32: =S32/S$5 -> 0 | CG32: =O32 -> 2045 | CH32: =INDEX(Table3Compare!$E$6:$E$37,MATCH($CG32,Table3Compare!$A$6:$A$37,0),1) -> 167.4928 | CI32: =INDEX(Table3Compare!$B$6:$B$37,MATCH($CG32,Table3Compare!$A$6:$A$37,0),1) -> 248.95 | CJ32: =INDEX(Table3Compare!$C$6:$C$37,MATCH($CG32,Table3Compare!$A$6:$A$37,0),MATCH(CJ$9,Table3Compare!$B$5:$K$5,0)) -> 266.54 | CK32: =INDEX(Table3Compare!$D$6:$D$37,MATCH($CG32,Table3Compare!$A$6:$A$37,0),MATCH(CK$9,Table3Compare!$B$5:$K$5,0)) -> 266.55 | DR32: =SUM(AX$13:AX32)*CH32/1000 -> 0 | DS32: =SUM(AY$13:AY32)*CI32/1000 -> 0 | DT32: =SUM(AZ$13:AZ32)*CJ32/1000 -> 3.9803307 | DU32: =SUM(BA$13:BA32)*CK32/1000 -> 0 | ED32: =SUM(BJ$13:BJ32)*CT32/1000 -> 0 | EE32: =SUM(BK$13:BK32)*CU32/1000 -> 0 | EF32: =SUM(BL$13:BL32)*CV32/1000 -> 0 | EG32: =SUM(BM$13:BM32)*CW32/1000 -> 0 | EH32: =SUM(BN$13:BN32)*CX32/1000 -> 0 | EI32: =SUM(BO$13:BO32)*CY32/1000 -> 0 | EJ32: =SUM(BP$13:BP32)*CZ32/1000 -> 0 | EK32: =SUM(BQ$13:BQ32)*DA32/1000 -> 0 | ... ET32: =SUM(BZ$13:BZ32)*DJ32/1000 -> 0 | FA32: =SUM(DR32:EZ32) -> 3.9803307 | FC32: =O32 -> 2045 | FE32: =$FD$5*FD32/1000 -> 0
B33: =B32+1 -> 2046 | C33: =(INDEX($FA:$FA,MATCH(B33,$O:$O,0),1)+INDEX($FE:$FE,MATCH(B33,$O:$O,0),1))*1000/Study_MW -> 50.8592 | E33: =SUMIF(INDIRECT("'Table 5'!$J$"&$K$3&":$J$"&$K$4),B33,INDIRECT("'Table 5'!$c$"&$K$3&":$c$"&$K$4))/SUMIF(INDIRECT("'Table 5'!$J$"&$K$3&":$J$"&$K$4),B33,INDIRECT("'Table 5'!$f$"&$K$3&":$f$"&$K$4)) -> 52.299757 | G33: =SUMIF(INDIRECT("'Table 5'!$J$"&$K$3&":$J$"&$K$4),B33,INDIRECT("'Table 5'!$e$"&$K$3&":$e$"&$K$4))/SUMIF(INDIRECT("'Table 5'!$J$"&$K$3&":$J$"&$K$4),B33,INDIRECT("'Table 5'!$f$"&$K$3&":$f$"&$K$4)) -> 71.424549 | O33: =B33 -> 2046 | P33: 0 | Q33: 0 | R33: 0 | S33: 0 | AX33: =P33/P$5 -> 0 | AY33: =Q33/Q$5 -> 0 | AZ33: =R33/R$5 -> 0 | CG33: =O33 -> 2046 | CH33: =INDEX(Table3Compare!$E$6:$E$37,MATCH($CG33,Table3Compare!$A$6:$A$37,0),1) -> 171.21114 | CI33: =INDEX(Table3Compare!$B$6:$B$37,MATCH($CG33,Table3Compare!$A$6:$A$37,0),1) -> 254.48 | CJ33: =INDEX(Table3Compare!$C$6:$C$37,MATCH($CG33,Table3Compare!$A$6:$A$37,0),MATCH(CJ$9,Table3Compare!$B$5:$K$5,0)) -> 272.46 | CK33: =INDEX(Table3Compare!$D$6:$D$37,MATCH($CG33,Table3Compare!$A$6:$A$37,0),MATCH(CK$9,Table3Compare!$B$5:$K$5,0)) -> 272.46 | DR33: =SUM(AX$13:AX33)*CH33/1000 -> 0 | DS33: =SUM(AY$13:AY33)*CI33/1000 -> 0 | DT33: =SUM(AZ$13:AZ33)*CJ33/1000 -> 4.068736 | DU33: =SUM(BA$13:BA33)*CK33/1000 -> 0 | ED33: =SUM(BJ$13:BJ33)*CT33/1000 -> 0 | EE33: =SUM(BK$13:BK33)*CU33/1000 -> 0 | EF33: =SUM(BL$13:BL33)*CV33/1000 -> 0 | EG33: =SUM(BM$13:BM33)*CW33/1000 -> 0 | EH33: =SUM(BN$13:BN33)*CX33/1000 -> 0 | EI33: =SUM(BO$13:BO33)*CY33/1000 -> 0 | EJ33: =SUM(BP$13:BP33)*CZ33/1000 -> 0 | EK33: =SUM(BQ$13:BQ33)*DA33/1000 -> 0 | ... ET33: =SUM(BZ$13:BZ33)*DJ33/1000 -> 0 | FA33: =SUM(DR33:EZ33) -> 4.068736 | FC33: =O33 -> 2046 | FE33: =$FD$5*FD33/1000 -> 0
B34: =B33+1 -> 2047 | C34: =(INDEX($FA:$FA,MATCH(B34,$O:$O,0),1)+INDEX($FE:$FE,MATCH(B34,$O:$O,0),1))*1000/Study_MW -> 51.988533 | E34: =SUMIF(INDIRECT("'Table 5'!$J$"&$K$3&":$J$"&$K$4),B34,INDIRECT("'Table 5'!$c$"&$K$3&":$c$"&$K$4))/SUMIF(INDIRECT("'Table 5'!$J$"&$K$3&":$J$"&$K$4),B34,INDIRECT("'Table 5'!$f$"&$K$3&":$f$"&$K$4)) -> 53.460812 | G34: =SUMIF(INDIRECT("'Table 5'!$J$"&$K$3&":$J$"&$K$4),B34,INDIRECT("'Table 5'!$e$"&$K$3&":$e$"&$K$4))/SUMIF(INDIRECT("'Table 5'!$J$"&$K$3&":$J$"&$K$4),B34,INDIRECT("'Table 5'!$f$"&$K$3&":$f$"&$K$4)) -> 73.010271 | O34: =B34 -> 2047 | P34: 0 | Q34: 0 | R34: 0 | S34: 0 | AX34: =P34/P$5 -> 0 | AY34: =Q34/Q$5 -> 0 | AZ34: =R34/R$5 -> 0 | CG34: =O34 -> 2047 | CH34: =INDEX(Table3Compare!$E$6:$E$37,MATCH($CG34,Table3Compare!$A$6:$A$37,0),1) -> 175.01202 | CI34: =INDEX(Table3Compare!$B$6:$B$37,MATCH($CG34,Table3Compare!$A$6:$A$37,0),1) -> 260.13 | CJ34: =INDEX(Table3Compare!$C$6:$C$37,MATCH($CG34,Table3Compare!$A$6:$A$37,0),MATCH(CJ$9,Table3Compare!$B$5:$K$5,0)) -> 278.51 | CK34: =INDEX(Table3Compare!$D$6:$D$37,MATCH($CG34,Table3Compare!$A$6:$A$37,0),MATCH(CK$9,Table3Compare!$B$5:$K$5,0)) -> 278.51 | DR34: =SUM(AX$13:AX34)*CH34/1000 -> 0 | DS34: =SUM(AY$13:AY34)*CI34/1000 -> 0 | DT34: =SUM(AZ$13:AZ34)*CJ34/1000 -> 4.1590827 | DU34: =SUM(BA$13:BA34)*CK34/1000 -> 0 | ED34: =SUM(BJ$13:BJ34)*CT34/1000 -> 0 | EE34: =SUM(BK$13:BK34)*CU34/1000 -> 0 | EF34: =SUM(BL$13:BL34)*CV34/1000 -> 0 | EG34: =SUM(BM$13:BM34)*CW34/1000 -> 0 | EH34: =SUM(BN$13:BN34)*CX34/1000 -> 0 | EI34: =SUM(BO$13:BO34)*CY34/1000 -> 0 | EJ34: =SUM(BP$13:BP34)*CZ34/1000 -> 0 | EK34: =SUM(BQ$13:BQ34)*DA34/1000 -> 0 | ... ET34: =SUM(BZ$13:BZ34)*DJ34/1000 -> 0 | FA34: =SUM(DR34:EZ34) -> 4.1590827 | FC34: =O34 -> 2047
B35: =B34+1 -> 2048 | C35: =(INDEX($FA:$FA,MATCH(B35,$O:$O,0),1)+INDEX($FE:$FE,MATCH(B35,$O:$O,0),1))*1000/Study_MW -> 53.142133 | E35: =SUMIF(INDIRECT("'Table 5'!$J$"&$K$3&":$J$"&$K$4),B35,INDIRECT("'Table 5'!$c$"&$K$3&":$c$"&$K$4))/SUMIF(INDIRECT("'Table 5'!$J$"&$K$3&":$J$"&$K$4),B35,INDIRECT("'Table 5'!$f$"&$K$3&":$f$"&$K$4)) -> 54.681298 | G35: =SUMIF(INDIRECT("'Table 5'!$J$"&$K$3&":$J$"&$K$4),B35,INDIRECT("'Table 5'!$e$"&$K$3&":$e$"&$K$4))/SUMIF(INDIRECT("'Table 5'!$J$"&$K$3&":$J$"&$K$4),B35,INDIRECT("'Table 5'!$f$"&$K$3&":$f$"&$K$4)) -> 74.603746 | O35: =B35 -> 2048 | P35: 0 | Q35: 0 | R35: 0 | S35: 0 | AX35: =P35/P$5 -> 0 | AY35: =Q35/Q$5 -> 0 | AZ35: =R35/R$5 -> 0 | BA35: =S35/S$5 -> 0 | BB35: =T35/T$5 -> #DIV/0! | BC35: =U35/U$5 -> #DIV/0! | BD35: =V35/V$5 -> #DIV/0! | BE35: =W35/W$5 -> #DIV/0! | ... BG35: =Y35/Y$5 -> #DIV/0! | CG35: =O35 -> 2048 | CH35: =INDEX(Table3Compare!$E$6:$E$37,MATCH($CG35,Table3Compare!$A$6:$A$37,0),1) -> 178.89729 | CI35: =INDEX(Table3Compare!$B$6:$B$37,MATCH($CG35,Table3Compare!$A$6:$A$37,0),1) -> 265.91 | CJ35: =INDEX(Table3Compare!$C$6:$C$37,MATCH($CG35,Table3Compare!$A$6:$A$37,0),MATCH(CJ$9,Table3Compare!$B$5:$K$5,0)) -> 284.69 | CK35: =INDEX(Table3Compare!$D$6:$D$37,MATCH($CG35,Table3Compare!$A$6:$A$37,0),MATCH(CK$9,Table3Compare!$B$5:$K$5,0)) -> 284.7 | DR35: =SUM(AX$13:AX35)*CH35/1000 -> 0 | DS35: =SUM(AY$13:AY35)*CI35/1000 -> 0 | DT35: =SUM(AZ$13:AZ35)*CJ35/1000 -> 4.2513707 | DU35: =SUM(BA$13:BA35)*CK35/1000 -> 0 | ED35: =SUM(BJ$13:BJ35)*CT35/1000 -> 0 | EE35: =SUM(BK$13:BK35)*CU35/1000 -> 0 | EF35: =SUM(BL$13:BL35)*CV35/1000 -> 0 | EG35: =SUM(BM$13:BM35)*CW35/1000 -> 0 | EH35: =SUM(BN$13:BN35)*CX35/1000 -> 0 | EI35: =SUM(BO$13:BO35)*CY35/1000 -> 0 | EJ35: =SUM(BP$13:BP35)*CZ35/1000 -> 0 | EK35: =SUM(BQ$13:BQ35)*DA35/1000 -> 0 | ... ET35: =SUM(BZ$13:BZ35)*DJ35/1000 -> 0 | FA35: =SUM(DR35:EZ35) -> 4.2513707 | FC35: =O35 -> 2048
B36: =B35+1 -> 2049 | C36: =(INDEX($FA:$FA,MATCH(B36,$O:$O,0),1)+INDEX($FE:$FE,MATCH(B36,$O:$O,0),1))*1000/Study_MW -> 54.321867 | E36: =SUMIF(INDIRECT("'Table 5'!$J$"&$K$3&":$J$"&$K$4),B36,INDIRECT("'Table 5'!$c$"&$K$3&":$c$"&$K$4))/SUMIF(INDIRECT("'Table 5'!$J$"&$K$3&":$J$"&$K$4),B36,INDIRECT("'Table 5'!$f$"&$K$3&":$f$"&$K$4)) -> 55.86082 | G36: =SUMIF(INDIRECT("'Table 5'!$J$"&$K$3&":$J$"&$K$4),B36,INDIRECT("'Table 5'!$e$"&$K$3&":$e$"&$K$4))/SUMIF(INDIRECT("'Table 5'!$J$"&$K$3&":$J$"&$K$4),B36,INDIRECT("'Table 5'!$f$"&$K$3&":$f$"&$K$4)) -> 76.287691 | O36: =B36 -> 2049 | P36: 0 | Q36: 0 | R36: 0 | S36: 0 | AX36: =P36/P$5 -> 0 | AY36: =Q36/Q$5 -> 0 | AZ36: =R36/R$5 -> 0 | BA36: =S36/S$5 -> 0 | BB36: =T36/T$5 -> #DIV/0! | BC36: =U36/U$5 -> #DIV/0! | BD36: =V36/V$5 -> #DIV/0! | BE36: =W36/W$5 -> #DIV/0! | ... BG36: =Y36/Y$5 -> #DIV/0! | CG36: =O36 -> 2049 | CH36: =INDEX(Table3Compare!$E$6:$E$37,MATCH($CG36,Table3Compare!$A$6:$A$37,0),1) -> 182.86881 | CI36: =INDEX(Table3Compare!$B$6:$B$37,MATCH($CG36,Table3Compare!$A$6:$A$37,0),1) -> 271.81 | CJ36: =INDEX(Table3Compare!$C$6:$C$37,MATCH($CG36,Table3Compare!$A$6:$A$37,0),MATCH(CJ$9,Table3Compare!$B$5:$K$5,0)) -> 291.01 | CK36: =INDEX(Table3Compare!$D$6:$D$37,MATCH($CG36,Table3Compare!$A$6:$A$37,0),MATCH(CK$9,Table3Compare!$B$5:$K$5,0)) -> 291.02 | DR36: =SUM(AX$13:AX36)*CH36/1000 -> 0 | DS36: =SUM(AY$13:AY36)*CI36/1000 -> 0 | DT36: =SUM(AZ$13:AZ36)*CJ36/1000 -> 4.3457493 | DU36: =SUM(BA$13:BA36)*CK36/1000 -> 0 | ED36: =SUM(BJ$13:BJ36)*CT36/1000 -> 0 | EE36: =SUM(BK$13:BK36)*CU36/1000 -> 0 | EF36: =SUM(BL$13:BL36)*CV36/1000 -> 0 | EG36: =SUM(BM$13:BM36)*CW36/1000 -> 0 | EH36: =SUM(BN$13:BN36)*CX36/1000 -> 0 | EI36: =SUM(BO$13:BO36)*CY36/1000 -> 0 | EJ36: =SUM(BP$13:BP36)*CZ36/1000 -> 0 | EK36: =SUM(BQ$13:BQ36)*DA36/1000 -> 0 | ... ET36: =SUM(BZ$13:BZ36)*DJ36/1000 -> 0 | FA36: =SUM(DR36:EZ36) -> 4.3457493 | FC36: =O36 -> 2049
B37: =B36+1 -> 2050 | C37: =(INDEX($FA:$FA,MATCH(B37,$O:$O,0),1)+INDEX($FE:$FE,MATCH(B37,$O:$O,0),1))*1000/Study_MW -> 55.527733 | E37: =SUMIF(INDIRECT("'Table 5'!$J$"&$K$3&":$J$"&$K$4),B37,INDIRECT("'Table 5'!$c$"&$K$3&":$c$"&$K$4))/SUMIF(INDIRECT("'Table 5'!$J$"&$K$3&":$J$"&$K$4),B37,INDIRECT("'Table 5'!$f$"&$K$3&":$f$"&$K$4)) -> 57.10093 | G37: =SUMIF(INDIRECT("'Table 5'!$J$"&$K$3&":$J$"&$K$4),B37,INDIRECT("'Table 5'!$e$"&$K$3&":$e$"&$K$4))/SUMIF(INDIRECT("'Table 5'!$J$"&$K$3&":$J$"&$K$4),B37,INDIRECT("'Table 5'!$f$"&$K$3&":$f$"&$K$4)) -> 77.981249 | O37: =B37 -> 2050 | P37: 0 | Q37: 0 | R37: 0 | S37: 0 | AX37: =P37/P$5 -> 0 | AY37: =Q37/Q$5 -> 0 | AZ37: =R37/R$5 -> 0 | BA37: =S37/S$5 -> 0 | BB37: =T37/T$5 -> #DIV/0! | BC37: =U37/U$5 -> #DIV/0! | BD37: =V37/V$5 -> #DIV/0! | BE37: =W37/W$5 -> #DIV/0! | ... BG37: =Y37/Y$5 -> #DIV/0! | CG37: =O37 -> 2050 | CH37: =INDEX(Table3Compare!$E$6:$E$37,MATCH($CG37,Table3Compare!$A$6:$A$37,0),1) -> 186.9285 | CI37: =INDEX(Table3Compare!$B$6:$B$37,MATCH($CG37,Table3Compare!$A$6:$A$37,0),1) -> 277.84 | CJ37: =INDEX(Table3Compare!$C$6:$C$37,MATCH($CG37,Table3Compare!$A$6:$A$37,0),MATCH(CJ$9,Table3Compare!$B$5:$K$5,0)) -> 297.47 | CK37: =INDEX(Table3Compare!$D$6:$D$37,MATCH($CG37,Table3Compare!$A$6:$A$37,0),MATCH(CK$9,Table3Compare!$B$5:$K$5,0)) -> 297.48 | DR37: =SUM(AX$13:AX37)*CH37/1000 -> 0 | DS37: =SUM(AY$13:AY37)*CI37/1000 -> 0 | DT37: =SUM(AZ$13:AZ37)*CJ37/1000 -> 4.4422187 | DU37: =SUM(BA$13:BA37)*CK37/1000 -> 0 | ED37: =SUM(BJ$13:BJ37)*CT37/1000 -> 0 | EE37: =SUM(BK$13:BK37)*CU37/1000 -> 0 | EF37: =SUM(BL$13:BL37)*CV37/1000 -> 0 | EG37: =SUM(BM$13:BM37)*CW37/1000 -> 0 | EH37: =SUM(BN$13:BN37)*CX37/1000 -> 0 | EI37: =SUM(BO$13:BO37)*CY37/1000 -> 0 | EJ37: =SUM(BP$13:BP37)*CZ37/1000 -> 0 | EK37: =SUM(BQ$13:BQ37)*DA37/1000 -> 0 | ... ET37: =SUM(BZ$13:BZ37)*DJ37/1000 -> 0 | FA37: =SUM(DR37:EZ37) -> 4.4422187 | FC37: =O37 -> 2050
B38: =B37+1 -> 2051 | C38: =(INDEX($FA:$FA,MATCH(B38,$O:$O,0),1)+INDEX($FE:$FE,MATCH(B38,$O:$O,0),1))*1000/Study_MW -> 56.7616 | E38: =SUMIF(INDIRECT("'Table 5'!$J$"&$K$3&":$J$"&$K$4),B38,INDIRECT("'Table 5'!$c$"&$K$3&":$c$"&$K$4))/SUMIF(INDIRECT("'Table 5'!$J$"&$K$3&":$J$"&$K$4),B38,INDIRECT("'Table 5'!$f$"&$K$3&":$f$"&$K$4)) -> 58.368571 | G38: =SUMIF(INDIRECT("'Table 5'!$J$"&$K$3&":$J$"&$K$4),B38,INDIRECT("'Table 5'!$e$"&$K$3&":$e$"&$K$4))/SUMIF(INDIRECT("'Table 5'!$J$"&$K$3&":$J$"&$K$4),B38,INDIRECT("'Table 5'!$f$"&$K$3&":$f$"&$K$4)) -> 79.712865 | O38: =B38 -> 2051 | P38: 0 | Q38: 0 | R38: 0 | S38: 0 | AX38: =P38/P$5 -> 0 | AY38: =Q38/Q$5 -> 0 | AZ38: =R38/R$5 -> 0 | BA38: =S38/S$5 -> 0 | BB38: =T38/T$5 -> #DIV/0! | BC38: =U38/U$5 -> #DIV/0! | BD38: =V38/V$5 -> #DIV/0! | BE38: =W38/W$5 -> #DIV/0! | ... BG38: =Y38/Y$5 -> #DIV/0! | CG38: =O38 -> 2051 | CH38: =INDEX(Table3Compare!$E$6:$E$37,MATCH($CG38,Table3Compare!$A$6:$A$37,0),1) -> 191.07831 | CI38: =INDEX(Table3Compare!$B$6:$B$37,MATCH($CG38,Table3Compare!$A$6:$A$37,0),1) -> 284.01 | CJ38: =INDEX(Table3Compare!$C$6:$C$37,MATCH($CG38,Table3Compare!$A$6:$A$37,0),MATCH(CJ$9,Table3Compare!$B$5:$K$5,0)) -> 304.08 | CK38: =INDEX(Table3Compare!$D$6:$D$37,MATCH($CG38,Table3Compare!$A$6:$A$37,0),MATCH(CK$9,Table3Compare!$B$5:$K$5,0)) -> 304.08 | DR38: =SUM(AX$13:AX38)*CH38/1000 -> 0 | DS38: =SUM(AY$13:AY38)*CI38/1000 -> 0 | DT38: =SUM(AZ$13:AZ38)*CJ38/1000 -> 4.540928 | DU38: =SUM(BA$13:BA38)*CK38/1000 -> 0 | ED38: =SUM(BJ$13:BJ38)*CT38/1000 -> 0 | EE38: =SUM(BK$13:BK38)*CU38/1000 -> 0 | EF38: =SUM(BL$13:BL38)*CV38/1000 -> 0 | EG38: =SUM(BM$13:BM38)*CW38/1000 -> 0 | EH38: =SUM(BN$13:BN38)*CX38/1000 -> 0 | EI38: =SUM(BO$13:BO38)*CY38/1000 -> 0 | EJ38: =SUM(BP$13:BP38)*CZ38/1000 -> 0 | EK38: =SUM(BQ$13:BQ38)*DA38/1000 -> 0 | ... ET38: =SUM(BZ$13:BZ38)*DJ38/1000 -> 0 | FA38: =SUM(DR38:EZ38) -> 4.540928 | FC38: =O38 -> 2051
N47: Year of deferral | P47: 2031 | Q47: 2035 | R47: 2036 | S47: 2038
N48: if Deferred 1 | P48: 0 | Q48: 0 | R48: 1 | S48: 0
I49: Discount Rate - 2025 IRP Upate
I50: =6.33/100 -> 0.0633
I52: Inflation rate | J52: 0.0222
A54: ='Table 5'!A10 -> 15 Year Starting 2026 | I54: Real Discount Rate | J54: =(1+Discount_Rate)/(1+Inflation)-1 -> 0.040207396
B55: =" Levelized Prices (Nominal) @ "&TEXT($I$50,"0.00%")&" Discount Rate (1) (3) " -> Levelized Prices (Nominal) @ 6.33% Discount Rate (1) (3)
B56: $/kW | C56: ='Table 5'!$D$10*(Study_CF*8.76)/'Table 5'!$F$10 -> 10.110731
B57: $/MWh | E57: ='Table 5'!$C$10/'Table 5'!$F$10 -> 35.419947 | G57: ='Table 5'!$G$10 -> 39.215386
A59: ='Table 5'!A8 -> 15 Year Starting 2027
B60: =" Levelized Prices (Nominal) @ "&TEXT($I$50,"0.00%")&" Discount Rate (1) (3) " -> Levelized Prices (Nominal) @ 6.33% Discount Rate (1) (3)
B61: $/kW | C61: ='Table 5'!$D$8*(Study_CF*8.76)/'Table 5'!$F$8 -> 12.6586 | E61: ='Table 5'!$C$8/'Table 5'!$F$8 -> 38.084281
B62: $/MWh | G62: ='Table 5'!$G$8 -> 42.836157
A64: ='Table 5'!A7 -> 15 Year Starting 2028
B65: =" Levelized Prices (Nominal) @ "&TEXT($I$50,"0.00%")&" Discount Rate (1) (3) " -> Levelized Prices (Nominal) @ 6.33% Discount Rate (1) (3)
B66: $/kW | C66: ='Table 5'!$D$7*(Study_CF*8.76)/'Table 5'!$F$7 -> 15.407674
B67: $/MWh | E67: ='Table 5'!$C$7/'Table 5'!$F$7 -> 40.376325 | G67: ='Table 5'!$G$7 -> 46.160169
I85: <---- Calculated Monthly
I86: =" Avoided Costs calculated annually are "&TEXT(PMT(Discount_Rate,COUNT($G$13:$G$27),-NPV(Discount_Rate,$G$13:$G$27)),"$0.00")&"/MWH" -> Avoided Costs calculated annually are $39.29/MWH
I87: =" Avoided Costs calculated monthly are "&TEXT($G$57,"$0.00")&"/MWH" -> Avoided Costs calculated monthly are $39.22/MWH

Sheet Table 2
B1: Appendix B
B3: Table 2
B4: Avoided Energy Costs - Scheduled Hours ($/MWh)
B5: ='Table 1'!B5 -> QF - Sch38 - UT - Wind - 80.0 MW and 30.4% CF
D8: Winter Season | I8: Summer Season | M8: Winter Season
B9: Year | C9: Annual | D9: Jan | E9: Feb | F9: Mar | G9: Apr | H9: May | I9: Jun | J9: Jul | K9: Aug | L9: Sep | M9: Oct | N9: Nov | O9: Dec
B11: Energy Only
B13: 2027 | C13: 19.039449 | D13: 27.70158 | E13: 23.680235 | F13: 11.154308 | G13: 8.845584 | H13: 10.756523 | I13: 12.512696 | J13: 40.378344 | K13: 25.26708 | L13: 20.611137 | M13: 13.98347 | N13: 23.103178 | O13: 26.858813
B14: 2028 | C14: 23.116517 | D14: 31.270884 | E14: 29.692174 | F14: 13.152625 | G14: 13.127934 | H14: 13.332526 | I14: 13.864492 | J14: 49.603465 | K14: 26.987782 | L14: 25.589383 | M14: 18.493034 | N14: 27.221714 | O14: 35.213959
B15: 2029 | C15: 25.222821 | D15: 31.847383 | E15: 29.768045 | F15: 15.980462 | G15: 10.299977 | H15: 14.018439 | I15: 15.768154 | J15: 46.537036 | K15: 33.300082 | L15: 30.111491 | M15: 25.121039 | N15: 34.720038 | O15: 39.010896
B16: 2030 | C16: 37.984446 | D16: 44.838819 | E16: 41.116302 | F16: 28.187109 | G16: 25.933068 | H16: 23.713798 | I16: 32.409844 | J16: 43.981979 | K16: 49.005079 | L16: 48.206644 | M16: 39.410621 | N16: 50.255229 | O16: 48.889628
B17: 2031 | C17: 49.797964 | D17: 53.245235 | E17: 48.556239 | F17: 37.365594 | G17: 30.201896 | H17: 33.853182 | I17: 35.528883 | J17: 99.159601 | K17: 61.533186 | L17: 51.788204 | M17: 41.764453 | N17: 52.246994 | O17: 81.577407
B18: 2032 | C18: 50.401288 | D18: 53.419875 | E18: 49.862671 | F18: 35.127621 | G18: 29.796541 | H18: 35.389298 | I18: 37.442206 | J18: 108.85815 | K18: 61.511824 | L18: 52.022363 | M18: 43.990705 | N18: 54.825926 | O18: 79.943979
B19: 2033 | C19: 48.927356 | D19: 50.475763 | E19: 52.650249 | F19: 33.420778 | G19: 34.479077 | H19: 32.708539 | I19: 34.904506 | J19: 99.259202 | K19: 60.934447 | L19: 49.896144 | M19: 41.749428 | N19: 53.90636 | O19: 78.819422
B20: 2034 | C20: 50.152657 | D20: 53.549925 | E20: 54.986208 | F20: 34.68587 | G20: 30.161744 | H20: 34.624075 | I20: 38.535374 | J20: 94.356195 | K20: 61.012326 | L20: 51.458237 | M20: 43.830727 | N20: 58.701601 | O20: 83.956025
B21: 2035 | C21: 51.722786 | D21: 54.912006 | E21: 55.980518 | F21: 35.807102 | G21: 31.12589 | H21: 32.345967 | I21: 40.359549 | J21: 96.542497 | K21: 61.196939 | L21: 57.922828 | M21: 45.5275 | N21: 64.651661 | O21: 89.424466
B22: 2036 | C22: 36.048271 | D22: 46.891734 | E22: 40.124737 | F22: 26.237777 | G22: 28.425331 | H22: 25.702538 | I22: 34.740989 | J22: 33.919551 | K22: 28.123994 | L22: 40.288363 | M22: 39.431134 | N22: 49.162123 | O22: 43.745496
B23: 2037 | C23: 38.164706 | D23: 48.266316 | E23: 48.460025 | F23: 30.684374 | G23: 27.941894 | H23: 33.625227 | I23: 35.736922 | J23: 38.915704 | K23: 21.960145 | L23: 34.319279 | M23: 41.969909 | N23: 46.258069 | O23: 48.572326
B24: 2038 | C24: 38.297022 | D24: 49.777126 | E24: 45.484469 | F24: 30.587561 | G24: 29.12021 | H24: 32.407819 | I24: 36.740005 | J24: 38.457933 | K24: 22.279639 | L24: 35.223072 | M24: 44.203497 | N24: 46.792933 | O24: 48.149972
... B30: 2044 | C30: 48.557354 | D30: 60.491382 | E30: 58.959623 | F30: 37.497646 | G30: 42.943627 | H30: 38.725498 | I30: 48.987133 | J30: 48.218511 | K30: 43.386451 | L30: 42.91198 | M30: 51.005248 | N30: 59.53838 | O30: 51.405698
D38: 31 | E38: 28 | F38: 31 | G38: 30 | H38: 31 | I38: 30 | J38: 31 | K38: 31 | L38: 30 | M38: 31 | N38: 30 | O38: 31

Sheet Table 4
B1: Appendix B
B3: Table 4
B4: Burnertip Natural Gas Price Forecast | H4: Quote Date
B5: ='Table 1'!$B$5 -> QF - Sch38 - UT - Wind - 80.0 MW and 30.4% CF | H5: 46203
C7: PacifiCorp
C8: Delivered | D8: Delivered | E8: Delivered | F8: Delivered
B9: Year | C9: =O16 -> IRP - Utah Greenfield | D9: =R16 -> Naughton | E9: =P15 -> IRP West Side | F9: =Q16 -> IRP - Wyo NE
C10: Fuel Cost | D10: Fuel Cost | E10: Fuel Cost | F10: Fuel Cost
I15: IRP - Utah Greenfield | K15: IRP West Side | L15: IRP - Wyo NE | P15: IRP West Side | R15: Burner tip
H16: Peak Type: | I16: Delivered | J16: Naughton | K16: Delivered | L16: Delivered | M16: Year | O16: IRP - Utah Greenfield | P16: West Side | Q16: IRP - Wyo NE | R16: Naughton
B17: 2026 | C17: =ROUND(SUMIF($M$17:$M$379,$B17,$I$17:$I$379)/COUNTIF($M$17:$M$379,$B17),2) -> 2.3 | D17: =ROUND(SUMIF($M$17:$M$379,$B17,$J$17:$J$379)/COUNTIF($M$17:$M$379,$B17),2) -> 2.25 | E17: =ROUND(SUMIF($M$17:$M$379,$B17,$K$17:$K$379)/COUNTIF($M$17:$M$379,$B17),2) -> 1.93 | F17: =ROUND(SUMIF($M$17:$M$379,$B17,$L$17:$L$379)/COUNTIF($M$17:$M$379,$B17),2) -> 2.2 | H17: 45658 | I17: 4.129746 | J17: 4.1012301 | K17: 3.6667414 | L17: 4.1264797 | M17: =YEAR(H17) -> 2025 | O17: 47 | P17: 43 | Q17: 46 | R17: 42
B18: =B17+1 -> 2027 | C18: =ROUND(SUMIF($M$17:$M$379,$B18,$I$17:$I$379)/COUNTIF($M$17:$M$379,$B18),2) -> 3.14 | D18: =ROUND(SUMIF($M$17:$M$379,$B18,$J$17:$J$379)/COUNTIF($M$17:$M$379,$B18),2) -> 3.12 | E18: =ROUND(SUMIF($M$17:$M$379,$B18,$K$17:$K$379)/COUNTIF($M$17:$M$379,$B18),2) -> 2.88 | F18: =ROUND(SUMIF($M$17:$M$379,$B18,$L$17:$L$379)/COUNTIF($M$17:$M$379,$B18),2) -> 2.89 | H18: 45689 | I18: 3.4434922 | J18: 3.419247 | K18: 3.2332464 | L18: 3.4316866 | M18: =YEAR(H18) -> 2025
B19: =B18+1 -> 2028 | C19: =ROUND(SUMIF($M$17:$M$379,$B19,$I$17:$I$379)/COUNTIF($M$17:$M$379,$B19),2) -> 3.55 | D19: =ROUND(SUMIF($M$17:$M$379,$B19,$J$17:$J$379)/COUNTIF($M$17:$M$379,$B19),2) -> 3.53 | E19: =ROUND(SUMIF($M$17:$M$379,$B19,$K$17:$K$379)/COUNTIF($M$17:$M$379,$B19),2) -> 3.33 | F19: =ROUND(SUMIF($M$17:$M$379,$B19,$L$17:$L$379)/COUNTIF($M$17:$M$379,$B19),2) -> 3.22 | H19: 45717 | I19: 2.6847822 | J19: 2.6654832 | K19: 2.0537251 | L19: 2.7210656 | M19: =YEAR(H19) -> 2025
B20: =B19+1 -> 2029 | C20: =ROUND(SUMIF($M$17:$M$379,$B20,$I$17:$I$379)/COUNTIF($M$17:$M$379,$B20),2) -> 4.13 | D20: =ROUND(SUMIF($M$17:$M$379,$B20,$J$17:$J$379)/COUNTIF($M$17:$M$379,$B20),2) -> 4.09 | E20: =ROUND(SUMIF($M$17:$M$379,$B20,$K$17:$K$379)/COUNTIF($M$17:$M$379,$B20),2) -> 4 | F20: =ROUND(SUMIF($M$17:$M$379,$B20,$L$17:$L$379)/COUNTIF($M$17:$M$379,$B20),2) -> 3.79 | H20: 45748 | I20: 1.9317603 | J20: 1.9170212 | K20: 1.5165075 | L20: 1.9378484 | M20: =YEAR(H20) -> 2025
B21: =B20+1 -> 2030 | C21: =ROUND(SUMIF($M$17:$M$379,$B21,$I$17:$I$379)/COUNTIF($M$17:$M$379,$B21),2) -> 5.54 | D21: =ROUND(SUMIF($M$17:$M$379,$B21,$J$17:$J$379)/COUNTIF($M$17:$M$379,$B21),2) -> 5.47 | E21: =ROUND(SUMIF($M$17:$M$379,$B21,$K$17:$K$379)/COUNTIF($M$17:$M$379,$B21),2) -> 5.42 | F21: =ROUND(SUMIF($M$17:$M$379,$B21,$L$17:$L$379)/COUNTIF($M$17:$M$379,$B21),2) -> 5.18 | H21: 45778 | I21: 2.174427 | J21: 2.1585423 | K21: 1.6603228 | L21: 2.1165916 | M21: =YEAR(H21) -> 2025
B22: =B21+1 -> 2031 | C22: =ROUND(SUMIF($M$17:$M$379,$B22,$I$17:$I$379)/COUNTIF($M$17:$M$379,$B22),2) -> 6.52 | D22: =ROUND(SUMIF($M$17:$M$379,$B22,$J$17:$J$379)/COUNTIF($M$17:$M$379,$B22),2) -> 6.44 | E22: =ROUND(SUMIF($M$17:$M$379,$B22,$K$17:$K$379)/COUNTIF($M$17:$M$379,$B22),2) -> 6.38 | F22: =ROUND(SUMIF($M$17:$M$379,$B22,$L$17:$L$379)/COUNTIF($M$17:$M$379,$B22),2) -> 6.15 | H22: 45809 | I22: 2.5624036 | J22: 2.5442136 | K22: 1.5135008 | L22: 2.5326558 | M22: =YEAR(H22) -> 2025
B23: =B22+1 -> 2032 | C23: =ROUND(SUMIF($M$17:$M$379,$B23,$I$17:$I$379)/COUNTIF($M$17:$M$379,$B23),2) -> 6.43 | D23: =ROUND(SUMIF($M$17:$M$379,$B23,$J$17:$J$379)/COUNTIF($M$17:$M$379,$B23),2) -> 6.35 | E23: =ROUND(SUMIF($M$17:$M$379,$B23,$K$17:$K$379)/COUNTIF($M$17:$M$379,$B23),2) -> 6.24 | F23: =ROUND(SUMIF($M$17:$M$379,$B23,$L$17:$L$379)/COUNTIF($M$17:$M$379,$B23),2) -> 6.05 | H23: 45839 | I23: 2.8296073 | J23: 2.8097875 | K23: 1.2723243 | L23: 2.760294 | M23: =YEAR(H23) -> 2025
B24: =B23+1 -> 2033 | C24: =ROUND(SUMIF($M$17:$M$379,$B24,$I$17:$I$379)/COUNTIF($M$17:$M$379,$B24),2) -> 6.29 | D24: =ROUND(SUMIF($M$17:$M$379,$B24,$J$17:$J$379)/COUNTIF($M$17:$M$379,$B24),2) -> 6.21 | E24: =ROUND(SUMIF($M$17:$M$379,$B24,$K$17:$K$379)/COUNTIF($M$17:$M$379,$B24),2) -> 6.06 | F24: =ROUND(SUMIF($M$17:$M$379,$B24,$L$17:$L$379)/COUNTIF($M$17:$M$379,$B24),2) -> 5.92 | H24: 45870 | I24: 2.5406131 | J24: 2.5223025 | K24: 1.8363229 | L24: 2.4552202 | M24: =YEAR(H24) -> 2025
B25: =B24+1 -> 2034 | C25: =ROUND(SUMIF($M$17:$M$379,$B25,$I$17:$I$379)/COUNTIF($M$17:$M$379,$B25),2) -> 6.58 | D25: =ROUND(SUMIF($M$17:$M$379,$B25,$J$17:$J$379)/COUNTIF($M$17:$M$379,$B25),2) -> 6.49 | E25: =ROUND(SUMIF($M$17:$M$379,$B25,$K$17:$K$379)/COUNTIF($M$17:$M$379,$B25),2) -> 6.31 | F25: =ROUND(SUMIF($M$17:$M$379,$B25,$L$17:$L$379)/COUNTIF($M$17:$M$379,$B25),2) -> 6.2 | H25: 45901 | I25: 2.6151394 | J25: 2.5965194 | K25: 1.5369536 | L25: 2.5551013 | M25: =YEAR(H25) -> 2025
B26: =B25+1 -> 2035 | C26: =ROUND(SUMIF($M$17:$M$379,$B26,$I$17:$I$379)/COUNTIF($M$17:$M$379,$B26),2) -> 6.88 | D26: =ROUND(SUMIF($M$17:$M$379,$B26,$J$17:$J$379)/COUNTIF($M$17:$M$379,$B26),2) -> 6.79 | E26: =ROUND(SUMIF($M$17:$M$379,$B26,$K$17:$K$379)/COUNTIF($M$17:$M$379,$B26),2) -> 6.54 | F26: =ROUND(SUMIF($M$17:$M$379,$B26,$L$17:$L$379)/COUNTIF($M$17:$M$379,$B26),2) -> 6.5 | H26: 45931 | I26: 2.2420763 | J26: 2.225548 | K26: 2.1810073 | L26: 2.2830691 | M26: =YEAR(H26) -> 2025
B27: =B26+1 -> 2036 | C27: =ROUND(SUMIF($M$17:$M$379,$B27,$I$17:$I$379)/COUNTIF($M$17:$M$379,$B27),2) -> 7.18 | D27: =ROUND(SUMIF($M$17:$M$379,$B27,$J$17:$J$379)/COUNTIF($M$17:$M$379,$B27),2) -> 7.09 | E27: =ROUND(SUMIF($M$17:$M$379,$B27,$K$17:$K$379)/COUNTIF($M$17:$M$379,$B27),2) -> 6.8 | F27: =ROUND(SUMIF($M$17:$M$379,$B27,$L$17:$L$379)/COUNTIF($M$17:$M$379,$B27),2) -> 6.8 | H27: 45962 | I27: 3.0975373 | J27: 3.0762167 | K27: 2.6906097 | L27: 3.0824045 | M27: =YEAR(H27) -> 2025
B28: =B27+1 -> 2037 | C28: =ROUND(SUMIF($M$17:$M$379,$B28,$I$17:$I$379)/COUNTIF($M$17:$M$379,$B28),2) -> 7.36 | D28: =ROUND(SUMIF($M$17:$M$379,$B28,$J$17:$J$379)/COUNTIF($M$17:$M$379,$B28),2) -> 7.26 | E28: =ROUND(SUMIF($M$17:$M$379,$B28,$K$17:$K$379)/COUNTIF($M$17:$M$379,$B28),2) -> 6.95 | F28: =ROUND(SUMIF($M$17:$M$379,$B28,$L$17:$L$379)/COUNTIF($M$17:$M$379,$B28),2) -> 6.98 | H28: 45992 | I28: 3.0588112 | J28: 3.0371016 | K28: 2.9402107 | L28: 3.0579111 | M28: =YEAR(H28) -> 2025
B29: =B28+1 -> 2038 | C29: =ROUND(SUMIF($M$17:$M$379,$B29,$I$17:$I$379)/COUNTIF($M$17:$M$379,$B29),2) -> 7.49 | D29: =ROUND(SUMIF($M$17:$M$379,$B29,$J$17:$J$379)/COUNTIF($M$17:$M$379,$B29),2) -> 7.39 | E29: =ROUND(SUMIF($M$17:$M$379,$B29,$K$17:$K$379)/COUNTIF($M$17:$M$379,$B29),2) -> 7.01 | F29: =ROUND(SUMIF($M$17:$M$379,$B29,$L$17:$L$379)/COUNTIF($M$17:$M$379,$B29),2) -> 7.1 | H29: 46023 | I29: 4.2351224 | J29: 4.2064705 | K29: 2.2547494 | L29: 4.1929411 | M29: =YEAR(H29) -> 2026
... B37: =B36+1 -> 2046 | C37: =ROUND(SUMIF($M$17:$M$379,$B37,$I$17:$I$379)/COUNTIF($M$17:$M$379,$B37),2) -> 9.93 | D37: =ROUND(SUMIF($M$17:$M$379,$B37,$J$17:$J$379)/COUNTIF($M$17:$M$379,$B37),2) -> 9.78 | E37: =ROUND(SUMIF($M$17:$M$379,$B37,$K$17:$K$379)/COUNTIF($M$17:$M$379,$B37),2) -> 8.92 | F37: =ROUND(SUMIF($M$17:$M$379,$B37,$L$17:$L$379)/COUNTIF($M$17:$M$379,$B37),2) -> 9.5 | H37: 46266 | I37: 2.3835578 | J37: 2.3672 | K37: 1.9901173 | L37: 2.2266256 | M37: =YEAR(H37) -> 2026
H38: 46296 | I38: 2.3707006 | J38: 2.3544 | K38: 1.9963027 | L38: 2.2001935 | M38: =YEAR(H38) -> 2026
H39: 46327 | I39: 2.734272 | J39: 2.7157 | K39: 2.5529853 | L39: 2.6013995 | M39: =YEAR(H39) -> 2026
H40: 46357 | I40: 4.3754965 | J40: 4.3464 | K40: 3.971856 | L40: 3.8375804 | M40: =YEAR(H40) -> 2026
H41: 46388 | I41: 4.8555986 | J41: 4.8235 | K41: 4.5095187 | L41: 4.482505 | M41: =YEAR(H41) -> 2027
H42: 46419 | I42: 4.3276394 | J42: 4.2989 | K42: 4.0323695 | L42: 4.0105452 | M42: =YEAR(H42) -> 2027
H43: 46447 | I43: 2.5495782 | J43: 2.5322 | K43: 2.4362366 | L43: 2.4339623 | M43: =YEAR(H43) -> 2027
H44: 46478 | I44: 2.09417 | J44: 2.0797 | K44: 1.92914 | L44: 2.0253191 | M44: =YEAR(H44) -> 2027
H45: 46508 | I45: 1.9196802 | J45: 1.9063 | K45: 1.6963641 | L45: 1.8894397 | M45: =YEAR(H45) -> 2027
H46: 46539 | I46: 2.1520271 | J46: 2.1372 | K46: 1.8612556 | L46: 2.0645151 | M46: =YEAR(H46) -> 2027
H47: 46569 | I47: 2.8777414 | J47: 2.8582 | K47: 2.4430405 | L47: 2.6139623 | M47: =YEAR(H47) -> 2027
H48: 46600 | I48: 2.9113129 | J48: 2.8916 | K48: 2.509327 | L48: 2.661299 | M48: =YEAR(H48) -> 2027
H49: 46631 | I49: 2.859272 | J49: 2.8399 | K49: 2.4606172 | L49: 2.5698417 | M49: =YEAR(H49) -> 2027
... H52: 46722 | I52: 4.9725373 | J52: 4.9396 | K52: 5.0137288 | L52: 4.2190879 | M52: =YEAR(H52) -> 2027
B53: ="Official Forward Price Curve Forecast dated "&TEXT(H5,"MMM dd, YYYY") -> Official Forward Price Curve Forecast dated Jun 30, 2026 | H53: 46753 | I53: 5.3914149 | J53: 5.3559 | K53: 5.2996987 | L53: 4.8577814 | M53: =YEAR(H53) -> 2028
H54: 46784 | I54: 4.9021292 | J54: 4.8697 | K54: 4.8717232 | L54: 4.3909472 | M54: =YEAR(H54) -> 2028
H55: 46813 | I55: 3.0352924 | J55: 3.0148 | K55: 2.8658616 | L55: 2.8663241 | M55: =YEAR(H55) -> 2028
H56: 46844 | I56: 2.5296802 | J56: 2.5124 | K56: 2.3698986 | L56: 2.3758719 | M56: =YEAR(H56) -> 2028
H57: 46874 | I57: 2.4465169 | J57: 2.4298 | K57: 2.1376898 | L57: 2.3015 | M57: =YEAR(H57) -> 2028
H58: 46905 | I58: 2.5975373 | J58: 2.5798 | K58: 2.3211889 | L58: 2.4477312 | M58: =YEAR(H58) -> 2028
H59: 46935 | I59: 3.2572312 | J59: 3.2353 | K59: 2.8278732 | L59: 2.9115503 | M59: =YEAR(H59) -> 2028
H60: 46966 | I60: 3.3210067 | J60: 3.2987 | K60: 2.8858609 | L60: 2.9743643 | M60: =YEAR(H60) -> 2028
H61: 46997 | I61: 3.2704965 | J61: 3.2485 | K61: 2.8728201 | L61: 2.9447161 | M61: =YEAR(H61) -> 2028
H62: 47027 | I62: 3.0546802 | J62: 3.034 | K62: 2.7295259 | L62: 2.8854196 | M62: =YEAR(H62) -> 2028
H63: 47058 | I63: 3.6255986 | J63: 3.6013 | K63: 3.4751198 | L63: 3.2542638 | M63: =YEAR(H63) -> 2028
H64: 47088 | I64: 5.156721 | J64: 5.1227 | K64: 5.3222238 | L64: 4.4155704 | M64: =YEAR(H64) -> 2028
H65: 47119 | I65: 5.5521292 | J65: 5.5155 | K65: 5.5438659 | L65: 4.9055201 | M65: =YEAR(H65) -> 2029
... H364: 56219 | I364: 13.613252 | J364: 13.41 | K364: 12.885479 | L364: 12.744616 | M364: =YEAR(H364) -> 2053
H365: 0 | I365: #N/A | J365: #N/A | K365: #N/A | L365: #N/A | M365: =YEAR(H365) -> 1900

Sheet Table 5
AA1: laST Plexos Model Year | AC1: 2045
A2: Corrected for missing one day data from ST due to stiching in PLEXOS
B3: ="Table "&RIGHT('Table 4'!B3,1)+1 -> Table 5 | M3: Study_Name:
B4: ='Table 1'!B5 -> QF - Sch38 - UT - Wind - 80.0 MW and 30.4% CF | K4: =MIN(K13:K24) -> 46023 | M4: QF - Sch38 - UT - Wind | Q4: 15 Year Starting 2028 | R4: 15 Year Starting 2027 | S4: 15 Year Starting 2026
B5: =TEXT($K$5,"MMMM YYYY")&" through "&TEXT($K$6,"MMMM YYYY") -> January 2026 through July 2051 | J5: Start | K5: =MIN(K13:K24) -> 46023 | M5: Resource Capacity | O5: start | Q5: =R5+12 -> 37 | R5: 25 | S5: 13
B6: Nominal Avoided Costs Calculated Monthly | J6: End | K6: =EDATE(K5,25*12-1+7) -> 55335 | M6: 80 | N6: MW | O6: end | Q6: =Q5+15*12-1 -> 216 | R6: =R5+15*12-1 -> 204 | S6: =S5+15*12-1 -> 192
A7: =Q4 -> 15 Year Starting 2028 | C7: =NPV($K$10,INDIRECT("C"&$Q$5&":C"&$Q$6)) -> 84232494 | D7: =NPV($K$10,INDIRECT("D"&$Q$5&":D"&$Q$6)) -> 12066170 | E7: =NPV($K$10,INDIRECT("e"&$Q$5&":e"&$Q$6)) -> 96298665 | F7: =NPV($K$10,INDIRECT("F"&$Q$5&":F"&$Q$6)) -> 2086185.3 | G7: =($C7+D7)/$F7 -> 46.160169 | AA7: Resource type
A8: =R4 -> 15 Year Starting 2027 | C8: =NPV($K$10,INDIRECT("C"&$R$5&":C"&$R$6)) -> 79440574 | D8: =NPV($K$10,INDIRECT("D"&$R$5&":D"&$R$6)) -> 9912010.4 | E8: =NPV($K$10,INDIRECT("e"&$R$5&":e"&$R$6)) -> 89352584 | F8: =NPV($K$10,INDIRECT("F"&$R$5&":F"&$R$6)) -> 2085915 | G8: =($C8+D8)/$F8 -> 42.836157 | M8: =ROUNDUP(SUM(OFFSET(F12,MATCH(K5,B13:B24,0),0,12))/(EDATE(K5,12)-K5)/24/Study_MW,4) -> 0.3041 | N8: CF | AA8: NonSolar | AB8: Solar
B9: ="Nominal NPV at "&TEXT(J10,"0.00%")&" Discount Rate" -> Nominal NPV at 6.33% Discount Rate | J9: ='Table 1'!I49 -> Discount Rate - 2025 IRP Upate | AA9: WD_QF_UTN_QF_Sch38_UT
A10: =S4 -> 15 Year Starting 2026 | C10: =NPV($K$10,INDIRECT("C"&$S$5&":C"&$S$6)) -> 73885919 | D10: =NPV($K$10,INDIRECT("d"&$S$5&":d"&$S$6)) -> 7917276.6 | E10: =NPV($K$10,INDIRECT("e"&$S$5&":e"&$S$6)) -> 81803196 | F10: =NPV($K$10,INDIRECT("F"&$S$5&":F"&$S$6)) -> 2085997.4 | G10: =($C10+D10)/$F10 -> 39.215386 | J10: ='Table 1'!I50 -> 0.0633 | K10: =((1+J10)^(1/12))-1 -> 0.0051278761
C11: Dispatch | D11: Fixed Cost | E11: Total | F11: Total | G11: AC Price | S11: Summer | U11: Summer | Z11: Inflation | AA11: Degradation for Adj beyond 2046
B12: Month | C12: Avoided $ | D12: =TEXT((SUM(F25:F72)/(8760*3+8784))/Study_MW,"0.0%")&" CF" -> 30.4% CF | E12: Dollars | F12: MWH | G12: =D12 -> 30.4% CF | I12: Offset | J12: Year | K12: Date Test | L12: Offset | P12: Total | Q12: energy | R12: Fixed | S12: Dispatch | U12: Fixed | V12: Season | X12: Total Avoided $ | Y12: Net Revenue Ann-PLEXOS | AD12: Net Revenue Monthly-PLEXOS | AE12: Net Revenue Summer-PLEXOS
B13: 46023 | C13: 347607.44 | D13: =IF(ISNUMBER($F13),VLOOKUP($J13,'Table 1'!$B$13:$C$41,2,FALSE)/12*1000*Study_MW,"") -> 0 | E13: =IF(ISNUMBER(C13+D13),C13+D13,"") -> 347607.44 | F13: 17943.309 | G13: =IF(ISNUMBER($F13),E13/$F13,"") -> 19.372538 | I13: =(YEAR(B13)-2026)*13+1 -> 1 | J13: =YEAR(B13) -> 2026 | K13: =IF(ISNUMBER(F13),B13,"") -> 46023 | L13: 880 | M13: Total Net Power Cost ($ 000) | V13: =IFERROR(IF(AND(MONTH(K13)>=6,MONTH(K13)<=9),"Summer","Winter"),"-") -> Winter | Z13: =Inflation -> 0.0222 | AA13: =IF($AA$8="Solar",IFERROR(IF(J13>$AC$1,-0.005,0),#REF!),0) -> 0
B14: =EDATE(B13,1) -> 46054 | C14: 212538.12 | D14: =IF(ISNUMBER($F14),VLOOKUP($J14,'Table 1'!$B$13:$C$41,2,FALSE)/12*1000*Study_MW,"") -> 0 | E14: =IF(ISNUMBER(C14+D14),C14+D14,"") -> 212538.12 | F14: 20134.574 | G14: =IF(ISNUMBER($F14),E14/$F14,"") -> 10.555879 | I14: =I13+1 -> 2 | J14: =YEAR(B14) -> 2026 | K14: =IF(ISNUMBER(F14),B14,"") -> 46054 | L14: 1197 | M14: WD_QF_UTN_QF_Sch38_UT | V14: =IFERROR(IF(AND(MONTH(K14)>=6,MONTH(K14)<=9),"Summer","Winter"),"-") -> Winter | Z14: =Inflation -> 0.0222 | AA14: =IF($AA$8="Solar",IFERROR(IF(J14>$AC$1,-0.005,0),AA2),0) -> 0
B15: =EDATE(B14,1) -> 46082 | C15: 79627.312 | D15: =IF(ISNUMBER($F15),VLOOKUP($J15,'Table 1'!$B$13:$C$41,2,FALSE)/12*1000*Study_MW,"") -> 0 | E15: =IF(ISNUMBER(C15+D15),C15+D15,"") -> 79627.312 | F15: 18349.125 | G15: =IF(ISNUMBER($F15),E15/$F15,"") -> 4.3395699 | I15: =I14+1 -> 3 | J15: =YEAR(B15) -> 2026 | K15: =IF(ISNUMBER(F15),B15,"") -> 46082 | M15: =C11 -> Dispatch | N15: =D11 -> Fixed Cost | O15: MWH | V15: =IFERROR(IF(AND(MONTH(K15)>=6,MONTH(K15)<=9),"Summer","Winter"),"-") -> Winter | Z15: =Inflation -> 0.0222 | AA15: =IF($AA$8="Solar",IFERROR(IF(J15>$AC$1,-0.005,0),AA3),0) -> 0
B16: =EDATE(B15,1) -> 46113 | C16: 11466.676 | D16: =IF(ISNUMBER($F16),VLOOKUP($J16,'Table 1'!$B$13:$C$41,2,FALSE)/12*1000*Study_MW,"") -> 0 | E16: =IF(ISNUMBER(C16+D16),C16+D16,"") -> 11466.676 | F16: 20661.519 | G16: =IF(ISNUMBER($F16),E16/$F16,"") -> 0.5549774 | I16: =I15+1 -> 4 | J16: =YEAR(B16) -> 2026 | K16: =IF(ISNUMBER(F16),B16,"") -> 46113 | L16: =YEAR(B13) -> 2026 | M16: =SUMIF($J$13:$J$350,L16,$C$13:$C$350) -> 2777866.5 | N16: =SUMIF($J$13:$J$350,L16,$D$13:$D$350) -> 0 | O16: =SUMIF($J$13:$J$350,L16,$F$13:$F$350) -> 213067.17 | P16: =(M16+N16)/O16 -> 13.037516 | Q16: =M16/O16 -> 13.037516 | R16: =IFERROR(N16/O16,0) -> 0 | S16: =SUMIFS($C$13:$C$312,$J$13:$J$312,L16,$V$13:$V$312,"Summer") -> 936802.91 | U16: =SUMIFS($D$13:$D$276,$J$13:$J$276,L16,$V$12:$V$275,"Summer") -> 0 | V16: =IFERROR(IF(AND(MONTH(K16)>=6,MONTH(K16)<=9),"Summer","Winter"),"-") -> Winter | X16: =M16+N16 -> 2777866.5 | Y16: =SUMIF($J$13:$J$350,L16,$AD$13:$AD$350) -> 1905113.1 | Z16: =Inflation -> 0.0222 | AA16: =IF($AA$8="Solar",IFERROR(IF(J16>$AC$1,-0.005,0),AA4),0) -> 0 | AE16: =SUMIFS($AD$13:$AD$350,$J$13:$J$350,L16,$V$13:$V$350,"Summer") -> 934067.43
B17: =EDATE(B16,1) -> 46143 | C17: 175042.57 | D17: =IF(ISNUMBER($F17),VLOOKUP($J17,'Table 1'!$B$13:$C$41,2,FALSE)/12*1000*Study_MW,"") -> 0 | E17: =IF(ISNUMBER(C17+D17),C17+D17,"") -> 175042.57 | F17: 22464.293 | G17: =IF(ISNUMBER($F17),E17/$F17,"") -> 7.7920356 | I17: =I16+1 -> 5 | J17: =YEAR(B17) -> 2026 | K17: =IF(ISNUMBER(F17),B17,"") -> 46143 | L17: =L16+1 -> 2027 | M17: =SUMIF($J$13:$J$350,L17,$C$13:$C$350) -> 4053955.1 | N17: =SUMIF($J$13:$J$350,L17,$D$13:$D$350) -> 0 | O17: =SUMIF($J$13:$J$350,L17,$F$13:$F$350) -> 212724.95 | P17: =(M17+N17)/O17 -> 19.057262 | Q17: =M17/O17 -> 19.057262 | R17: =IFERROR(N17/O17,0) -> 0 | S17: =SUMIFS($C$13:$C$312,$J$13:$J$312,L17,$V$13:$V$312,"Summer") -> 1400882.7 | U17: =SUMIFS($D$13:$D$276,$J$13:$J$276,L17,$V$12:$V$275,"Summer") -> 0 | V17: =IFERROR(IF(AND(MONTH(K17)>=6,MONTH(K17)<=9),"Summer","Winter"),"-") -> Winter | X17: =M17+N17 -> 4053955.1 | Y17: =SUMIF($J$13:$J$350,L17,$AD$13:$AD$350) -> 3694847.1 | Z17: =Inflation -> 0.0222 | AA17: =IF($AA$8="Solar",IFERROR(IF(J17>$AC$1,-0.005,0),AA5),0) -> 0 | AE17: =SUMIFS($AD$13:$AD$350,$J$13:$J$350,L17,$V$13:$V$350,"Summer") -> 1071349.8
B18: =EDATE(B17,1) -> 46174 | C18: 145000.51 | D18: =IF(ISNUMBER($F18),VLOOKUP($J18,'Table 1'!$B$13:$C$41,2,FALSE)/12*1000*Study_MW,"") -> 0 | E18: =IF(ISNUMBER(C18+D18),C18+D18,"") -> 145000.51 | F18: 21524.017 | G18: =IF(ISNUMBER($F18),E18/$F18,"") -> 6.7366843 | I18: =I17+1 -> 6 | J18: =YEAR(B18) -> 2026 | K18: =IF(ISNUMBER(F18),B18,"") -> 46174 | L18: =L17+1 -> 2028 | M18: =SUMIF($J$13:$J$350,L18,$C$13:$C$350) -> 4938577.6 | N18: =SUMIF($J$13:$J$350,L18,$D$13:$D$350) -> 0 | O18: =SUMIF($J$13:$J$350,L18,$F$13:$F$350) -> 213156.99 | P18: =(M18+N18)/O18 -> 23.168734 | Q18: =M18/O18 -> 23.168734 | R18: =IFERROR(N18/O18,0) -> 0 | S18: =SUMIFS($C$13:$C$312,$J$13:$J$312,L18,$V$13:$V$312,"Summer") -> 1600111.4 | U18: =SUMIFS($D$13:$D$276,$J$13:$J$276,L18,$V$12:$V$275,"Summer") -> 0 | V18: =IFERROR(IF(AND(MONTH(K18)>=6,MONTH(K18)<=9),"Summer","Winter"),"-") -> Summer | X18: =M18+N18 -> 4938577.6 | Y18: =SUMIF($J$13:$J$350,L18,$AD$13:$AD$350) -> 4551884.5 | Z18: =Inflation -> 0.0222 | AA18: =IF($AA$8="Solar",IFERROR(IF(J18>$AC$1,-0.005,0),AA6),0) -> 0 | AD18: 159368.78 | AE18: =SUMIFS($AD$13:$AD$350,$J$13:$J$350,L18,$V$13:$V$350,"Summer") -> 1247562.6
B19: =EDATE(B18,1) -> 46204 | C19: 274401.56 | D19: =IF(ISNUMBER($F19),VLOOKUP($J19,'Table 1'!$B$13:$C$41,2,FALSE)/12*1000*Study_MW,"") -> 0 | E19: =IF(ISNUMBER(C19+D19),C19+D19,"") -> 274401.56 | F19: 15147.511 | G19: =IF(ISNUMBER($F19),E19/$F19,"") -> 18.11529 | I19: =I18+1 -> 7 | J19: =YEAR(B19) -> 2026 | K19: =IF(ISNUMBER(F19),B19,"") -> 46204 | L19: =L18+1 -> 2029 | M19: =SUMIF($J$13:$J$350,L19,$C$13:$C$350) -> 5368708.3 | N19: =SUMIF($J$13:$J$350,L19,$D$13:$D$350) -> 0 | O19: =SUMIF($J$13:$J$350,L19,$F$13:$F$350) -> 212611.19 | P19: =(M19+N19)/O19 -> 25.251297 | Q19: =M19/O19 -> 25.251297 | R19: =IFERROR(N19/O19,0) -> 0 | S19: =SUMIFS($C$13:$C$312,$J$13:$J$312,L19,$V$13:$V$312,"Summer") -> 1700120.3 | U19: =SUMIFS($D$13:$D$276,$J$13:$J$276,L19,$V$12:$V$275,"Summer") -> 0 | V19: =IFERROR(IF(AND(MONTH(K19)>=6,MONTH(K19)<=9),"Summer","Winter"),"-") -> Summer | X19: =M19+N19 -> 5368708.3 | Y19: =SUMIF($J$13:$J$350,L19,$AD$13:$AD$350) -> 5033494.9 | Z19: =Inflation -> 0.0222 | AA19: =IF($AA$8="Solar",IFERROR(IF(J19>$AC$1,-0.005,0),AA7),0) -> 0 | AD19: 266361.63 | AE19: =SUMIFS($AD$13:$AD$350,$J$13:$J$350,L19,$V$13:$V$350,"Summer") -> 1454868.1
B20: =EDATE(B19,1) -> 46235 | C20: 297799.05 | D20: =IF(ISNUMBER($F20),VLOOKUP($J20,'Table 1'!$B$13:$C$41,2,FALSE)/12*1000*Study_MW,"") -> 0 | E20: =IF(ISNUMBER(C20+D20),C20+D20,"") -> 297799.05 | F20: 12548.558 | G20: =IF(ISNUMBER($F20),E20/$F20,"") -> 23.731735 | I20: =I19+1 -> 8 | J20: =YEAR(B20) -> 2026 | K20: =IF(ISNUMBER(F20),B20,"") -> 46235 | L20: =L19+1 -> 2030 | M20: =SUMIF($J$13:$J$350,L20,$C$13:$C$350) -> 8091646.4 | N20: =SUMIF($J$13:$J$350,L20,$D$13:$D$350) -> 0 | O20: =SUMIF($J$13:$J$350,L20,$F$13:$F$350) -> 212907.26 | P20: =(M20+N20)/O20 -> 38.005499 | Q20: =M20/O20 -> 38.005499 | R20: =IFERROR(N20/O20,0) -> 0 | S20: =SUMIFS($C$13:$C$312,$J$13:$J$312,L20,$V$13:$V$312,"Summer") -> 2399643.7 | U20: =SUMIFS($D$13:$D$276,$J$13:$J$276,L20,$V$12:$V$275,"Summer") -> 0 | V20: =IFERROR(IF(AND(MONTH(K20)>=6,MONTH(K20)<=9),"Summer","Winter"),"-") -> Summer | X20: =M20+N20 -> 8091646.4 | Y20: =SUMIF($J$13:$J$350,L20,$AD$13:$AD$350) -> 8045877.7 | Z20: =Inflation -> 0.0222 | AA20: =IF($AA$8="Solar",IFERROR(IF(J20>$AC$1,-0.005,0),AA8),0) -> 0 | AD20: 291339.21 | AE20: =SUMIFS($AD$13:$AD$350,$J$13:$J$350,L20,$V$13:$V$350,"Summer") -> 2412029.8
B21: =EDATE(B20,1) -> 46266 | C21: 219601.8 | D21: =IF(ISNUMBER($F21),VLOOKUP($J21,'Table 1'!$B$13:$C$41,2,FALSE)/12*1000*Study_MW,"") -> 0 | E21: =IF(ISNUMBER(C21+D21),C21+D21,"") -> 219601.8 | F21: 12296.435 | G21: =IF(ISNUMBER($F21),E21/$F21,"") -> 17.858981 | I21: =I20+1 -> 9 | J21: =YEAR(B21) -> 2026 | K21: =IF(ISNUMBER(F21),B21,"") -> 46266 | L21: =L20+1 -> 2031 | M21: =SUMIF($J$13:$J$350,L21,$C$13:$C$350) -> 10628783 | N21: =SUMIF($J$13:$J$350,L21,$D$13:$D$350) -> 0 | O21: =SUMIF($J$13:$J$350,L21,$F$13:$F$350) -> 213117.68 | P21: =(M21+N21)/O21 -> 49.872836 | Q21: =M21/O21 -> 49.872836 | R21: =IFERROR(N21/O21,0) -> 0 | S21: =SUMIFS($C$13:$C$312,$J$13:$J$312,L21,$V$13:$V$312,"Summer") -> 3686571.4 | U21: =SUMIFS($D$13:$D$276,$J$13:$J$276,L21,$V$12:$V$275,"Summer") -> 0 | V21: =IFERROR(IF(AND(MONTH(K21)>=6,MONTH(K21)<=9),"Summer","Winter"),"-") -> Summer | X21: =M21+N21 -> 10628783 | Y21: =SUMIF($J$13:$J$350,L21,$AD$13:$AD$350) -> 9621888.7 | Z21: =Inflation -> 0.0222 | AA21: =IF($AA$8="Solar",IFERROR(IF(J21>$AC$1,-0.005,0),AA9),0) -> 0 | AD21: 216997.82 | AE21: =SUMIFS($AD$13:$AD$350,$J$13:$J$350,L21,$V$13:$V$350,"Summer") -> 3052420.7
B22: =EDATE(B21,1) -> 46296 | C22: 343162.2 | D22: =IF(ISNUMBER($F22),VLOOKUP($J22,'Table 1'!$B$13:$C$41,2,FALSE)/12*1000*Study_MW,"") -> 0 | E22: =IF(ISNUMBER(C22+D22),C22+D22,"") -> 343162.2 | F22: 22788.969 | G22: =IF(ISNUMBER($F22),E22/$F22,"") -> 15.058259 | I22: =I21+1 -> 10 | J22: =YEAR(B22) -> 2026 | K22: =IF(ISNUMBER(F22),B22,"") -> 46296 | L22: =L21+1 -> 2032 | M22: =SUMIF($J$13:$J$350,L22,$C$13:$C$350) -> 10793998 | N22: =SUMIF($J$13:$J$350,L22,$D$13:$D$350) -> 0 | O22: =SUMIF($J$13:$J$350,L22,$F$13:$F$350) -> 213574.33 | P22: =(M22+N22)/O22 -> 50.539774 | Q22: =M22/O22 -> 50.539774 | R22: =IFERROR(N22/O22,0) -> 0 | S22: =SUMIFS($C$13:$C$312,$J$13:$J$312,L22,$V$13:$V$312,"Summer") -> 3730744.7 | U22: =SUMIFS($D$13:$D$276,$J$13:$J$276,L22,$V$12:$V$275,"Summer") -> 0 | V22: =IFERROR(IF(AND(MONTH(K22)>=6,MONTH(K22)<=9),"Summer","Winter"),"-") -> Winter | X22: =M22+N22 -> 10793998 | Y22: =SUMIF($J$13:$J$350,L22,$AD$13:$AD$350) -> 9715036.2 | Z22: =Inflation -> 0.0222 | AA22: =IF($AA$8="Solar",IFERROR(IF(J22>$AC$1,-0.005,0),AA10),0) -> 0 | AD22: 320648.31 | AE22: =SUMIFS($AD$13:$AD$350,$J$13:$J$350,L22,$V$13:$V$350,"Summer") -> 3021236.3
B23: =EDATE(B22,1) -> 46327 | C23: 284817.27 | D23: =IF(ISNUMBER($F23),VLOOKUP($J23,'Table 1'!$B$13:$C$41,2,FALSE)/12*1000*Study_MW,"") -> 0 | E23: =IF(ISNUMBER(C23+D23),C23+D23,"") -> 284817.27 | F23: 13895.101 | G23: =IF(ISNUMBER($F23),E23/$F23,"") -> 20.497675 | I23: =I22+1 -> 11 | J23: =YEAR(B23) -> 2026 | K23: =IF(ISNUMBER(F23),B23,"") -> 46327 | L23: =L22+1 -> 2033 | M23: =SUMIF($J$13:$J$350,L23,$C$13:$C$350) -> 10420719 | N23: =SUMIF($J$13:$J$350,L23,$D$13:$D$350) -> 0 | O23: =SUMIF($J$13:$J$350,L23,$F$13:$F$350) -> 212700.35 | P23: =(M23+N23)/O23 -> 48.992485 | Q23: =M23/O23 -> 48.992485 | R23: =IFERROR(N23/O23,0) -> 0 | S23: =SUMIFS($C$13:$C$312,$J$13:$J$312,L23,$V$13:$V$312,"Summer") -> 3491691.4 | U23: =SUMIFS($D$13:$D$276,$J$13:$J$276,L23,$V$12:$V$275,"Summer") -> 0 | V23: =IFERROR(IF(AND(MONTH(K23)>=6,MONTH(K23)<=9),"Summer","Winter"),"-") -> Winter | X23: =M23+N23 -> 10420719 | Y23: =SUMIF($J$13:$J$350,L23,$AD$13:$AD$350) -> 9512705.5 | Z23: =Inflation -> 0.0222 | AA23: =IF($AA$8="Solar",IFERROR(IF(J23>$AC$1,-0.005,0),AA11),0) -> 0 | AD23: 271862.96 | AE23: =SUMIFS($AD$13:$AD$350,$J$13:$J$350,L23,$V$13:$V$350,"Summer") -> 2935279.5
B24: =EDATE(B23,1) -> 46357 | C24: 386802 | D24: =IF(ISNUMBER($F24),VLOOKUP($J24,'Table 1'!$B$13:$C$41,2,FALSE)/12*1000*Study_MW,"") -> 0 | E24: =IF(ISNUMBER(C24+D24),C24+D24,"") -> 386802 | F24: 15313.756 | G24: =IF(ISNUMBER($F24),E24/$F24,"") -> 25.258467 | I24: =I23+1 -> 12 | J24: =YEAR(B24) -> 2026 | K24: =IF(ISNUMBER(F24),B24,"") -> 46357 | L24: =L23+1 -> 2034 | M24: =SUMIF($J$13:$J$350,L24,$C$13:$C$350) -> 10685243 | N24: =SUMIF($J$13:$J$350,L24,$D$13:$D$350) -> 0 | O24: =SUMIF($J$13:$J$350,L24,$F$13:$F$350) -> 212746.69 | P24: =(M24+N24)/O24 -> 50.225192 | Q24: =M24/O24 -> 50.225192 | R24: =IFERROR(N24/O24,0) -> 0 | S24: =SUMIFS($C$13:$C$312,$J$13:$J$312,L24,$V$13:$V$312,"Summer") -> 3468651.4 | U24: =SUMIFS($D$13:$D$276,$J$13:$J$276,L24,$V$12:$V$275,"Summer") -> 0 | V24: =IFERROR(IF(AND(MONTH(K24)>=6,MONTH(K24)<=9),"Summer","Winter"),"-") -> Winter | X24: =M24+N24 -> 10685243 | Y24: =SUMIF($J$13:$J$350,L24,$AD$13:$AD$350) -> 9810104.3 | Z24: =Inflation -> 0.0222 | AA24: =IF($AA$8="Solar",IFERROR(IF(J24>$AC$1,-0.005,0),AA12),0) -> 0 | AD24: 378534.43 | AE24: =SUMIFS($AD$13:$AD$350,$J$13:$J$350,L24,$V$13:$V$350,"Summer") -> 2946829.1
B25: =EDATE(B24,1) -> 46388 | C25: 522429.29 | D25: =IF(ISNUMBER($F25),VLOOKUP($J25,'Table 1'!$B$13:$C$41,2,FALSE)/12*1000*Study_MW,"") -> 0 | E25: =IF(ISNUMBER(C25+D25),C25+D25,"") -> 522429.29 | F25: 18859.187 | G25: =IF(ISNUMBER($F25),E25/$F25,"") -> 27.70158 | I25: =I13+13 -> 14 | J25: =YEAR(B25) -> 2027 | K25: =IF(ISNUMBER(F25),IF(F25<>0,B25,""),"") -> 46388 | L25: =L24+1 -> 2035 | M25: =SUMIF($J$13:$J$350,L25,$C$13:$C$350) -> 11013398 | N25: =SUMIF($J$13:$J$350,L25,$D$13:$D$350) -> 0 | O25: =SUMIF($J$13:$J$350,L25,$F$13:$F$350) -> 212611.19 | P25: =(M25+N25)/O25 -> 51.800649 | Q25: =M25/O25 -> 51.800649 | R25: =IFERROR(N25/O25,0) -> 0 | S25: =SUMIFS($C$13:$C$312,$J$13:$J$312,L25,$V$13:$V$312,"Summer") -> 3532424.8 | U25: =SUMIFS($D$13:$D$276,$J$13:$J$276,L25,$V$12:$V$275,"Summer") -> 0 | V25: =IFERROR(IF(AND(MONTH(K25)>=6,MONTH(K25)<=9),"Summer","Winter"),"-") -> Winter | X25: =M25+N25 -> 11013398 | Y25: =SUMIF($J$13:$J$350,L25,$AD$13:$AD$350) -> 10249401 | Z25: =Inflation -> 0.0222 | AA25: =IF($AA$8="Solar",IFERROR(IF(J25>$AC$1,-0.005,0),AA13),0) -> 0 | AD25: 496482.69 | AE25: =SUMIFS($AD$13:$AD$350,$J$13:$J$350,L25,$V$13:$V$350,"Summer") -> 3170652.5
B26: =EDATE(B25,1) -> 46419 | C26: 450595.34 | D26: =IF(ISNUMBER($F26),VLOOKUP($J26,'Table 1'!$B$13:$C$41,2,FALSE)/12*1000*Study_MW,"") -> 0 | E26: =IF(ISNUMBER(C26+D26),C26+D26,"") -> 450595.34 | F26: 19028.331 | G26: =IF(ISNUMBER($F26),E26/$F26,"") -> 23.680235 | I26: =I14+13 -> 15 | J26: =YEAR(B26) -> 2027 | K26: =IF(ISNUMBER(F26),IF(F26<>0,B26,""),"") -> 46419 | L26: =L25+1 -> 2036 | M26: =SUMIF($J$13:$J$350,L26,$C$13:$C$350) -> 7686214.6 | N26: =SUMIF($J$13:$J$350,L26,$D$13:$D$350) -> 3266666.7 | O26: =SUMIF($J$13:$J$350,L26,$F$13:$F$350) -> 213042.97 | P26: =(M26+N26)/O26 -> 51.411607 | Q26: =M26/O26 -> 36.078237 | R26: =IFERROR(N26/O26,0) -> 15.33337 | S26: =SUMIFS($C$13:$C$312,$J$13:$J$312,L26,$V$13:$V$312,"Summer") -> 2009086.7 | U26: =SUMIFS($D$13:$D$276,$J$13:$J$276,L26,$V$12:$V$275,"Summer") -> 1088888.9 | V26: =IFERROR(IF(AND(MONTH(K26)>=6,MONTH(K26)<=9),"Summer","Winter"),"-") -> Winter | X26: =M26+N26 -> 10952881 | Y26: =SUMIF($J$13:$J$350,L26,$AD$13:$AD$350) -> 10114626 | Z26: =Inflation -> 0.0222 | AA26: =IF($AA$8="Solar",IFERROR(IF(J26>$AC$1,-0.005,0),AA14),0) -> 0 | AD26: 466895.12 | AE26: =SUMIFS($AD$13:$AD$350,$J$13:$J$350,L26,$V$13:$V$350,"Summer") -> 3074135.9
B27: =EDATE(B26,1) -> 46447 | C27: 203240.34 | D27: =IF(ISNUMBER($F27),VLOOKUP($J27,'Table 1'!$B$13:$C$41,2,FALSE)/12*1000*Study_MW,"") -> 0 | E27: =IF(ISNUMBER(C27+D27),C27+D27,"") -> 203240.34 | F27: 18220.792 | G27: =IF(ISNUMBER($F27),E27/$F27,"") -> 11.154308 | I27: =I15+13 -> 16 | J27: =YEAR(B27) -> 2027 | K27: =IF(ISNUMBER(F27),IF(F27<>0,B27,""),"") -> 46447 | L27: =L26+1 -> 2037 | M27: =SUMIF($J$13:$J$350,L27,$C$13:$C$350) -> 8136787.1 | N27: =SUMIF($J$13:$J$350,L27,$D$13:$D$350) -> 3339093.3 | O27: =SUMIF($J$13:$J$350,L27,$F$13:$F$350) -> 213067.17 | P27: =(M27+N27)/O27 -> 53.860389 | Q27: =M27/O27 -> 38.188836 | R27: =IFERROR(N27/O27,0) -> 15.671553 | S27: =SUMIFS($C$13:$C$312,$J$13:$J$312,L27,$V$13:$V$312,"Summer") -> 2056251.1 | U27: =SUMIFS($D$13:$D$276,$J$13:$J$276,L27,$V$12:$V$275,"Summer") -> 1113031.1 | V27: =IFERROR(IF(AND(MONTH(K27)>=6,MONTH(K27)<=9),"Summer","Winter"),"-") -> Winter | X27: =M27+N27 -> 11475880 | Y27: =SUMIF($J$13:$J$350,L27,$AD$13:$AD$350) -> 10816511 | Z27: =Inflation -> 0.0222 | AA27: =IF($AA$8="Solar",IFERROR(IF(J27>$AC$1,-0.005,0),AA15),0) -> 0 | AD27: 197937.91 | AE27: =SUMIFS($AD$13:$AD$350,$J$13:$J$350,L27,$V$13:$V$350,"Summer") -> 3235772.3
B28: =EDATE(B27,1) -> 46478 | C28: 190742.96 | D28: =IF(ISNUMBER($F28),VLOOKUP($J28,'Table 1'!$B$13:$C$41,2,FALSE)/12*1000*Study_MW,"") -> 0 | E28: =IF(ISNUMBER(C28+D28),C28+D28,"") -> 190742.96 | F28: 21563.637 | G28: =IF(ISNUMBER($F28),E28/$F28,"") -> 8.845584 | I28: =I16+13 -> 17 | J28: =YEAR(B28) -> 2027 | K28: =IF(ISNUMBER(F28),IF(F28<>0,B28,""),"") -> 46478 | L28: =L27+1 -> 2038 | M28: =SUMIF($J$13:$J$350,L28,$C$13:$C$350) -> 8151506.8 | N28: =SUMIF($J$13:$J$350,L28,$D$13:$D$350) -> 3413312 | O28: =SUMIF($J$13:$J$350,L28,$F$13:$F$350) -> 212724.95 | P28: =(M28+N28)/O28 -> 54.365127 | Q28: =M28/O28 -> 38.319468 | R28: =IFERROR(N28/O28,0) -> 16.045659 | S28: =SUMIFS($C$13:$C$312,$J$13:$J$312,L28,$V$13:$V$312,"Summer") -> 2041500.1 | U28: =SUMIFS($D$13:$D$276,$J$13:$J$276,L28,$V$12:$V$275,"Summer") -> 1137770.7 | V28: =IFERROR(IF(AND(MONTH(K28)>=6,MONTH(K28)<=9),"Summer","Winter"),"-") -> Winter | X28: =M28+N28 -> 11564819 | Y28: =SUMIF($J$13:$J$350,L28,$AD$13:$AD$350) -> 10832367 | Z28: =Inflation -> 0.0222 | AA28: =IF($AA$8="Solar",IFERROR(IF(J28>$AC$1,-0.005,0),AA16),0) -> 0 | AD28: 169414.03 | AE28: =SUMIFS($AD$13:$AD$350,$J$13:$J$350,L28,$V$13:$V$350,"Summer") -> 3220391.8
B29: =EDATE(B28,1) -> 46508 | C29: 245806.44 | D29: =IF(ISNUMBER($F29),VLOOKUP($J29,'Table 1'!$B$13:$C$41,2,FALSE)/12*1000*Study_MW,"") -> 0 | E29: =IF(ISNUMBER(C29+D29),C29+D29,"") -> 245806.44 | F29: 22851.848 | G29: =IF(ISNUMBER($F29),E29/$F29,"") -> 10.756523 | I29: =I17+13 -> 18 | J29: =YEAR(B29) -> 2027 | K29: =IF(ISNUMBER(F29),IF(F29<>0,B29,""),"") -> 46508 | L29: =L28+1 -> 2039 | M29: =SUMIF($J$13:$J$350,L29,$C$13:$C$350) -> 8405036.7 | N29: =SUMIF($J$13:$J$350,L29,$D$13:$D$350) -> 3489024 | O29: =SUMIF($J$13:$J$350,L29,$F$13:$F$350) -> 212700.35 | P29: =(M29+N29)/O29 -> 55.91933 | Q29: =M29/O29 -> 39.515858 | R29: =IFERROR(N29/O29,0) -> 16.403471 | S29: =SUMIFS($C$13:$C$312,$J$13:$J$312,L29,$V$13:$V$312,"Summer") -> 2222733.1 | U29: =SUMIFS($D$13:$D$276,$J$13:$J$276,L29,$V$12:$V$275,"Summer") -> 1163008 | V29: =IFERROR(IF(AND(MONTH(K29)>=6,MONTH(K29)<=9),"Summer","Winter"),"-") -> Winter | X29: =M29+N29 -> 11894061 | Y29: =SUMIF($J$13:$J$350,L29,$AD$13:$AD$350) -> 11200221 | Z29: =Inflation -> 0.0222 | AA29: =IF($AA$8="Solar",IFERROR(IF(J29>$AC$1,-0.005,0),AA17),0) -> 0 | AD29: 261395.85 | AE29: =SUMIFS($AD$13:$AD$350,$J$13:$J$350,L29,$V$13:$V$350,"Summer") -> 3345486
B30: =EDATE(B29,1) -> 46539 | C30: 274833.78 | D30: =IF(ISNUMBER($F30),VLOOKUP($J30,'Table 1'!$B$13:$C$41,2,FALSE)/12*1000*Study_MW,"") -> 0 | E30: =IF(ISNUMBER(C30+D30),C30+D30,"") -> 274833.78 | F30: 21964.395 | G30: =IF(ISNUMBER($F30),E30/$F30,"") -> 12.512696 | I30: =I18+13 -> 19 | J30: =YEAR(B30) -> 2027 | K30: =IF(ISNUMBER(F30),IF(F30<>0,B30,""),"") -> 46539 | L30: =L29+1 -> 2040 | M30: =SUMIF($J$13:$J$350,L30,$C$13:$C$350) -> 8718937.2 | N30: =SUMIF($J$13:$J$350,L30,$D$13:$D$350) -> 3566528 | O30: =SUMIF($J$13:$J$350,L30,$F$13:$F$350) -> 213177.91 | P30: =(M30+N30)/O30 -> 57.630104 | Q30: =M30/O30 -> 40.899815 | R30: =IFERROR(N30/O30,0) -> 16.730289 | S30: =SUMIFS($C$13:$C$312,$J$13:$J$312,L30,$V$13:$V$312,"Summer") -> 2278808.5 | U30: =SUMIFS($D$13:$D$276,$J$13:$J$276,L30,$V$12:$V$275,"Summer") -> 1188842.7 | V30: =IFERROR(IF(AND(MONTH(K30)>=6,MONTH(K30)<=9),"Summer","Winter"),"-") -> Summer | X30: =M30+N30 -> 12285465 | Y30: =SUMIF($J$13:$J$350,L30,$AD$13:$AD$350) -> 10888804 | Z30: =Inflation -> 0.0222 | AA30: =IF($AA$8="Solar",IFERROR(IF(J30>$AC$1,-0.005,0),AA18),0) -> 0 | AD30: 264846.77 | AE30: =SUMIFS($AD$13:$AD$350,$J$13:$J$350,L30,$V$13:$V$350,"Summer") -> 3114057.7
B31: =EDATE(B30,1) -> 46569 | C31: 554962.19 | D31: =IF(ISNUMBER($F31),VLOOKUP($J31,'Table 1'!$B$13:$C$41,2,FALSE)/12*1000*Study_MW,"") -> 0 | E31: =IF(ISNUMBER(C31+D31),C31+D31,"") -> 554962.19 | F31: 13744.055 | G31: =IF(ISNUMBER($F31),E31/$F31,"") -> 40.378344 | I31: =I19+13 -> 20 | J31: =YEAR(B31) -> 2027 | K31: =IF(ISNUMBER(F31),IF(F31<>0,B31,""),"") -> 46569 | L31: =L30+1 -> 2041 | M31: =SUMIF($J$13:$J$350,L31,$C$13:$C$350) -> 9076495.5 | N31: =SUMIF($J$13:$J$350,L31,$D$13:$D$350) -> 3645674.7 | O31: =SUMIF($J$13:$J$350,L31,$F$13:$F$350) -> 212907.26 | P31: =(M31+N31)/O31 -> 59.754516 | Q31: =M31/O31 -> 42.631217 | R31: =IFERROR(N31/O31,0) -> 17.123299 | S31: =SUMIFS($C$13:$C$312,$J$13:$J$312,L31,$V$13:$V$312,"Summer") -> 2363793.8 | U31: =SUMIFS($D$13:$D$276,$J$13:$J$276,L31,$V$12:$V$275,"Summer") -> 1215224.9 | V31: =IFERROR(IF(AND(MONTH(K31)>=6,MONTH(K31)<=9),"Summer","Winter"),"-") -> Summer | X31: =M31+N31 -> 12722170 | Y31: =SUMIF($J$13:$J$350,L31,$AD$13:$AD$350) -> 11595147 | Z31: =Inflation -> 0.0222 | AA31: =IF($AA$8="Solar",IFERROR(IF(J31>$AC$1,-0.005,0),AA19),0) -> 0 | AD31: 241459.46 | AE31: =SUMIFS($AD$13:$AD$350,$J$13:$J$350,L31,$V$13:$V$350,"Summer") -> 3347071.1
B32: =EDATE(B31,1) -> 46600 | C32: 326401.92 | D32: =IF(ISNUMBER($F32),VLOOKUP($J32,'Table 1'!$B$13:$C$41,2,FALSE)/12*1000*Study_MW,"") -> 0 | E32: =IF(ISNUMBER(C32+D32),C32+D32,"") -> 326401.92 | F32: 12918.07 | G32: =IF(ISNUMBER($F32),E32/$F32,"") -> 25.26708 | I32: =I20+13 -> 21 | J32: =YEAR(B32) -> 2027 | K32: =IF(ISNUMBER(F32),IF(F32<>0,B32,""),"") -> 46600 | L32: =L31+1 -> 2042 | M32: =SUMIF($J$13:$J$350,L32,$C$13:$C$350) -> 9598685.5 | N32: =SUMIF($J$13:$J$350,L32,$D$13:$D$350) -> 3726613.3 | O32: =SUMIF($J$13:$J$350,L32,$F$13:$F$350) -> 213117.68 | P32: =(M32+N32)/O32 -> 62.525543 | Q32: =M32/O32 -> 45.039367 | R32: =IFERROR(N32/O32,0) -> 17.486176 | S32: =SUMIFS($C$13:$C$312,$J$13:$J$312,L32,$V$13:$V$312,"Summer") -> 2635955.9 | U32: =SUMIFS($D$13:$D$276,$J$13:$J$276,L32,$V$12:$V$275,"Summer") -> 1242204.4 | V32: =IFERROR(IF(AND(MONTH(K32)>=6,MONTH(K32)<=9),"Summer","Winter"),"-") -> Summer | X32: =M32+N32 -> 13325299 | Y32: =SUMIF($J$13:$J$350,L32,$AD$13:$AD$350) -> 12292909 | Z32: =Inflation -> 0.0222 | AA32: =IF($AA$8="Solar",IFERROR(IF(J32>$AC$1,-0.005,0),AA20),0) -> 0 | AD32: 320737.43 | AE32: =SUMIFS($AD$13:$AD$350,$J$13:$J$350,L32,$V$13:$V$350,"Summer") -> 3603127.7
B33: =EDATE(B32,1) -> 46631 | C33: 244684.85 | D33: =IF(ISNUMBER($F33),VLOOKUP($J33,'Table 1'!$B$13:$C$41,2,FALSE)/12*1000*Study_MW,"") -> 0 | E33: =IF(ISNUMBER(C33+D33),C33+D33,"") -> 244684.85 | F33: 11871.487 | G33: =IF(ISNUMBER($F33),E33/$F33,"") -> 20.611137 | I33: =I21+13 -> 22 | J33: =YEAR(B33) -> 2027 | K33: =IF(ISNUMBER(F33),IF(F33<>0,B33,""),"") -> 46631 | L33: =L32+1 -> 2043 | M33: =SUMIF($J$13:$J$350,L33,$C$13:$C$350) -> 10096773 | N33: =SUMIF($J$13:$J$350,L33,$D$13:$D$350) -> 3809344 | O33: =SUMIF($J$13:$J$350,L33,$F$13:$F$350) -> 213067.17 | P33: =(M33+N33)/O33 -> 65.266352 | Q33: =M33/O33 -> 47.387745 | R33: =IFERROR(N33/O33,0) -> 17.878606 | S33: =SUMIFS($C$13:$C$312,$J$13:$J$312,L33,$V$13:$V$312,"Summer") -> 2736811.7 | U33: =SUMIFS($D$13:$D$276,$J$13:$J$276,L33,$V$12:$V$275,"Summer") -> 1269781.3 | V33: =IFERROR(IF(AND(MONTH(K33)>=6,MONTH(K33)<=9),"Summer","Winter"),"-") -> Summer | X33: =M33+N33 -> 13906117 | Y33: =SUMIF($J$13:$J$350,L33,$AD$13:$AD$350) -> 13443453 | Z33: =Inflation -> 0.0222 | AA33: =IF($AA$8="Solar",IFERROR(IF(J33>$AC$1,-0.005,0),AA21),0) -> 0 | AD33: 244306.15 | AE33: =SUMIFS($AD$13:$AD$350,$J$13:$J$350,L33,$V$13:$V$350,"Summer") -> 4016035.2
B34: =EDATE(B33,1) -> 46661 | C34: 323022.95 | D34: =IF(ISNUMBER($F34),VLOOKUP($J34,'Table 1'!$B$13:$C$41,2,FALSE)/12*1000*Study_MW,"") -> 0 | E34: =IF(ISNUMBER(C34+D34),C34+D34,"") -> 323022.95 | F34: 23100.343 | G34: =IF(ISNUMBER($F34),E34/$F34,"") -> 13.98347 | I34: =I22+13 -> 23 | J34: =YEAR(B34) -> 2027 | K34: =IF(ISNUMBER(F34),IF(F34<>0,B34,""),"") -> 46661 | L34: =L33+1 -> 2044 | M34: =SUMIF($J$13:$J$350,L34,$C$13:$C$350) -> 10354649 | N34: =SUMIF($J$13:$J$350,L34,$D$13:$D$350) -> 3893866.7 | O34: =SUMIF($J$13:$J$350,L34,$F$13:$F$350) -> 213190.03 | P34: =(M34+N34)/O34 -> 66.834811 | Q34: =M34/O34 -> 48.570042 | R34: =IFERROR(N34/O34,0) -> 18.264769 | S34: =SUMIFS($C$13:$C$312,$J$13:$J$312,L34,$V$13:$V$312,"Summer") -> 2790859.5 | U34: =SUMIFS($D$13:$D$276,$J$13:$J$276,L34,$V$12:$V$275,"Summer") -> 1297955.6 | V34: =IFERROR(IF(AND(MONTH(K34)>=6,MONTH(K34)<=9),"Summer","Winter"),"-") -> Winter | X34: =M34+N34 -> 14248515 | Y34: =SUMIF($J$13:$J$350,L34,$AD$13:$AD$350) -> 14751098 | Z34: =Inflation -> 0.0222 | AA34: =IF($AA$8="Solar",IFERROR(IF(J34>$AC$1,-0.005,0),AA22),0) -> 0 | AD34: 328526.26 | AE34: =SUMIFS($AD$13:$AD$350,$J$13:$J$350,L34,$V$13:$V$350,"Summer") -> 4325982.4
B35: =EDATE(B34,1) -> 46692 | C35: 313746.17 | D35: =IF(ISNUMBER($F35),VLOOKUP($J35,'Table 1'!$B$13:$C$41,2,FALSE)/12*1000*Study_MW,"") -> 0 | E35: =IF(ISNUMBER(C35+D35),C35+D35,"") -> 313746.17 | F35: 13580.217 | G35: =IF(ISNUMBER($F35),E35/$F35,"") -> 23.103178 | I35: =I23+13 -> 24 | J35: =YEAR(B35) -> 2027 | K35: =IF(ISNUMBER(F35),IF(F35<>0,B35,""),"") -> 46692 | L35: =L34+1 -> 2045 | M35: =SUMIF($J$13:$J$350,L35,$C$13:$C$350) -> 10884954 | N35: =SUMIF($J$13:$J$350,L35,$D$13:$D$350) -> 3980330.7 | O35: =SUMIF($J$13:$J$350,L35,$F$13:$F$350) -> 212746.69 | P35: =(M35+N35)/O35 -> 69.873167 | Q35: =M35/O35 -> 51.163918 | R35: =IFERROR(N35/O35,0) -> 18.709248 | S35: =SUMIFS($C$13:$C$312,$J$13:$J$312,L35,$V$13:$V$312,"Summer") -> 2934211.7 | U35: =SUMIFS($D$13:$D$276,$J$13:$J$276,L35,$V$12:$V$275,"Summer") -> 1326776.9 | V35: =IFERROR(IF(AND(MONTH(K35)>=6,MONTH(K35)<=9),"Summer","Winter"),"-") -> Winter | X35: =M35+N35 -> 14865285 | Y35: =SUMIF($J$13:$J$350,L35,$AD$13:$AD$350) -> 14813865 | Z35: =Inflation -> 0.0222 | AA35: =IF($AA$8="Solar",IFERROR(IF(J35>$AC$1,-0.005,0),AA23),0) -> 0 | AD35: 306597.7 | AE35: =SUMIFS($AD$13:$AD$350,$J$13:$J$350,L35,$V$13:$V$350,"Summer") -> 4325235.7
B36: =EDATE(B35,1) -> 46722 | C36: 403488.85 | D36: =IF(ISNUMBER($F36),VLOOKUP($J36,'Table 1'!$B$13:$C$41,2,FALSE)/12*1000*Study_MW,"") -> 0 | E36: =IF(ISNUMBER(C36+D36),C36+D36,"") -> 403488.85 | F36: 15022.587 | G36: =IF(ISNUMBER($F36),E36/$F36,"") -> 26.858813 | I36: =I24+13 -> 25 | J36: =YEAR(B36) -> 2027 | K36: =IF(ISNUMBER(F36),IF(F36<>0,B36,""),"") -> 46722 | L36: =L35+1 -> 2046 | M36: =SUMIF($J$13:$J$350,L36,$C$13:$C$350) -> 11126600 | N36: =SUMIF($J$13:$J$350,L36,$D$13:$D$350) -> 4068736 | O36: =SUMIF($J$13:$J$350,L36,$F$13:$F$350) -> 212746.69 | P36: =(M36+N36)/O36 -> 71.424549 | Q36: =M36/O36 -> 52.299757 | R36: =IFERROR(N36/O36,0) -> 19.124791 | S36: =SUMIFS($C$13:$C$312,$J$13:$J$312,L36,$V$13:$V$312,"Summer") -> 2999351.2 | U36: =SUMIFS($D$13:$D$276,$J$13:$J$276,L36,$V$12:$V$275,"Summer") -> 1356245.3 | V36: =IFERROR(IF(AND(MONTH(K36)>=6,MONTH(K36)<=9),"Summer","Winter"),"-") -> Winter | X36: =M36+N36 -> 15195336 | Y36: =SUMIF($J$13:$J$350,L36,$AD$13:$AD$350) -> 15142733 | Z36: =Inflation -> 0.0222 | AA36: =IF($AA$8="Solar",IFERROR(IF(J36>$AC$1,-0.005,0),AA24),0) -> 0 | AD36: 396247.75 | AE36: =SUMIFS($AD$13:$AD$350,$J$13:$J$350,L36,$V$13:$V$350,"Summer") -> 4421256
... B41: =EDATE(B40,1) -> 46874 | C41: 291324.7 | D41: =IF(ISNUMBER($F41),VLOOKUP($J41,'Table 1'!$B$13:$C$41,2,FALSE)/12*1000*Study_MW,"") -> 0 | E41: =IF(ISNUMBER(C41+D41),C41+D41,"") -> 291324.7 | F41: 21850.675 | G41: =IF(ISNUMBER($F41),E41/$F41,"") -> 13.332526 | I41: =I29+13 -> 31 | J41: =YEAR(B41) -> 2028 | K41: =IF(ISNUMBER(F41),IF(F41<>0,B41,""),"") -> 46874 | L41: =L40+1 -> 2051 | M41: =SUMIF($J$13:$J$350,L41,$C$13:$C$350) -> 12417720 | N41: =SUMIF($J$13:$J$350,L41,$D$13:$D$350) -> 4540928 | O41: =SUMIF($J$13:$J$350,L41,$F$13:$F$350) -> 212746.69 | P41: =(M41+N41)/O41 -> 79.712865 | Q41: =M41/O41 -> 58.368571 | R41: =IFERROR(N41/O41,0) -> 21.344295 | S41: =SUMIFS($C$13:$C$312,$J$13:$J$312,L41,$V$13:$V$312,"Summer") -> 0 | U41: =SUMIFS($D$13:$D$276,$J$13:$J$276,L41,$V$12:$V$275,"Summer") -> 0 | V41: =IFERROR(IF(AND(MONTH(K41)>=6,MONTH(K41)<=9),"Summer","Winter"),"-") -> Winter | X41: =M41+N41 -> 16958648 | Y41: =SUMIF($J$13:$J$350,L41,$AD$13:$AD$350) -> 16899881 | Z41: =Inflation -> 0.0222 | AA41: =IF($AA$8="Solar",IFERROR(IF(J41>$AC$1,-0.005,0),AA29),0) -> 0 | AD41: 307886.41 | AE41: =SUMIFS($AD$13:$AD$350,$J$13:$J$350,L41,$V$13:$V$350,"Summer") -> 4934294.2
B42: =EDATE(B41,1) -> 46905 | C42: 301236.89 | D42: =IF(ISNUMBER($F42),VLOOKUP($J42,'Table 1'!$B$13:$C$41,2,FALSE)/12*1000*Study_MW,"") -> 0 | E42: =IF(ISNUMBER(C42+D42),C42+D42,"") -> 301236.89 | F42: 21727.221 | G42: =IF(ISNUMBER($F42),E42/$F42,"") -> 13.864492 | I42: =I30+13 -> 32 | J42: =YEAR(B42) -> 2028 | K42: =IF(ISNUMBER(F42),IF(F42<>0,B42,""),"") -> 46905 | L42: =L41+1 -> 2052 | V42: =IFERROR(IF(AND(MONTH(K42)>=6,MONTH(K42)<=9),"Summer","Winter"),"-") -> Summer | X42: =M42+N42 -> 0 | Z42: =Inflation -> 0.0222 | AA42: =IF($AA$8="Solar",IFERROR(IF(J42>$AC$1,-0.005,0),AA30),0) -> 0 | AD42: 278441.46
B43: =EDATE(B42,1) -> 46935 | C43: 649193.42 | D43: =IF(ISNUMBER($F43),VLOOKUP($J43,'Table 1'!$B$13:$C$41,2,FALSE)/12*1000*Study_MW,"") -> 0 | E43: =IF(ISNUMBER(C43+D43),C43+D43,"") -> 649193.42 | F43: 13087.663 | G43: =IF(ISNUMBER($F43),E43/$F43,"") -> 49.603465 | I43: =I31+13 -> 33 | J43: =YEAR(B43) -> 2028 | K43: =IF(ISNUMBER(F43),IF(F43<>0,B43,""),"") -> 46935 | V43: =IFERROR(IF(AND(MONTH(K43)>=6,MONTH(K43)<=9),"Summer","Winter"),"-") -> Summer | X43: =M43+N43 -> 0 | Z43: =Inflation -> 0.0222 | AA43: =IF($AA$8="Solar",IFERROR(IF(J43>$AC$1,-0.005,0),AA31),0) -> 0 | AD43: 315154.92
B44: =EDATE(B43,1) -> 46966 | C44: 360363.48 | D44: =IF(ISNUMBER($F44),VLOOKUP($J44,'Table 1'!$B$13:$C$41,2,FALSE)/12*1000*Study_MW,"") -> 0 | E44: =IF(ISNUMBER(C44+D44),C44+D44,"") -> 360363.48 | F44: 13352.838 | G44: =IF(ISNUMBER($F44),E44/$F44,"") -> 26.987782 | I44: =I32+13 -> 34 | J44: =YEAR(B44) -> 2028 | K44: =IF(ISNUMBER(F44),IF(F44<>0,B44,""),"") -> 46966 | V44: =IFERROR(IF(AND(MONTH(K44)>=6,MONTH(K44)<=9),"Summer","Winter"),"-") -> Summer | X44: =M44+N44 -> 0 | Z44: =Inflation -> 0.0222 | AA44: =IF($AA$8="Solar",IFERROR(IF(J44>$AC$1,-0.005,0),AA32),0) -> 0 | AD44: 365594.97
B45: =EDATE(B44,1) -> 46997 | C45: 289317.66 | D45: =IF(ISNUMBER($F45),VLOOKUP($J45,'Table 1'!$B$13:$C$41,2,FALSE)/12*1000*Study_MW,"") -> 0 | E45: =IF(ISNUMBER(C45+D45),C45+D45,"") -> 289317.66 | F45: 11306.16 | G45: =IF(ISNUMBER($F45),E45/$F45,"") -> 25.589383 | I45: =I33+13 -> 35 | J45: =YEAR(B45) -> 2028 | K45: =IF(ISNUMBER(F45),IF(F45<>0,B45,""),"") -> 46997 | V45: =IFERROR(IF(AND(MONTH(K45)>=6,MONTH(K45)<=9),"Summer","Winter"),"-") -> Summer | X45: =M45+N45 -> 0 | Z45: =Inflation -> 0.0222 | AA45: =IF($AA$8="Solar",IFERROR(IF(J45>$AC$1,-0.005,0),AA33),0) -> 0 | AD45: 288371.24
B46: =EDATE(B45,1) -> 47027 | C46: 432827.1 | D46: =IF(ISNUMBER($F46),VLOOKUP($J46,'Table 1'!$B$13:$C$41,2,FALSE)/12*1000*Study_MW,"") -> 0 | E46: =IF(ISNUMBER(C46+D46),C46+D46,"") -> 432827.1 | F46: 23404.873 | G46: =IF(ISNUMBER($F46),E46/$F46,"") -> 18.493034 | I46: =I34+13 -> 36 | J46: =YEAR(B46) -> 2028 | K46: =IF(ISNUMBER(F46),IF(F46<>0,B46,""),"") -> 47027 | V46: =IFERROR(IF(AND(MONTH(K46)>=6,MONTH(K46)<=9),"Summer","Winter"),"-") -> Winter | X46: =M46+N46 -> 0 | Z46: =Inflation -> 0.0222 | AA46: =IF($AA$8="Solar",IFERROR(IF(J46>$AC$1,-0.005,0),AA34),0) -> 0 | AD46: 430438.46
B47: =EDATE(B46,1) -> 47058 | C47: 388544.94 | D47: =IF(ISNUMBER($F47),VLOOKUP($J47,'Table 1'!$B$13:$C$41,2,FALSE)/12*1000*Study_MW,"") -> 0 | E47: =IF(ISNUMBER(C47+D47),C47+D47,"") -> 388544.94 | F47: 14273.346 | G47: =IF(ISNUMBER($F47),E47/$F47,"") -> 27.221714 | I47: =I35+13 -> 37 | J47: =YEAR(B47) -> 2028 | K47: =IF(ISNUMBER(F47),IF(F47<>0,B47,""),"") -> 47058 | V47: =IFERROR(IF(AND(MONTH(K47)>=6,MONTH(K47)<=9),"Summer","Winter"),"-") -> Winter | X47: =M47+N47 -> 0 | Z47: =Inflation -> 0.0222 | AA47: =IF($AA$8="Solar",IFERROR(IF(J47>$AC$1,-0.005,0),AA35),0) -> 0 | AD47: 376162.1
B48: =EDATE(B47,1) -> 47088 | C48: 502193.99 | D48: =IF(ISNUMBER($F48),VLOOKUP($J48,'Table 1'!$B$13:$C$41,2,FALSE)/12*1000*Study_MW,"") -> 0 | E48: =IF(ISNUMBER(C48+D48),C48+D48,"") -> 502193.99 | F48: 14261.219 | G48: =IF(ISNUMBER($F48),E48/$F48,"") -> 35.213959 | I48: =I36+13 -> 38 | J48: =YEAR(B48) -> 2028 | K48: =IF(ISNUMBER(F48),IF(F48<>0,B48,""),"") -> 47088 | V48: =IFERROR(IF(AND(MONTH(K48)>=6,MONTH(K48)<=9),"Summer","Winter"),"-") -> Winter | X48: =M48+N48 -> 0 | Z48: =Inflation -> 0.0222 | AA48: =IF($AA$8="Solar",IFERROR(IF(J48>$AC$1,-0.005,0),AA36),0) -> 0 | AD48: 499981.53
B49: =EDATE(B48,1) -> 47119 | C49: 667371.1 | D49: =IF(ISNUMBER($F49),VLOOKUP($J49,'Table 1'!$B$13:$C$41,2,FALSE)/12*1000*Study_MW,"") -> 0 | E49: =IF(ISNUMBER(C49+D49),C49+D49,"") -> 667371.1 | F49: 20955.288 | G49: =IF(ISNUMBER($F49),E49/$F49,"") -> 31.847383 | I49: =I37+13 -> 40 | J49: =YEAR(B49) -> 2029 | K49: =IF(ISNUMBER(F49),IF(F49<>0,B49,""),"") -> 47119 | V49: =IFERROR(IF(AND(MONTH(K49)>=6,MONTH(K49)<=9),"Summer","Winter"),"-") -> Winter | X49: =M49+N49 -> 0 | Z49: =Inflation -> 0.0222 | AA49: =IF($AA$8="Solar",IFERROR(IF(J49>$AC$1,-0.005,0),AA37),0) -> 0 | AD49: 655101.88
B50: =EDATE(B49,1) -> 47150 | C50: 518549.49 | D50: =IF(ISNUMBER($F50),VLOOKUP($J50,'Table 1'!$B$13:$C$41,2,FALSE)/12*1000*Study_MW,"") -> 0 | E50: =IF(ISNUMBER(C50+D50),C50+D50,"") -> 518549.49 | F50: 17419.669 | G50: =IF(ISNUMBER($F50),E50/$F50,"") -> 29.768045 | I50: =I38+13 -> 41 | J50: =YEAR(B50) -> 2029 | K50: =IF(ISNUMBER(F50),IF(F50<>0,B50,""),"") -> 47150 | V50: =IFERROR(IF(AND(MONTH(K50)>=6,MONTH(K50)<=9),"Summer","Winter"),"-") -> Winter | X50: =M50+N50 -> 0 | Z50: =Inflation -> 0.0222 | AA50: =IF($AA$8="Solar",IFERROR(IF(J50>$AC$1,-0.005,0),AA38),0) -> 0 | AD50: 515508.34
B51: =EDATE(B50,1) -> 47178 | C51: 279049.42 | D51: =IF(ISNUMBER($F51),VLOOKUP($J51,'Table 1'!$B$13:$C$41,2,FALSE)/12*1000*Study_MW,"") -> 0 | E51: =IF(ISNUMBER(C51+D51),C51+D51,"") -> 279049.42 | F51: 17461.912 | G51: =IF(ISNUMBER($F51),E51/$F51,"") -> 15.980462 | I51: =I39+13 -> 42 | J51: =YEAR(B51) -> 2029 | K51: =IF(ISNUMBER(F51),IF(F51<>0,B51,""),"") -> 47178 | V51: =IFERROR(IF(AND(MONTH(K51)>=6,MONTH(K51)<=9),"Summer","Winter"),"-") -> Winter | Z51: =Inflation -> 0.0222 | AA51: =IF($AA$8="Solar",IFERROR(IF(J51>$AC$1,-0.005,0),AA39),0) -> 0 | AD51: 243188.95
B52: =EDATE(B51,1) -> 47209 | C52: 246852.7 | D52: =IF(ISNUMBER($F52),VLOOKUP($J52,'Table 1'!$B$13:$C$41,2,FALSE)/12*1000*Study_MW,"") -> 0 | E52: =IF(ISNUMBER(C52+D52),C52+D52,"") -> 246852.7 | F52: 23966.334 | G52: =IF(ISNUMBER($F52),E52/$F52,"") -> 10.299977 | I52: =I40+13 -> 43 | J52: =YEAR(B52) -> 2029 | K52: =IF(ISNUMBER(F52),IF(F52<>0,B52,""),"") -> 47209 | V52: =IFERROR(IF(AND(MONTH(K52)>=6,MONTH(K52)<=9),"Summer","Winter"),"-") -> Winter | Z52: =Inflation -> 0.0222 | AA52: =IF($AA$8="Solar",IFERROR(IF(J52>$AC$1,-0.005,0),AA40),0) -> 0 | AD52: 247950.29
B53: =EDATE(B52,1) -> 47239 | C53: 316424.2 | D53: =IF(ISNUMBER($F53),VLOOKUP($J53,'Table 1'!$B$13:$C$41,2,FALSE)/12*1000*Study_MW,"") -> 0 | E53: =IF(ISNUMBER(C53+D53),C53+D53,"") -> 316424.2 | F53: 22571.999 | G53: =IF(ISNUMBER($F53),E53/$F53,"") -> 14.018439 | I53: =I41+13 -> 44 | J53: =YEAR(B53) -> 2029 | K53: =IF(ISNUMBER(F53),IF(F53<>0,B53,""),"") -> 47239 | V53: =IFERROR(IF(AND(MONTH(K53)>=6,MONTH(K53)<=9),"Summer","Winter"),"-") -> Winter | Z53: =Inflation -> 0.0222 | AA53: =IF($AA$8="Solar",IFERROR(IF(J53>$AC$1,-0.005,0),AA41),0) -> 0 | AD53: 281148.38
B54: =EDATE(B53,1) -> 47270 | C54: 332605.08 | D54: =IF(ISNUMBER($F54),VLOOKUP($J54,'Table 1'!$B$13:$C$41,2,FALSE)/12*1000*Study_MW,"") -> 0 | E54: =IF(ISNUMBER(C54+D54),C54+D54,"") -> 332605.08 | F54: 21093.47 | G54: =IF(ISNUMBER($F54),E54/$F54,"") -> 15.768154 | I54: =I42+13 -> 45 | J54: =YEAR(B54) -> 2029 | K54: =IF(ISNUMBER(F54),IF(F54<>0,B54,""),"") -> 47270 | V54: =IFERROR(IF(AND(MONTH(K54)>=6,MONTH(K54)<=9),"Summer","Winter"),"-") -> Summer | Z54: =Inflation -> 0.0222 | AA54: =IF($AA$8="Solar",IFERROR(IF(J54>$AC$1,-0.005,0),AA42),0) -> 0 | AD54: 339801.55
B55: =EDATE(B54,1) -> 47300 | C55: 586353.46 | D55: =IF(ISNUMBER($F55),VLOOKUP($J55,'Table 1'!$B$13:$C$41,2,FALSE)/12*1000*Study_MW,"") -> 0 | E55: =IF(ISNUMBER(C55+D55),C55+D55,"") -> 586353.46 | F55: 12599.717 | G55: =IF(ISNUMBER($F55),E55/$F55,"") -> 46.537036 | I55: =I43+13 -> 46 | J55: =YEAR(B55) -> 2029 | K55: =IF(ISNUMBER(F55),IF(F55<>0,B55,""),"") -> 47300 | V55: =IFERROR(IF(AND(MONTH(K55)>=6,MONTH(K55)<=9),"Summer","Winter"),"-") -> Summer | Z55: =Inflation -> 0.0222 | AA55: =IF($AA$8="Solar",IFERROR(IF(J55>$AC$1,-0.005,0),AA43),0) -> 0 | AD55: 322584.37
B56: =EDATE(B55,1) -> 47331 | C56: 442043.17 | D56: =IF(ISNUMBER($F56),VLOOKUP($J56,'Table 1'!$B$13:$C$41,2,FALSE)/12*1000*Study_MW,"") -> 0 | E56: =IF(ISNUMBER(C56+D56),C56+D56,"") -> 442043.17 | F56: 13274.537 | G56: =IF(ISNUMBER($F56),E56/$F56,"") -> 33.300082 | I56: =I44+13 -> 47 | J56: =YEAR(B56) -> 2029 | K56: =IF(ISNUMBER(F56),IF(F56<>0,B56,""),"") -> 47331 | V56: =IFERROR(IF(AND(MONTH(K56)>=6,MONTH(K56)<=9),"Summer","Winter"),"-") -> Summer | Z56: =Inflation -> 0.0222 | AA56: =IF($AA$8="Solar",IFERROR(IF(J56>$AC$1,-0.005,0),AA44),0) -> 0 | AD56: 451850.56
B57: =EDATE(B56,1) -> 47362 | C57: 339118.63 | D57: =IF(ISNUMBER($F57),VLOOKUP($J57,'Table 1'!$B$13:$C$41,2,FALSE)/12*1000*Study_MW,"") -> 0 | E57: =IF(ISNUMBER(C57+D57),C57+D57,"") -> 339118.63 | F57: 11262.101 | G57: =IF(ISNUMBER($F57),E57/$F57,"") -> 30.111491 | I57: =I45+13 -> 48 | J57: =YEAR(B57) -> 2029 | K57: =IF(ISNUMBER(F57),IF(F57<>0,B57,""),"") -> 47362 | V57: =IFERROR(IF(AND(MONTH(K57)>=6,MONTH(K57)<=9),"Summer","Winter"),"-") -> Summer | Z57: =Inflation -> 0.0222 | AA57: =IF($AA$8="Solar",IFERROR(IF(J57>$AC$1,-0.005,0),AA45),0) -> 0 | AD57: 340631.65
B58: =EDATE(B57,1) -> 47392 | C58: 585490.22 | D58: =IF(ISNUMBER($F58),VLOOKUP($J58,'Table 1'!$B$13:$C$41,2,FALSE)/12*1000*Study_MW,"") -> 0 | E58: =IF(ISNUMBER(C58+D58),C58+D58,"") -> 585490.22 | F58: 23306.768 | G58: =IF(ISNUMBER($F58),E58/$F58,"") -> 25.121039 | I58: =I46+13 -> 49 | J58: =YEAR(B58) -> 2029 | K58: =IF(ISNUMBER(F58),IF(F58<>0,B58,""),"") -> 47392 | V58: =IFERROR(IF(AND(MONTH(K58)>=6,MONTH(K58)<=9),"Summer","Winter"),"-") -> Winter | Z58: =Inflation -> 0.0222 | AA58: =IF($AA$8="Solar",IFERROR(IF(J58>$AC$1,-0.005,0),AA46),0) -> 0 | AD58: 585403.5
B59: =EDATE(B58,1) -> 47423 | C59: 523839.38 | D59: =IF(ISNUMBER($F59),VLOOKUP($J59,'Table 1'!$B$13:$C$41,2,FALSE)/12*1000*Study_MW,"") -> 0 | E59: =IF(ISNUMBER(C59+D59),C59+D59,"") -> 523839.38 | F59: 15087.523 | G59: =IF(ISNUMBER($F59),E59/$F59,"") -> 34.720038 | I59: =I47+13 -> 50 | J59: =YEAR(B59) -> 2029 | K59: =IF(ISNUMBER(F59),IF(F59<>0,B59,""),"") -> 47423 | V59: =IFERROR(IF(AND(MONTH(K59)>=6,MONTH(K59)<=9),"Summer","Winter"),"-") -> Winter | Z59: =Inflation -> 0.0222 | AA59: =IF($AA$8="Solar",IFERROR(IF(J59>$AC$1,-0.005,0),AA47),0) -> 0 | AD59: 525051.68
B60: =EDATE(B59,1) -> 47453 | C60: 531011.41 | D60: =IF(ISNUMBER($F60),VLOOKUP($J60,'Table 1'!$B$13:$C$41,2,FALSE)/12*1000*Study_MW,"") -> 0 | E60: =IF(ISNUMBER(C60+D60),C60+D60,"") -> 531011.41 | F60: 13611.874 | G60: =IF(ISNUMBER($F60),E60/$F60,"") -> 39.010896 | I60: =I48+13 -> 51 | J60: =YEAR(B60) -> 2029 | K60: =IF(ISNUMBER(F60),IF(F60<>0,B60,""),"") -> 47453 | V60: =IFERROR(IF(AND(MONTH(K60)>=6,MONTH(K60)<=9),"Summer","Winter"),"-") -> Winter | Z60: =Inflation -> 0.0222 | AA60: =IF($AA$8="Solar",IFERROR(IF(J60>$AC$1,-0.005,0),AA48),0) -> 0 | AD60: 525273.72
B61: =EDATE(B60,1) -> 47484 | C61: 973974.41 | D61: =IF(ISNUMBER($F61),VLOOKUP($J61,'Table 1'!$B$13:$C$41,2,FALSE)/12*1000*Study_MW,"") -> 0 | E61: =IF(ISNUMBER(C61+D61),C61+D61,"") -> 973974.41 | F61: 21721.678 | G61: =IF(ISNUMBER($F61),E61/$F61,"") -> 44.838819 | I61: =I49+13 -> 53 | J61: =YEAR(B61) -> 2030 | K61: =IF(ISNUMBER(F61),IF(F61<>0,B61,""),"") -> 47484 | V61: =IFERROR(IF(AND(MONTH(K61)>=6,MONTH(K61)<=9),"Summer","Winter"),"-") -> Winter | Z61: =Inflation -> 0.0222 | AA61: =IF($AA$8="Solar",IFERROR(IF(J61>$AC$1,-0.005,0),AA49),0) -> 0 | AD61: 965721.6
B62: =EDATE(B61,1) -> 47515 | C62: 703666.97 | D62: =IF(ISNUMBER($F62),VLOOKUP($J62,'Table 1'!$B$13:$C$41,2,FALSE)/12*1000*Study_MW,"") -> 0 | E62: =IF(ISNUMBER(C62+D62),C62+D62,"") -> 703666.97 | F62: 17114.063 | G62: =IF(ISNUMBER($F62),E62/$F62,"") -> 41.116302 | I62: =I50+13 -> 54 | J62: =YEAR(B62) -> 2030 | K62: =IF(ISNUMBER(F62),IF(F62<>0,B62,""),"") -> 47515 | V62: =IFERROR(IF(AND(MONTH(K62)>=6,MONTH(K62)<=9),"Summer","Winter"),"-") -> Winter | Z62: =Inflation -> 0.0222 | AA62: =IF($AA$8="Solar",IFERROR(IF(J62>$AC$1,-0.005,0),AA50),0) -> 0 | AD62: 710343.21
... B204: =EDATE(B203,1) -> 51836 | C204: 564357.75 | D204: =IF(ISNUMBER($F204),VLOOKUP($J204,'Table 1'!$B$13:$C$41,2,FALSE)/12*1000*Study_MW,"") -> 303806.22 | E204: =IF(ISNUMBER(C204+D204),C204+D204,"") -> 868163.97 | F204: 12741.418 | G204: =IF(ISNUMBER($F204),E204/$F204,"") -> 68.137157 | I204: =I192+13 -> 207 | J204: =YEAR(B204) -> 2041 | K204: =IF(ISNUMBER(F204),IF(F204<>0,B204,""),"") -> 51836 | V204: =IFERROR(IF(AND(MONTH(K204)>=6,MONTH(K204)<=9),"Summer","Winter"),"-") -> Winter | Z204: =Inflation -> 0.0222 | AA204: =IF($AA$8="Solar",IFERROR(IF(J204>$AC$1,-0.005,0),AA192),0) -> 0 | AD204: 890464.92
B205: =EDATE(B204,1) -> 51867 | C205: 919904.6 | D205: =IF(ISNUMBER($F205),VLOOKUP($J205,'Table 1'!$B$13:$C$41,2,FALSE)/12*1000*Study_MW,"") -> 310551.11 | E205: =IF(ISNUMBER(C205+D205),C205+D205,"") -> 1230455.7 | F205: 16962.172 | G205: =IF(ISNUMBER($F205),E205/$F205,"") -> 72.541163 | I205: =I193+13 -> 209 | J205: =YEAR(B205) -> 2042 | K205: =IF(ISNUMBER(F205),IF(F205<>0,B205,""),"") -> 51867 | N205: =E205/E193-1 -> -0.15405015 | O205: =F205/F193-1 -> -0.21911318 | P205: =G205/G193-1 -> 0.083319409 | V205: =IFERROR(IF(AND(MONTH(K205)>=6,MONTH(K205)<=9),"Summer","Winter"),"-") -> Winter | Z205: =Inflation -> 0.0222 | AA205: =IF($AA$8="Solar",IFERROR(IF(J205>$AC$1,-0.005,0),AA193),0) -> 0 | AD205: 1272715.9
B206: =EDATE(B205,1) -> 51898 | C206: 1195141.5 | D206: =IF(ISNUMBER($F206),VLOOKUP($J206,'Table 1'!$B$13:$C$41,2,FALSE)/12*1000*Study_MW,"") -> 310551.11 | E206: =IF(ISNUMBER(C206+D206),C206+D206,"") -> 1505692.6 | F206: 20624.67 | G206: =IF(ISNUMBER($F206),E206/$F206,"") -> 73.004447 | I206: =I194+13 -> 210 | J206: =YEAR(B206) -> 2042 | K206: =IF(ISNUMBER(F206),IF(F206<>0,B206,""),"") -> 51898 | N206: =E206/E194-1 -> 0.29444301 | O206: =F206/F194-1 -> 0.20512999 | P206: =G206/G194-1 -> 0.07411069 | V206: =IFERROR(IF(AND(MONTH(K206)>=6,MONTH(K206)<=9),"Summer","Winter"),"-") -> Winter | Z206: =Inflation -> 0.0222 | AA206: =IF($AA$8="Solar",IFERROR(IF(J206>$AC$1,-0.005,0),AA194),0) -> 0 | AD206: 1494617.9
B207: =EDATE(B206,1) -> 51926 | C207: 725928.93 | D207: =IF(ISNUMBER($F207),VLOOKUP($J207,'Table 1'!$B$13:$C$41,2,FALSE)/12*1000*Study_MW,"") -> 310551.11 | E207: =IF(ISNUMBER(C207+D207),C207+D207,"") -> 1036480 | F207: 18952.858 | G207: =IF(ISNUMBER($F207),E207/$F207,"") -> 54.687268 | I207: =I195+13 -> 211 | J207: =YEAR(B207) -> 2042 | K207: =IF(ISNUMBER(F207),IF(F207<>0,B207,""),"") -> 51926 | N207: =E207/E195-1 -> 0.16193653 | O207: =F207/F195-1 -> 0.045485973 | P207: =G207/G195-1 -> 0.11138414 | V207: =IFERROR(IF(AND(MONTH(K207)>=6,MONTH(K207)<=9),"Summer","Winter"),"-") -> Winter | Z207: =Inflation -> 0.0222 | AA207: =IF($AA$8="Solar",IFERROR(IF(J207>$AC$1,-0.005,0),AA195),0) -> 0 | AD207: 896861.2
B208: =EDATE(B207,1) -> 51957 | C208: 632992.99 | D208: =IF(ISNUMBER($F208),VLOOKUP($J208,'Table 1'!$B$13:$C$41,2,FALSE)/12*1000*Study_MW,"") -> 310551.11 | E208: =IF(ISNUMBER(C208+D208),C208+D208,"") -> 943544.1 | F208: 19742.419 | G208: =IF(ISNUMBER($F208),E208/$F208,"") -> 47.792729 | I208: =I196+13 -> 212 | J208: =YEAR(B208) -> 2042 | K208: =IF(ISNUMBER(F208),IF(F208<>0,B208,""),"") -> 51957 | N208: =E208/E196-1 -> -0.14512964 | O208: =F208/F196-1 -> -0.13587451 | P208: =G208/G196-1 -> -0.010710398 | V208: =IFERROR(IF(AND(MONTH(K208)>=6,MONTH(K208)<=9),"Summer","Winter"),"-") -> Winter | Z208: =Inflation -> 0.0222 | AA208: =IF($AA$8="Solar",IFERROR(IF(J208>$AC$1,-0.005,0),AA196),0) -> 0 | AD208: 705859.95
B209: =EDATE(B208,1) -> 51987 | C209: 756956.94 | D209: =IF(ISNUMBER($F209),VLOOKUP($J209,'Table 1'!$B$13:$C$41,2,FALSE)/12*1000*Study_MW,"") -> 310551.11 | E209: =IF(ISNUMBER(C209+D209),C209+D209,"") -> 1067508 | F209: 22480.287 | G209: =IF(ISNUMBER($F209),E209/$F209,"") -> 47.486406 | I209: =I197+13 -> 213 | J209: =YEAR(B209) -> 2042 | K209: =IF(ISNUMBER(F209),IF(F209<>0,B209,""),"") -> 51987 | N209: =E209/E197-1 -> 0.030542529 | O209: =F209/F197-1 -> -0.045941304 | P209: =G209/G197-1 -> 0.080166801 | V209: =IFERROR(IF(AND(MONTH(K209)>=6,MONTH(K209)<=9),"Summer","Winter"),"-") -> Winter | Z209: =Inflation -> 0.0222 | AA209: =IF($AA$8="Solar",IFERROR(IF(J209>$AC$1,-0.005,0),AA197),0) -> 0 | AD209: 831808.58
B210: =EDATE(B209,1) -> 52018 | C210: 892589.14 | D210: =IF(ISNUMBER($F210),VLOOKUP($J210,'Table 1'!$B$13:$C$41,2,FALSE)/12*1000*Study_MW,"") -> 310551.11 | E210: =IF(ISNUMBER(C210+D210),C210+D210,"") -> 1203140.2 | F210: 21828.513 | G210: =IF(ISNUMBER($F210),E210/$F210,"") -> 55.117828 | I210: =I198+13 -> 214 | J210: =YEAR(B210) -> 2042 | K210: =IF(ISNUMBER(F210),IF(F210<>0,B210,""),"") -> 52018 | N210: =E210/E198-1 -> 0.027915438 | O210: =F210/F198-1 -> 0.05169184 | P210: =G210/G198-1 -> -0.022607766 | V210: =IFERROR(IF(AND(MONTH(K210)>=6,MONTH(K210)<=9),"Summer","Winter"),"-") -> Summer | Z210: =Inflation -> 0.0222 | AA210: =IF($AA$8="Solar",IFERROR(IF(J210>$AC$1,-0.005,0),AA198),0) -> 0 | AD210: 982524.35
B211: =EDATE(B210,1) -> 52048 | C211: 777599.67 | D211: =IF(ISNUMBER($F211),VLOOKUP($J211,'Table 1'!$B$13:$C$41,2,FALSE)/12*1000*Study_MW,"") -> 310551.11 | E211: =IF(ISNUMBER(C211+D211),C211+D211,"") -> 1088150.8 | F211: 15662.847 | G211: =IF(ISNUMBER($F211),E211/$F211,"") -> 69.473373 | I211: =I199+13 -> 215 | J211: =YEAR(B211) -> 2042 | K211: =IF(ISNUMBER(F211),IF(F211<>0,B211,""),"") -> 52048 | N211: =E211/E199-1 -> 0.3703064 | O211: =F211/F199-1 -> 0.31402593 | P211: =G211/G199-1 -> 0.042830565 | V211: =IFERROR(IF(AND(MONTH(K211)>=6,MONTH(K211)<=9),"Summer","Winter"),"-") -> Summer | Z211: =Inflation -> 0.0222 | AA211: =IF($AA$8="Solar",IFERROR(IF(J211>$AC$1,-0.005,0),AA199),0) -> 0 | AD211: 1001579.5
B212: =EDATE(B211,1) -> 52079 | C212: 443093.53 | D212: =IF(ISNUMBER($F212),VLOOKUP($J212,'Table 1'!$B$13:$C$41,2,FALSE)/12*1000*Study_MW,"") -> 310551.11 | E212: =IF(ISNUMBER(C212+D212),C212+D212,"") -> 753644.64 | F212: 11824.752 | G212: =IF(ISNUMBER($F212),E212/$F212,"") -> 63.7345 | I212: =I200+13 -> 216 | J212: =YEAR(B212) -> 2042 | K212: =IF(ISNUMBER(F212),IF(F212<>0,B212,""),"") -> 52079 | N212: =E212/E200-1 -> -0.088170339 | O212: =F212/F200-1 -> -0.11755643 | P212: =G212/G200-1 -> 0.033300819 | V212: =IFERROR(IF(AND(MONTH(K212)>=6,MONTH(K212)<=9),"Summer","Winter"),"-") -> Summer | Z212: =Inflation -> 0.0222 | AA212: =IF($AA$8="Solar",IFERROR(IF(J212>$AC$1,-0.005,0),AA200),0) -> 0 | AD212: 839221.44
B213: =EDATE(B212,1) -> 52110 | C213: 522673.54 | D213: =IF(ISNUMBER($F213),VLOOKUP($J213,'Table 1'!$B$13:$C$41,2,FALSE)/12*1000*Study_MW,"") -> 310551.11 | E213: =IF(ISNUMBER(C213+D213),C213+D213,"") -> 833224.65 | F213: 12170.578 | G213: =IF(ISNUMBER($F213),E213/$F213,"") -> 68.462207 | I213: =I201+13 -> 217 | J213: =YEAR(B213) -> 2042 | K213: =IF(ISNUMBER(F213),IF(F213<>0,B213,""),"") -> 52110 | N213: =E213/E201-1 -> 0.057471773 | O213: =F213/F201-1 -> 0.074477885 | P213: =G213/G201-1 -> -0.015827327 | V213: =IFERROR(IF(AND(MONTH(K213)>=6,MONTH(K213)<=9),"Summer","Winter"),"-") -> Summer | Z213: =Inflation -> 0.0222 | AA213: =IF($AA$8="Solar",IFERROR(IF(J213>$AC$1,-0.005,0),AA201),0) -> 0 | AD213: 779802.32
B214: =EDATE(B213,1) -> 52140 | C214: 1111416.1 | D214: =IF(ISNUMBER($F214),VLOOKUP($J214,'Table 1'!$B$13:$C$41,2,FALSE)/12*1000*Study_MW,"") -> 310551.11 | E214: =IF(ISNUMBER(C214+D214),C214+D214,"") -> 1421967.3 | F214: 23527.343 | G214: =IF(ISNUMBER($F214),E214/$F214,"") -> 60.438922 | I214: =I202+13 -> 218 | J214: =YEAR(B214) -> 2042 | K214: =IF(ISNUMBER(F214),IF(F214<>0,B214,""),"") -> 52140 | N214: =E214/E202-1 -> 0.054165755 | O214: =F214/F202-1 -> 0.01916484 | P214: =G214/G202-1 -> 0.034342742 | V214: =IFERROR(IF(AND(MONTH(K214)>=6,MONTH(K214)<=9),"Summer","Winter"),"-") -> Winter | Z214: =Inflation -> 0.0222 | AA214: =IF($AA$8="Solar",IFERROR(IF(J214>$AC$1,-0.005,0),AA202),0) -> 0 | AD214: 1239592.5
B215: =EDATE(B214,1) -> 52171 | C215: 733136.54 | D215: =IF(ISNUMBER($F215),VLOOKUP($J215,'Table 1'!$B$13:$C$41,2,FALSE)/12*1000*Study_MW,"") -> 310551.11 | E215: =IF(ISNUMBER(C215+D215),C215+D215,"") -> 1043687.6 | F215: 13776.182 | G215: =IF(ISNUMBER($F215),E215/$F215,"") -> 75.7603 | I215: =I203+13 -> 219 | J215: =YEAR(B215) -> 2042 | K215: =IF(ISNUMBER(F215),IF(F215<>0,B215,""),"") -> 52171 | N215: =E215/E203-1 -> -0.18253443 | O215: =F215/F203-1 -> -0.15509802 | P215: =G215/G203-1 -> -0.032472891 | V215: =IFERROR(IF(AND(MONTH(K215)>=6,MONTH(K215)<=9),"Summer","Winter"),"-") -> Winter | Z215: =Inflation -> 0.0222 | AA215: =IF($AA$8="Solar",IFERROR(IF(J215>$AC$1,-0.005,0),AA203),0) -> 0 | AD215: 1048643.8
B216: =EDATE(B215,1) -> 52201 | C216: 887251.97 | D216: =IF(ISNUMBER($F216),VLOOKUP($J216,'Table 1'!$B$13:$C$41,2,FALSE)/12*1000*Study_MW,"") -> 310551.11 | E216: =IF(ISNUMBER(C216+D216),C216+D216,"") -> 1197803.1 | F216: 15565.061 | G216: =IF(ISNUMBER($F216),E216/$F216,"") -> 76.954604 | I216: =I204+13 -> 220 | J216: =YEAR(B216) -> 2042 | K216: =IF(ISNUMBER(F216),IF(F216<>0,B216,""),"") -> 52201 | N216: =E216/E204-1 -> 0.37969684 | O216: =F216/F204-1 -> 0.22161138 | P216: =G216/G204-1 -> 0.12940732 | V216: =IFERROR(IF(AND(MONTH(K216)>=6,MONTH(K216)<=9),"Summer","Winter"),"-") -> Winter | Z216: =Inflation -> 0.0222 | AA216: =IF($AA$8="Solar",IFERROR(IF(J216>$AC$1,-0.005,0),AA204),0) -> 0 | AD216: 1199681.5
... B240: =EDATE(B239,1) -> 52932 | C240: 756694 | D240: =IF(ISNUMBER($F240),VLOOKUP($J240,'Table 1'!$B$13:$C$41,2,FALSE)/12*1000*Study_MW,"") -> 324488.89 | E240: =IF(ISNUMBER(C240+D240),C240+D240,"") -> 1081182.9 | F240: 14720.041 | G240: =IF(ISNUMBER($F240),E240/$F240,"") -> 73.449718 | I240: =I228+13 -> 246 | J240: =YEAR(B240) -> 2044 | K240: =IF(ISNUMBER(F240),IF(F240<>0,B240,""),"") -> 52932 | N240: =E240/E228-1 -> -0.062073039 | O240: =F240/F228-1 -> -0.038770028 | P240: =G240/G228-1 -> -0.02424291 | V240: =IFERROR(IF(AND(MONTH(K240)>=6,MONTH(K240)<=9),"Summer","Winter"),"-") -> Winter | Z240: =Inflation -> 0.0222 | AA240: =IF($AA$8="Solar",IFERROR(IF(J240>$AC$1,-0.005,0),AA228),0) -> 0 | AD240: 1279725.7
B241: =EDATE(B240,1) -> 52963 | C241: 1317759.3 | D241: =IF(ISNUMBER($F241),VLOOKUP($J241,'Table 1'!$B$13:$C$41,2,FALSE)/12*1000*Study_MW,"") -> 331694.22 | E241: =IF(ISNUMBER(C241+D241),C241+D241,"") -> 1649453.5 | F241: 20415.319 | G241: =IF(ISNUMBER($F241),E241/$F241,"") -> 80.794893 | I241: =I229+13 -> 248 | J241: =YEAR(B241) -> 2045 | K241: =IF(ISNUMBER(F241),IF(F241<>0,B241,""),"") -> 52963 | V241: =IFERROR(IF(AND(MONTH(K241)>=6,MONTH(K241)<=9),"Summer","Winter"),"-") -> Winter | Z241: =Inflation -> 0.0222 | AA241: =IF($AA$8="Solar",IFERROR(IF(J241>$AC$1,-0.005,0),AA229),0) -> 0 | AD241: 1753240.2
B242: =EDATE(B241,1) -> 52994 | C242: 1118455.7 | D242: =IF(ISNUMBER($F242),VLOOKUP($J242,'Table 1'!$B$13:$C$41,2,FALSE)/12*1000*Study_MW,"") -> 331694.22 | E242: =IF(ISNUMBER(C242+D242),C242+D242,"") -> 1450149.9 | F242: 18180.394 | G242: =IF(ISNUMBER($F242),E242/$F242,"") -> 79.764494 | I242: =I230+13 -> 249 | J242: =YEAR(B242) -> 2045 | K242: =IF(ISNUMBER(F242),IF(F242<>0,B242,""),"") -> 52994 | V242: =IFERROR(IF(AND(MONTH(K242)>=6,MONTH(K242)<=9),"Summer","Winter"),"-") -> Winter | Z242: =Inflation -> 0.0222 | AA242: =IF($AA$8="Solar",IFERROR(IF(J242>$AC$1,-0.005,0),AA230),0) -> 0 | AD242: 1844633.8
B243: =EDATE(B242,1) -> 53022 | C243: 677732.76 | D243: =IF(ISNUMBER($F243),VLOOKUP($J243,'Table 1'!$B$13:$C$41,2,FALSE)/12*1000*Study_MW,"") -> 331694.22 | E243: =IF(ISNUMBER(C243+D243),C243+D243,"") -> 1009427 | F243: 17408.18 | G243: =IF(ISNUMBER($F243),E243/$F243,"") -> 57.985783 | I243: =I231+13 -> 250 | J243: =YEAR(B243) -> 2045 | K243: =IF(ISNUMBER(F243),IF(F243<>0,B243,""),"") -> 53022 | V243: =IFERROR(IF(AND(MONTH(K243)>=6,MONTH(K243)<=9),"Summer","Winter"),"-") -> Winter | Z243: =Inflation -> 0.0222 | AA243: =IF($AA$8="Solar",IFERROR(IF(J243>$AC$1,-0.005,0),AA231),0) -> 0 | AD243: 880178.69
B244: =EDATE(B243,1) -> 53053 | C244: 1032118 | D244: =IF(ISNUMBER($F244),VLOOKUP($J244,'Table 1'!$B$13:$C$41,2,FALSE)/12*1000*Study_MW,"") -> 331694.22 | E244: =IF(ISNUMBER(C244+D244),C244+D244,"") -> 1363812.2 | F244: 23588.346 | G244: =IF(ISNUMBER($F244),E244/$F244,"") -> 57.817202 | I244: =I232+13 -> 251 | J244: =YEAR(B244) -> 2045 | K244: =IF(ISNUMBER(F244),IF(F244<>0,B244,""),"") -> 53053 | V244: =IFERROR(IF(AND(MONTH(K244)>=6,MONTH(K244)<=9),"Summer","Winter"),"-") -> Winter | Z244: =Inflation -> 0.0222 | AA244: =IF($AA$8="Solar",IFERROR(IF(J244>$AC$1,-0.005,0),AA232),0) -> 0 | AD244: 1097327
B245: =EDATE(B244,1) -> 53083 | C245: 881289.4 | D245: =IF(ISNUMBER($F245),VLOOKUP($J245,'Table 1'!$B$13:$C$41,2,FALSE)/12*1000*Study_MW,"") -> 331694.22 | E245: =IF(ISNUMBER(C245+D245),C245+D245,"") -> 1212983.6 | F245: 21850.675 | G245: =IF(ISNUMBER($F245),E245/$F245,"") -> 55.512409 | I245: =I233+13 -> 252 | J245: =YEAR(B245) -> 2045 | K245: =IF(ISNUMBER(F245),IF(F245<>0,B245,""),"") -> 53083 | V245: =IFERROR(IF(AND(MONTH(K245)>=6,MONTH(K245)<=9),"Summer","Winter"),"-") -> Winter | Z245: =Inflation -> 0.0222 | AA245: =IF($AA$8="Solar",IFERROR(IF(J245>$AC$1,-0.005,0),AA233),0) -> 0 | AD245: 965887.64
B246: =EDATE(B245,1) -> 53114 | C246: 1108556.1 | D246: =IF(ISNUMBER($F246),VLOOKUP($J246,'Table 1'!$B$13:$C$41,2,FALSE)/12*1000*Study_MW,"") -> 331694.22 | E246: =IF(ISNUMBER(C246+D246),C246+D246,"") -> 1440250.3 | F246: 21727.221 | G246: =IF(ISNUMBER($F246),E246/$F246,"") -> 66.287829 | I246: =I234+13 -> 253 | J246: =YEAR(B246) -> 2045 | K246: =IF(ISNUMBER(F246),IF(F246<>0,B246,""),"") -> 53114 | V246: =IFERROR(IF(AND(MONTH(K246)>=6,MONTH(K246)<=9),"Summer","Winter"),"-") -> Summer | Z246: =Inflation -> 0.0222 | AA246: =IF($AA$8="Solar",IFERROR(IF(J246>$AC$1,-0.005,0),AA234),0) -> 0 | AD246: 1249455.8
B247: =EDATE(B246,1) -> 53144 | C247: 634962.19 | D247: =IF(ISNUMBER($F247),VLOOKUP($J247,'Table 1'!$B$13:$C$41,2,FALSE)/12*1000*Study_MW,"") -> 331694.22 | E247: =IF(ISNUMBER(C247+D247),C247+D247,"") -> 966656.42 | F247: 13087.663 | G247: =IF(ISNUMBER($F247),E247/$F247,"") -> 73.860126 | I247: =I235+13 -> 254 | J247: =YEAR(B247) -> 2045 | K247: =IF(ISNUMBER(F247),IF(F247<>0,B247,""),"") -> 53144 | V247: =IFERROR(IF(AND(MONTH(K247)>=6,MONTH(K247)<=9),"Summer","Winter"),"-") -> Summer | Z247: =Inflation -> 0.0222 | AA247: =IF($AA$8="Solar",IFERROR(IF(J247>$AC$1,-0.005,0),AA235),0) -> 0 | AD247: 982308.07
B248: =EDATE(B247,1) -> 53175 | C248: 648540.76 | D248: =IF(ISNUMBER($F248),VLOOKUP($J248,'Table 1'!$B$13:$C$41,2,FALSE)/12*1000*Study_MW,"") -> 331694.22 | E248: =IF(ISNUMBER(C248+D248),C248+D248,"") -> 980234.98 | F248: 13352.838 | G248: =IF(ISNUMBER($F248),E248/$F248,"") -> 73.410238 | I248: =I236+13 -> 255 | J248: =YEAR(B248) -> 2045 | K248: =IF(ISNUMBER(F248),IF(F248<>0,B248,""),"") -> 53175 | V248: =IFERROR(IF(AND(MONTH(K248)>=6,MONTH(K248)<=9),"Summer","Winter"),"-") -> Summer | Z248: =Inflation -> 0.0222 | AA248: =IF($AA$8="Solar",IFERROR(IF(J248>$AC$1,-0.005,0),AA236),0) -> 0 | AD248: 1249284
B249: =EDATE(B248,1) -> 53206 | C249: 542152.65 | D249: =IF(ISNUMBER($F249),VLOOKUP($J249,'Table 1'!$B$13:$C$41,2,FALSE)/12*1000*Study_MW,"") -> 331694.22 | E249: =IF(ISNUMBER(C249+D249),C249+D249,"") -> 873846.87 | F249: 11306.16 | G249: =IF(ISNUMBER($F249),E249/$F249,"") -> 77.289449 | I249: =I237+13 -> 256 | J249: =YEAR(B249) -> 2045 | K249: =IF(ISNUMBER(F249),IF(F249<>0,B249,""),"") -> 53206 | V249: =IFERROR(IF(AND(MONTH(K249)>=6,MONTH(K249)<=9),"Summer","Winter"),"-") -> Summer | Z249: =Inflation -> 0.0222 | AA249: =IF($AA$8="Solar",IFERROR(IF(J249>$AC$1,-0.005,0),AA237),0) -> 0 | AD249: 844187.9
B250: =EDATE(B249,1) -> 53236 | C250: 1216749.5 | D250: =IF(ISNUMBER($F250),VLOOKUP($J250,'Table 1'!$B$13:$C$41,2,FALSE)/12*1000*Study_MW,"") -> 331694.22 | E250: =IF(ISNUMBER(C250+D250),C250+D250,"") -> 1548443.7 | F250: 23404.873 | G250: =IF(ISNUMBER($F250),E250/$F250,"") -> 66.159031 | I250: =I238+13 -> 257 | J250: =YEAR(B250) -> 2045 | K250: =IF(ISNUMBER(F250),IF(F250<>0,B250,""),"") -> 53236 | V250: =IFERROR(IF(AND(MONTH(K250)>=6,MONTH(K250)<=9),"Summer","Winter"),"-") -> Winter | Z250: =Inflation -> 0.0222 | AA250: =IF($AA$8="Solar",IFERROR(IF(J250>$AC$1,-0.005,0),AA238),0) -> 0 | AD250: 1372094.6
B251: =EDATE(B250,1) -> 53267 | C251: 964440.1 | D251: =IF(ISNUMBER($F251),VLOOKUP($J251,'Table 1'!$B$13:$C$41,2,FALSE)/12*1000*Study_MW,"") -> 331694.22 | E251: =IF(ISNUMBER(C251+D251),C251+D251,"") -> 1296134.3 | F251: 14273.346 | G251: =IF(ISNUMBER($F251),E251/$F251,"") -> 90.808025 | I251: =I239+13 -> 258 | J251: =YEAR(B251) -> 2045 | K251: =IF(ISNUMBER(F251),IF(F251<>0,B251,""),"") -> 53267 | V251: =IFERROR(IF(AND(MONTH(K251)>=6,MONTH(K251)<=9),"Summer","Winter"),"-") -> Winter | Z251: =Inflation -> 0.0222 | AA251: =IF($AA$8="Solar",IFERROR(IF(J251>$AC$1,-0.005,0),AA239),0) -> 0 | AD251: 1332908.9
B252: =EDATE(B251,1) -> 53297 | C252: 742197.86 | D252: =IF(ISNUMBER($F252),VLOOKUP($J252,'Table 1'!$B$13:$C$41,2,FALSE)/12*1000*Study_MW,"") -> 331694.22 | E252: =IF(ISNUMBER(C252+D252),C252+D252,"") -> 1073892.1 | F252: 14151.675 | G252: =IF(ISNUMBER($F252),E252/$F252,"") -> 75.884453 | I252: =I240+13 -> 259 | J252: =YEAR(B252) -> 2045 | K252: =IF(ISNUMBER(F252),IF(F252<>0,B252,""),"") -> 53297 | V252: =IFERROR(IF(AND(MONTH(K252)>=6,MONTH(K252)<=9),"Summer","Winter"),"-") -> Winter | Z252: =Inflation -> 0.0222 | AA252: =IF($AA$8="Solar",IFERROR(IF(J252>$AC$1,-0.005,0),AA240),0) -> 0 | AD252: 1242358.9
B253: =EDATE(B252,1) -> 53328 | C253: 1347013.6 | D253: =IF(ISNUMBER($F253),VLOOKUP($J253,'Table 1'!$B$13:$C$41,2,FALSE)/12*1000*Study_MW,"") -> 339061.33 | E253: =IF(ISNUMBER(C253+D253),C253+D253,"") -> 1686074.9 | F253: 20415.319 | G253: =IF(ISNUMBER($F253),E253/$F253,"") -> 82.588711 | I253: =I241+13 -> 261 | J253: =YEAR(B253) -> 2046 | K253: =IF(ISNUMBER(F253),IF(F253<>0,B253,""),"") -> 53328 | N253: =E253/E241-1 -> 0.022202122 | O253: =F253/F241-1 -> 0 | P253: =G253/G241-1 -> 0.022202122 | V253: =IFERROR(IF(AND(MONTH(K253)>=6,MONTH(K253)<=9),"Summer","Winter"),"-") -> Winter | Z253: =Inflation -> 0.0222 | AA253: =IF($AA$8="Solar",IFERROR(IF(J253>$AC$1,-0.005,0),AA241),0) -> 0 | AD253: 1792162.2
B254: =EDATE(B253,1) -> 53359 | C254: 1143285.4 | D254: =IF(ISNUMBER($F254),VLOOKUP($J254,'Table 1'!$B$13:$C$41,2,FALSE)/12*1000*Study_MW,"") -> 339061.33 | E254: =IF(ISNUMBER(C254+D254),C254+D254,"") -> 1482346.8 | F254: 18180.394 | G254: =IF(ISNUMBER($F254),E254/$F254,"") -> 81.535458 | I254: =I242+13 -> 262 | J254: =YEAR(B254) -> 2046 | K254: =IF(ISNUMBER(F254),IF(F254<>0,B254,""),"") -> 53359 | N254: =E254/E242-1 -> 0.022202413 | O254: =F254/F242-1 -> 0 | P254: =G254/G242-1 -> 0.022202413 | V254: =IFERROR(IF(AND(MONTH(K254)>=6,MONTH(K254)<=9),"Summer","Winter"),"-") -> Winter | Z254: =Inflation -> 0.0222 | AA254: =IF($AA$8="Solar",IFERROR(IF(J254>$AC$1,-0.005,0),AA242),0) -> 0 | AD254: 1885584.7
B255: =EDATE(B254,1) -> 53387 | C255: 692778.43 | D255: =IF(ISNUMBER($F255),VLOOKUP($J255,'Table 1'!$B$13:$C$41,2,FALSE)/12*1000*Study_MW,"") -> 339061.33 | E255: =IF(ISNUMBER(C255+D255),C255+D255,"") -> 1031839.8 | F255: 17408.18 | G255: =IF(ISNUMBER($F255),E255/$F255,"") -> 59.273269 | I255: =I243+13 -> 263 | J255: =YEAR(B255) -> 2046 | K255: =IF(ISNUMBER(F255),IF(F255<>0,B255,""),"") -> 53387 | N255: =E255/E243-1 -> 0.022203467 | O255: =F255/F243-1 -> 0 | P255: =G255/G243-1 -> 0.022203467 | V255: =IFERROR(IF(AND(MONTH(K255)>=6,MONTH(K255)<=9),"Summer","Winter"),"-") -> Winter | Z255: =Inflation -> 0.0222 | AA255: =IF($AA$8="Solar",IFERROR(IF(J255>$AC$1,-0.005,0),AA243),0) -> 0 | AD255: 899718.66
B256: =EDATE(B255,1) -> 53418 | C256: 1055031 | D256: =IF(ISNUMBER($F256),VLOOKUP($J256,'Table 1'!$B$13:$C$41,2,FALSE)/12*1000*Study_MW,"") -> 339061.33 | E256: =IF(ISNUMBER(C256+D256),C256+D256,"") -> 1394092.3 | F256: 23588.346 | G256: =IF(ISNUMBER($F256),E256/$F256,"") -> 59.100892 | I256: =I244+13 -> 264 | J256: =YEAR(B256) -> 2046 | K256: =IF(ISNUMBER(F256),IF(F256<>0,B256,""),"") -> 53418 | N256: =E256/E244-1 -> 0.022202566 | O256: =F256/F244-1 -> 0 | P256: =G256/G244-1 -> 0.022202566 | V256: =IFERROR(IF(AND(MONTH(K256)>=6,MONTH(K256)<=9),"Summer","Winter"),"-") -> Winter | Z256: =Inflation -> 0.0222 | AA256: =IF($AA$8="Solar",IFERROR(IF(J256>$AC$1,-0.005,0),AA244),0) -> 0 | AD256: 1121687.6
B257: =EDATE(B256,1) -> 53448 | C257: 900854.03 | D257: =IF(ISNUMBER($F257),VLOOKUP($J257,'Table 1'!$B$13:$C$41,2,FALSE)/12*1000*Study_MW,"") -> 339061.33 | E257: =IF(ISNUMBER(C257+D257),C257+D257,"") -> 1239915.4 | F257: 21850.675 | G257: =IF(ISNUMBER($F257),E257/$F257,"") -> 56.744944 | I257: =I245+13 -> 265 | J257: =YEAR(B257) -> 2046 | K257: =IF(ISNUMBER(F257),IF(F257<>0,B257,""),"") -> 53448 | N257: =E257/E245-1 -> 0.022202885 | O257: =F257/F245-1 -> 0 | P257: =G257/G245-1 -> 0.022202885 | V257: =IFERROR(IF(AND(MONTH(K257)>=6,MONTH(K257)<=9),"Summer","Winter"),"-") -> Winter | Z257: =Inflation -> 0.0222 | AA257: =IF($AA$8="Solar",IFERROR(IF(J257>$AC$1,-0.005,0),AA245),0) -> 0 | AD257: 987330.34
B258: =EDATE(B257,1) -> 53479 | C258: 1133166.1 | D258: =IF(ISNUMBER($F258),VLOOKUP($J258,'Table 1'!$B$13:$C$41,2,FALSE)/12*1000*Study_MW,"") -> 339061.33 | E258: =IF(ISNUMBER(C258+D258),C258+D258,"") -> 1472227.4 | F258: 21727.221 | G258: =IF(ISNUMBER($F258),E258/$F258,"") -> 67.75958 | I258: =I246+13 -> 266 | J258: =YEAR(B258) -> 2046 | K258: =IF(ISNUMBER(F258),IF(F258<>0,B258,""),"") -> 53479 | N258: =E258/E246-1 -> 0.02220243 | O258: =F258/F246-1 -> 0 | P258: =G258/G246-1 -> 0.02220243 | V258: =IFERROR(IF(AND(MONTH(K258)>=6,MONTH(K258)<=9),"Summer","Winter"),"-") -> Summer | Z258: =Inflation -> 0.0222 | AA258: =IF($AA$8="Solar",IFERROR(IF(J258>$AC$1,-0.005,0),AA246),0) -> 0 | AD258: 1277193.7
B259: =EDATE(B258,1) -> 53509 | C259: 649058.35 | D259: =IF(ISNUMBER($F259),VLOOKUP($J259,'Table 1'!$B$13:$C$41,2,FALSE)/12*1000*Study_MW,"") -> 339061.33 | E259: =IF(ISNUMBER(C259+D259),C259+D259,"") -> 988119.69 | F259: 13087.663 | G259: =IF(ISNUMBER($F259),E259/$F259,"") -> 75.500088 | I259: =I247+13 -> 267 | J259: =YEAR(B259) -> 2046 | K259: =IF(ISNUMBER(F259),IF(F259<>0,B259,""),"") -> 53509 | N259: =E259/E247-1 -> 0.02220362 | O259: =F259/F247-1 -> 0 | P259: =G259/G247-1 -> 0.02220362 | V259: =IFERROR(IF(AND(MONTH(K259)>=6,MONTH(K259)<=9),"Summer","Winter"),"-") -> Summer | Z259: =Inflation -> 0.0222 | AA259: =IF($AA$8="Solar",IFERROR(IF(J259>$AC$1,-0.005,0),AA247),0) -> 0 | AD259: 1004115.3
B260: =EDATE(B259,1) -> 53540 | C260: 662938.36 | D260: =IF(ISNUMBER($F260),VLOOKUP($J260,'Table 1'!$B$13:$C$41,2,FALSE)/12*1000*Study_MW,"") -> 339061.33 | E260: =IF(ISNUMBER(C260+D260),C260+D260,"") -> 1001999.7 | F260: 13352.838 | G260: =IF(ISNUMBER($F260),E260/$F260,"") -> 75.040207 | I260: =I248+13 -> 268 | J260: =YEAR(B260) -> 2046 | K260: =IF(ISNUMBER(F260),IF(F260<>0,B260,""),"") -> 53540 | N260: =E260/E248-1 -> 0.02220357 | O260: =F260/F248-1 -> 0 | P260: =G260/G248-1 -> 0.02220357 | V260: =IFERROR(IF(AND(MONTH(K260)>=6,MONTH(K260)<=9),"Summer","Winter"),"-") -> Summer | Z260: =Inflation -> 0.0222 | AA260: =IF($AA$8="Solar",IFERROR(IF(J260>$AC$1,-0.005,0),AA248),0) -> 0 | AD260: 1277018.1
B261: =EDATE(B260,1) -> 53571 | C261: 554188.44 | D261: =IF(ISNUMBER($F261),VLOOKUP($J261,'Table 1'!$B$13:$C$41,2,FALSE)/12*1000*Study_MW,"") -> 339061.33 | E261: =IF(ISNUMBER(C261+D261),C261+D261,"") -> 893249.77 | F261: 11306.16 | G261: =IF(ISNUMBER($F261),E261/$F261,"") -> 79.005585 | I261: =I249+13 -> 269 | J261: =YEAR(B261) -> 2046 | K261: =IF(ISNUMBER(F261),IF(F261<>0,B261,""),"") -> 53571 | N261: =E261/E249-1 -> 0.022204005 | O261: =F261/F249-1 -> 0 | P261: =G261/G249-1 -> 0.022204005 | V261: =IFERROR(IF(AND(MONTH(K261)>=6,MONTH(K261)<=9),"Summer","Winter"),"-") -> Summer | Z261: =Inflation -> 0.0222 | AA261: =IF($AA$8="Solar",IFERROR(IF(J261>$AC$1,-0.005,0),AA249),0) -> 0 | AD261: 862928.87
B262: =EDATE(B261,1) -> 53601 | C262: 1243761.3 | D262: =IF(ISNUMBER($F262),VLOOKUP($J262,'Table 1'!$B$13:$C$41,2,FALSE)/12*1000*Study_MW,"") -> 339061.33 | E262: =IF(ISNUMBER(C262+D262),C262+D262,"") -> 1582822.6 | F262: 23404.873 | G262: =IF(ISNUMBER($F262),E262/$F262,"") -> 67.627911 | I262: =I250+13 -> 270 | J262: =YEAR(B262) -> 2046 | K262: =IF(ISNUMBER(F262),IF(F262<>0,B262,""),"") -> 53601 | N262: =E262/E250-1 -> 0.02220226 | O262: =F262/F250-1 -> 0 | P262: =G262/G250-1 -> 0.02220226 | V262: =IFERROR(IF(AND(MONTH(K262)>=6,MONTH(K262)<=9),"Summer","Winter"),"-") -> Winter | Z262: =Inflation -> 0.0222 | AA262: =IF($AA$8="Solar",IFERROR(IF(J262>$AC$1,-0.005,0),AA250),0) -> 0 | AD262: 1402555.1
B263: =EDATE(B262,1) -> 53632 | C263: 985850.67 | D263: =IF(ISNUMBER($F263),VLOOKUP($J263,'Table 1'!$B$13:$C$41,2,FALSE)/12*1000*Study_MW,"") -> 339061.33 | E263: =IF(ISNUMBER(C263+D263),C263+D263,"") -> 1324912 | F263: 14273.346 | G263: =IF(ISNUMBER($F263),E263/$F263,"") -> 92.824208 | I263: =I251+13 -> 271 | J263: =YEAR(B263) -> 2046 | K263: =IF(ISNUMBER(F263),IF(F263<>0,B263,""),"") -> 53632 | N263: =E263/E251-1 -> 0.0222027 | O263: =F263/F251-1 -> 0 | P263: =G263/G251-1 -> 0.0222027 | V263: =IFERROR(IF(AND(MONTH(K263)>=6,MONTH(K263)<=9),"Summer","Winter"),"-") -> Winter | Z263: =Inflation -> 0.0222 | AA263: =IF($AA$8="Solar",IFERROR(IF(J263>$AC$1,-0.005,0),AA251),0) -> 0 | AD263: 1362499.5
B264: =EDATE(B263,1) -> 53662 | C264: 758674.65 | D264: =IF(ISNUMBER($F264),VLOOKUP($J264,'Table 1'!$B$13:$C$41,2,FALSE)/12*1000*Study_MW,"") -> 339061.33 | E264: =IF(ISNUMBER(C264+D264),C264+D264,"") -> 1097736 | F264: 14151.675 | G264: =IF(ISNUMBER($F264),E264/$F264,"") -> 77.569335 | I264: =I252+13 -> 272 | J264: =YEAR(B264) -> 2046 | K264: =IF(ISNUMBER(F264),IF(F264<>0,B264,""),"") -> 53662 | N264: =E264/E252-1 -> 0.022203259 | O264: =F264/F252-1 -> 0 | P264: =G264/G252-1 -> 0.022203259 | V264: =IFERROR(IF(AND(MONTH(K264)>=6,MONTH(K264)<=9),"Summer","Winter"),"-") -> Winter | Z264: =Inflation -> 0.0222 | AA264: =IF($AA$8="Solar",IFERROR(IF(J264>$AC$1,-0.005,0),AA252),0) -> 0 | AD264: 1269939.3
... B324: =EDATE(B323,1) -> 55488 | C324: 846710.52 | D324: =IF(ISNUMBER($F324),VLOOKUP($J324,'Table 1'!$B$13:$C$41,2,FALSE)/12*1000*Study_MW,"") -> 378410.67 | E324: =IF(ISNUMBER(C324+D324),C324+D324,"") -> 1225121.2 | F324: 14151.675 | G324: =IF(ISNUMBER($F324),E324/$F324,"") -> 86.570758 | I324: =I312+13 -> 337 | J324: =YEAR(B324) -> 2051 | K324: =IF(ISNUMBER(F324),IF(F324<>0,B324,""),"") -> 55488 | N324: =E324/E312-1 -> 0.022206402 | O324: =F324/F312-1 -> 0 | P324: =G324/G312-1 -> 0.022206402 | V324: =IFERROR(IF(AND(MONTH(K324)>=6,MONTH(K324)<=9),"Summer","Winter"),"-") -> Winter | Z324: =Inflation -> 0.0222 | AA324: =IF($AA$8="Solar",IFERROR(IF(J324>$AC$1,-0.005,0),AA312),0) -> 0 | AD324: 1417301.8
Z325: =Inflation -> 0.0222 | AA325: =IF($AA$8="Solar",IFERROR(IF(J325>$AC$1,-0.005,0),AA313),0) -> 0
Z326: =Inflation -> 0.0222 | AA326: =IF($AA$8="Solar",IFERROR(IF(J326>$AC$1,-0.005,0),AA314),0) -> 0
Z327: =Inflation -> 0.0222 | AA327: =IF($AA$8="Solar",IFERROR(IF(J327>$AC$1,-0.005,0),AA315),0) -> 0
...

Sheet Table3Compare
A1: Total Fixed Cost
A2: $/kW-yr | B2: =B5 -> GCC.PX.UTS._.DF_.H_2x1 | C2: =C5 -> GCC.PX.UTS._.DF_.H_2x1 | D2: =D5 -> GCC.PX.UTS._.DF_.H_2x1
A3: COD | B3: 2035 | C3: 2036 | D3: 2038 | E3: 2031
B4: THERMAL | C4: THERMAL | D4: THERMAL
B5: GCC.PX.UTS._.DF_.H_2x1 | C5: GCC.PX.UTS._.DF_.H_2x1 | D5: GCC.PX.UTS._.DF_.H_2x1 | E5: BAT.PX.BDG._.ITC.Li_ion_4hr
A6: 2024 | B6: =IFERROR(INDEX('GCC.PX.UTS.2035'!$G$10:$G$63,MATCH($A6,'GCC.PX.UTS.2035'!$B$10:$B$63,0),1),0) -> 0 | C6: =IFERROR(INDEX('GCC.PX.UTS.2036'!$G$10:$G$63,MATCH($A6,'GCC.PX.UTS.2036'!$B$10:$B$63,0),1),0) -> 0 | D6: =IFERROR(INDEX('GCC.PX.UTS.2038'!$G$10:$G$63,MATCH($A6,'GCC.PX.UTS.2038'!$B$10:$B$63,0),1),0) -> 0 | E6: =IFERROR(INDEX('BAT.PX.BDG._.ITC._4hr.2031'!$G$9:$G$44,MATCH($A6,'BAT.PX.BDG._.ITC._4hr.2031'!$B$9:$B$44,0),1),0) -> 0
A7: =A6+1 -> 2025 | B7: =IFERROR(INDEX('GCC.PX.UTS.2035'!$G$10:$G$63,MATCH($A7,'GCC.PX.UTS.2035'!$B$10:$B$63,0),1),0) -> 0 | C7: =IFERROR(INDEX('GCC.PX.UTS.2036'!$G$10:$G$63,MATCH($A7,'GCC.PX.UTS.2036'!$B$10:$B$63,0),1),0) -> 0 | D7: =IFERROR(INDEX('GCC.PX.UTS.2038'!$G$10:$G$63,MATCH($A7,'GCC.PX.UTS.2038'!$B$10:$B$63,0),1),0) -> 0 | E7: =IFERROR(INDEX('BAT.PX.BDG._.ITC._4hr.2031'!$G$9:$G$44,MATCH($A7,'BAT.PX.BDG._.ITC._4hr.2031'!$B$9:$B$44,0),1),0) -> 0
A8: =A7+1 -> 2026 | B8: =IFERROR(INDEX('GCC.PX.UTS.2035'!$G$10:$G$63,MATCH($A8,'GCC.PX.UTS.2035'!$B$10:$B$63,0),1),0) -> 0 | C8: =IFERROR(INDEX('GCC.PX.UTS.2036'!$G$10:$G$63,MATCH($A8,'GCC.PX.UTS.2036'!$B$10:$B$63,0),1),0) -> 0 | D8: =IFERROR(INDEX('GCC.PX.UTS.2038'!$G$10:$G$63,MATCH($A8,'GCC.PX.UTS.2038'!$B$10:$B$63,0),1),0) -> 0 | E8: =IFERROR(INDEX('BAT.PX.BDG._.ITC._4hr.2031'!$G$9:$G$44,MATCH($A8,'BAT.PX.BDG._.ITC._4hr.2031'!$B$9:$B$44,0),1),0) -> 0
A9: =A8+1 -> 2027 | B9: =IFERROR(INDEX('GCC.PX.UTS.2035'!$G$10:$G$63,MATCH($A9,'GCC.PX.UTS.2035'!$B$10:$B$63,0),1),0) -> 0 | C9: =IFERROR(INDEX('GCC.PX.UTS.2036'!$G$10:$G$63,MATCH($A9,'GCC.PX.UTS.2036'!$B$10:$B$63,0),1),0) -> 0 | D9: =IFERROR(INDEX('GCC.PX.UTS.2038'!$G$10:$G$63,MATCH($A9,'GCC.PX.UTS.2038'!$B$10:$B$63,0),1),0) -> 0 | E9: =IFERROR(INDEX('BAT.PX.BDG._.ITC._4hr.2031'!$G$9:$G$44,MATCH($A9,'BAT.PX.BDG._.ITC._4hr.2031'!$B$9:$B$44,0),1),0) -> 0
A10: =A9+1 -> 2028 | B10: =IFERROR(INDEX('GCC.PX.UTS.2035'!$G$10:$G$63,MATCH($A10,'GCC.PX.UTS.2035'!$B$10:$B$63,0),1),0) -> 0 | C10: =IFERROR(INDEX('GCC.PX.UTS.2036'!$G$10:$G$63,MATCH($A10,'GCC.PX.UTS.2036'!$B$10:$B$63,0),1),0) -> 0 | D10: =IFERROR(INDEX('GCC.PX.UTS.2038'!$G$10:$G$63,MATCH($A10,'GCC.PX.UTS.2038'!$B$10:$B$63,0),1),0) -> 0 | E10: =IFERROR(INDEX('BAT.PX.BDG._.ITC._4hr.2031'!$G$9:$G$44,MATCH($A10,'BAT.PX.BDG._.ITC._4hr.2031'!$B$9:$B$44,0),1),0) -> 0
A11: =A10+1 -> 2029 | B11: =IFERROR(INDEX('GCC.PX.UTS.2035'!$G$10:$G$63,MATCH($A11,'GCC.PX.UTS.2035'!$B$10:$B$63,0),1),0) -> 0 | C11: =IFERROR(INDEX('GCC.PX.UTS.2036'!$G$10:$G$63,MATCH($A11,'GCC.PX.UTS.2036'!$B$10:$B$63,0),1),0) -> 0 | D11: =IFERROR(INDEX('GCC.PX.UTS.2038'!$G$10:$G$63,MATCH($A11,'GCC.PX.UTS.2038'!$B$10:$B$63,0),1),0) -> 0 | E11: =IFERROR(INDEX('BAT.PX.BDG._.ITC._4hr.2031'!$G$9:$G$44,MATCH($A11,'BAT.PX.BDG._.ITC._4hr.2031'!$B$9:$B$44,0),1),0) -> 0
A12: =A11+1 -> 2030 | B12: =IFERROR(INDEX('GCC.PX.UTS.2035'!$G$10:$G$63,MATCH($A12,'GCC.PX.UTS.2035'!$B$10:$B$63,0),1),0) -> 0 | C12: =IFERROR(INDEX('GCC.PX.UTS.2036'!$G$10:$G$63,MATCH($A12,'GCC.PX.UTS.2036'!$B$10:$B$63,0),1),0) -> 0 | D12: =IFERROR(INDEX('GCC.PX.UTS.2038'!$G$10:$G$63,MATCH($A12,'GCC.PX.UTS.2038'!$B$10:$B$63,0),1),0) -> 0 | E12: =IFERROR(INDEX('BAT.PX.BDG._.ITC._4hr.2031'!$G$9:$G$44,MATCH($A12,'BAT.PX.BDG._.ITC._4hr.2031'!$B$9:$B$44,0),1),0) -> 0
A13: =A12+1 -> 2031 | B13: =IFERROR(INDEX('GCC.PX.UTS.2035'!$G$10:$G$63,MATCH($A13,'GCC.PX.UTS.2035'!$B$10:$B$63,0),1),0) -> 0 | C13: =IFERROR(INDEX('GCC.PX.UTS.2036'!$G$10:$G$63,MATCH($A13,'GCC.PX.UTS.2036'!$B$10:$B$63,0),1),0) -> 0 | D13: =IFERROR(INDEX('GCC.PX.UTS.2038'!$G$10:$G$63,MATCH($A13,'GCC.PX.UTS.2038'!$B$10:$B$63,0),1),0) -> 0 | E13: =IFERROR(INDEX('BAT.PX.BDG._.ITC._4hr.2031'!$G$9:$G$44,MATCH($A13,'BAT.PX.BDG._.ITC._4hr.2031'!$B$9:$B$44,0),1),0) -> 123.16686
A14: =A13+1 -> 2032 | B14: =IFERROR(INDEX('GCC.PX.UTS.2035'!$G$10:$G$63,MATCH($A14,'GCC.PX.UTS.2035'!$B$10:$B$63,0),1),0) -> 0 | C14: =IFERROR(INDEX('GCC.PX.UTS.2036'!$G$10:$G$63,MATCH($A14,'GCC.PX.UTS.2036'!$B$10:$B$63,0),1),0) -> 0 | D14: =IFERROR(INDEX('GCC.PX.UTS.2038'!$G$10:$G$63,MATCH($A14,'GCC.PX.UTS.2038'!$B$10:$B$63,0),1),0) -> 0 | E14: =IFERROR(INDEX('BAT.PX.BDG._.ITC._4hr.2031'!$G$9:$G$44,MATCH($A14,'BAT.PX.BDG._.ITC._4hr.2031'!$B$9:$B$44,0),1),0) -> 125.90116
A15: =A14+1 -> 2033 | B15: =IFERROR(INDEX('GCC.PX.UTS.2035'!$G$10:$G$63,MATCH($A15,'GCC.PX.UTS.2035'!$B$10:$B$63,0),1),0) -> 0 | C15: =IFERROR(INDEX('GCC.PX.UTS.2036'!$G$10:$G$63,MATCH($A15,'GCC.PX.UTS.2036'!$B$10:$B$63,0),1),0) -> 0 | D15: =IFERROR(INDEX('GCC.PX.UTS.2038'!$G$10:$G$63,MATCH($A15,'GCC.PX.UTS.2038'!$B$10:$B$63,0),1),0) -> 0 | E15: =IFERROR(INDEX('BAT.PX.BDG._.ITC._4hr.2031'!$G$9:$G$44,MATCH($A15,'BAT.PX.BDG._.ITC._4hr.2031'!$B$9:$B$44,0),1),0) -> 128.69617
A16: =A15+1 -> 2034 | B16: =IFERROR(INDEX('GCC.PX.UTS.2035'!$G$10:$G$63,MATCH($A16,'GCC.PX.UTS.2035'!$B$10:$B$63,0),1),0) -> 0 | C16: =IFERROR(INDEX('GCC.PX.UTS.2036'!$G$10:$G$63,MATCH($A16,'GCC.PX.UTS.2036'!$B$10:$B$63,0),1),0) -> 0 | D16: =IFERROR(INDEX('GCC.PX.UTS.2038'!$G$10:$G$63,MATCH($A16,'GCC.PX.UTS.2038'!$B$10:$B$63,0),1),0) -> 0 | E16: =IFERROR(INDEX('BAT.PX.BDG._.ITC._4hr.2031'!$G$9:$G$44,MATCH($A16,'BAT.PX.BDG._.ITC._4hr.2031'!$B$9:$B$44,0),1),0) -> 131.55322
A17: =A16+1 -> 2035 | B17: =IFERROR(INDEX('GCC.PX.UTS.2035'!$G$10:$G$63,MATCH($A17,'GCC.PX.UTS.2035'!$B$10:$B$63,0),1),0) -> 199.88 | C17: =IFERROR(INDEX('GCC.PX.UTS.2036'!$G$10:$G$63,MATCH($A17,'GCC.PX.UTS.2036'!$B$10:$B$63,0),1),0) -> 0 | D17: =IFERROR(INDEX('GCC.PX.UTS.2038'!$G$10:$G$63,MATCH($A17,'GCC.PX.UTS.2038'!$B$10:$B$63,0),1),0) -> 0 | E17: =IFERROR(INDEX('BAT.PX.BDG._.ITC._4hr.2031'!$G$9:$G$44,MATCH($A17,'BAT.PX.BDG._.ITC._4hr.2031'!$B$9:$B$44,0),1),0) -> 134.4737
A18: =A17+1 -> 2036 | B18: =IFERROR(INDEX('GCC.PX.UTS.2035'!$G$10:$G$63,MATCH($A18,'GCC.PX.UTS.2035'!$B$10:$B$63,0),1),0) -> 204.31 | C18: =IFERROR(INDEX('GCC.PX.UTS.2036'!$G$10:$G$63,MATCH($A18,'GCC.PX.UTS.2036'!$B$10:$B$63,0),1),0) -> 218.75 | D18: =IFERROR(INDEX('GCC.PX.UTS.2038'!$G$10:$G$63,MATCH($A18,'GCC.PX.UTS.2038'!$B$10:$B$63,0),1),0) -> 0 | E18: =IFERROR(INDEX('BAT.PX.BDG._.ITC._4hr.2031'!$G$9:$G$44,MATCH($A18,'BAT.PX.BDG._.ITC._4hr.2031'!$B$9:$B$44,0),1),0) -> 137.45902
... A37: =A36+1 -> 2055 | B37: =IFERROR(INDEX('GCC.PX.UTS.2035'!$G$10:$G$63,MATCH($A37,'GCC.PX.UTS.2035'!$B$10:$B$63,0),1),0) -> 310.08 | C37: =IFERROR(INDEX('GCC.PX.UTS.2036'!$G$10:$G$63,MATCH($A37,'GCC.PX.UTS.2036'!$B$10:$B$63,0),1),0) -> 331.99 | D37: =IFERROR(INDEX('GCC.PX.UTS.2038'!$G$10:$G$63,MATCH($A37,'GCC.PX.UTS.2038'!$B$10:$B$63,0),1),0) -> 331.99 | E37: =IFERROR(INDEX('BAT.PX.BDG._.ITC._4hr.2031'!$G$9:$G$44,MATCH($A37,'BAT.PX.BDG._.ITC._4hr.2031'!$B$9:$B$44,0),1),0) -> 208.6195

Sheet BAT.PX.BDG._.ITC._4hr.2031
B1: Table 3
B2: =P57 -> BAT.PX.BDG._.ITC.Li_ion_4hr
B3: =TEXT($C$61,"0%")&" Capacity Factor" -> 17% Capacity Factor
B5: Year | C5: Estimated Capital Cost | D5: Fixed Capital Cost at Real Levelized Rate | E5: Fixed O&M | F5: Network Upgrade | G5: Total Fixed Cost | H5: Total Fixed Cost | J5: Total Resource Cost
C6: $/kW | D6: $/kW-yr | E6: $/kW-yr | F6: $/kW-yr | G6: $/kW-yr | H6: $/kW-mo | J6: $/MWh
C7: (a) | D7: (b) | E7: (c) | F7: (d) | G7: (e) | H7: (f) | J7: (f)
B9: 2025 | C9: 1749.0451 | E9: 40.397283
B10: =B9+1 -> 2026 | C10: =$C$9*_xlfn.XLOOKUP(B10,'2025 IRPUpdt Assumptions'!$P$238:$P$258,'2025 IRPUpdt Assumptions'!$D$238:$D$258) -> 1707.9426 | E10: =E9*(1+Inflation) -> 41.294103
B11: =B10+1 -> 2027 | C11: =$C$9*_xlfn.XLOOKUP(B11,'2025 IRPUpdt Assumptions'!$P$238:$P$258,'2025 IRPUpdt Assumptions'!$D$238:$D$258) -> 1684.8552 | E11: =E10*(1+Inflation) -> 42.210832
B12: =B11+1 -> 2028 | C12: =$C$9*_xlfn.XLOOKUP(B12,'2025 IRPUpdt Assumptions'!$P$238:$P$258,'2025 IRPUpdt Assumptions'!$D$238:$D$258) -> 1696.9236 | E12: =E11*(1+Inflation) -> 43.147912
B13: =B12+1 -> 2029 | C13: =$C$9*_xlfn.XLOOKUP(B13,'2025 IRPUpdt Assumptions'!$P$238:$P$258,'2025 IRPUpdt Assumptions'!$D$238:$D$258) -> 1708.6422 | E13: =E12*(1+Inflation) -> 44.105796
B14: =B13+1 -> 2030 | C14: =$C$9*_xlfn.XLOOKUP(B14,'2025 IRPUpdt Assumptions'!$P$238:$P$258,'2025 IRPUpdt Assumptions'!$D$238:$D$258) -> 1720.1859 | E14: =E13*(1+Inflation) -> 45.084945
B15: =B14+1 -> 2031 | C15: =$C$9*_xlfn.XLOOKUP(B15,'2025 IRPUpdt Assumptions'!$P$238:$P$258,'2025 IRPUpdt Assumptions'!$D$238:$D$258) -> 1731.3798 | D15: =C15*$C$60 -> 77.081027 | E15: =E14*(1+Inflation) -> 46.08583 | F15: =$C$58 -> 0 | G15: =(D15+E15+F15) -> 123.16686 | H15: =G15/12 -> 10.263905 | J15: =(D15+E15+F15)/(8.76*$C$61) -> 84.360861
B16: =B15+1 -> 2032 | D16: =D15*(1+Inflation) -> 78.792226 | E16: =E15*(1+Inflation) -> 47.108936 | F16: =F15*(1+Inflation) -> 0 | G16: =(D16+E16+F16) -> 125.90116 | H16: =G16/12 -> 10.491763 | J16: =(D16+E16+F16)/(8.76*$C$61) -> 86.233672
B17: =B16+1 -> 2033 | D17: =D16*(1+Inflation) -> 80.541413 | E17: =E16*(1+Inflation) -> 48.154754 | F17: =F16*(1+Inflation) -> 0 | G17: =(D17+E17+F17) -> 128.69617 | H17: =G17/12 -> 10.724681 | J17: =(D17+E17+F17)/(8.76*$C$61) -> 88.14806
B18: =B17+1 -> 2034 | D18: =D17*(1+Inflation) -> 82.329433 | E18: =E17*(1+Inflation) -> 49.22379 | F18: =F17*(1+Inflation) -> 0 | G18: =(D18+E18+F18) -> 131.55322 | H18: =G18/12 -> 10.962769 | J18: =(D18+E18+F18)/(8.76*$C$61) -> 90.104947
B19: =B18+1 -> 2035 | D19: =D18*(1+Inflation) -> 84.157146 | E19: =E18*(1+Inflation) -> 50.316558 | F19: =F18*(1+Inflation) -> 0 | G19: =(D19+E19+F19) -> 134.4737 | H19: =G19/12 -> 11.206142 | J19: =(D19+E19+F19)/(8.76*$C$61) -> 92.105277
B20: =B19+1 -> 2036 | D20: =D19*(1+Inflation) -> 86.025435 | E20: =E19*(1+Inflation) -> 51.433585 | F20: =F19*(1+Inflation) -> 0 | G20: =(D20+E20+F20) -> 137.45902 | H20: =G20/12 -> 11.454918 | J20: =(D20+E20+F20)/(8.76*$C$61) -> 94.150014
B21: =B20+1 -> 2037 | D21: =D20*(1+Inflation) -> 87.935199 | E21: =E20*(1+Inflation) -> 52.575411 | F21: =F20*(1+Inflation) -> 0 | G21: =(D21+E21+F21) -> 140.51061 | H21: =G21/12 -> 11.709218 | J21: =(D21+E21+F21)/(8.76*$C$61) -> 96.240144
B22: =B21+1 -> 2038 | D22: =D21*(1+Inflation) -> 89.887361 | E22: =E21*(1+Inflation) -> 53.742585 | F22: =F21*(1+Inflation) -> 0 | G22: =(D22+E22+F22) -> 143.62995 | H22: =G22/12 -> 11.969162 | J22: =(D22+E22+F22)/(8.76*$C$61) -> 98.376675
B23: =B22+1 -> 2039 | D23: =D22*(1+Inflation) -> 91.88286 | E23: =E22*(1+Inflation) -> 54.93567 | F23: =F22*(1+Inflation) -> 0 | G23: =(D23+E23+F23) -> 146.81853 | H23: =G23/12 -> 12.234878 | J23: =(D23+E23+F23)/(8.76*$C$61) -> 100.56064
B24: =B23+1 -> 2040 | D24: =D23*(1+Inflation) -> 93.92266 | E24: =E23*(1+Inflation) -> 56.155242 | F24: =F23*(1+Inflation) -> 0 | G24: =(D24+E24+F24) -> 150.0779 | H24: =G24/12 -> 12.506492 | J24: =(D24+E24+F24)/(8.76*$C$61) -> 102.79308
B25: =B24+1 -> 2041 | D25: =D24*(1+Inflation) -> 96.007743 | E25: =E24*(1+Inflation) -> 57.401889 | F25: =F24*(1+Inflation) -> 0 | G25: =(D25+E25+F25) -> 153.40963 | H25: =G25/12 -> 12.784136 | J25: =(D25+E25+F25)/(8.76*$C$61) -> 105.07509
B26: =B25+1 -> 2042 | D26: =D25*(1+Inflation) -> 98.139115 | E26: =E25*(1+Inflation) -> 58.676211 | F26: =F25*(1+Inflation) -> 0 | G26: =(D26+E26+F26) -> 156.81533 | H26: =G26/12 -> 13.067944 | J26: =(D26+E26+F26)/(8.76*$C$61) -> 107.40776
B27: =B26+1 -> 2043 | D27: =D26*(1+Inflation) -> 100.3178 | E27: =E26*(1+Inflation) -> 59.978823 | F27: =F26*(1+Inflation) -> 0 | G27: =(D27+E27+F27) -> 160.29663 | H27: =G27/12 -> 13.358052 | J27: =(D27+E27+F27)/(8.76*$C$61) -> 109.79221
... B44: =B43+1 -> 2060 | D44: =D43*(1+Inflation) -> 145.70952 | E44: =E43*(1+Inflation) -> 87.117988 | F44: =F43*(1+Inflation) -> 0 | G44: =(D44+E44+F44) -> 232.8275 | H44: =G44/12 -> 19.402292 | J44: =(D44+E44+F44)/(8.76*$C$61) -> 159.47089
B47: 20 Year Nominal Levelized, starting 2031
D48: =-PMT(Discount_Rate,COUNT(D$15:D$34),NPV(Discount_Rate,D$15:D$34)) -> 91.5873 | E48: =-PMT(Discount_Rate,COUNT(E$15:E$34),NPV(Discount_Rate,E$15:E$34)) -> 54.758959 | G48: =-PMT(Discount_Rate,COUNT(G$15:G$34),NPV(Discount_Rate,G$15:G$34)) -> 146.34626 | H48: =-PMT(Discount_Rate,COUNT(H$15:H$34),NPV(Discount_Rate,H$15:H$34)) -> 12.195522 | J48: =-PMT(Discount_Rate,COUNT(J$15:J$34),NPV(Discount_Rate,J$15:J$34)) -> 100.23716
B49: Sources, Inputs and Assumptions
B51: Source: | C51: (c) | D51: Plant Costs - 2025 IRP Update - Table 7.1 & 7.2
C52: =C7 -> (a) | D52: Plant capacity cost
C53: =D7 -> (b) | D53: ="= "&C7&" x "&C60 -> = (a) x 0.04452
C57: 20 | D57: Economic Life | M57: COD | N57: 2028 | P57: BAT.PX.BDG._.ITC.Li_ion_4hr
C58: 0 | D58: Network Upgrade ($/kw-yr)
M59: MW Built | N59: 34.4558
C60: 0.04452 | D60: Payment Factor, 30% ITC
C61: 0.16666667 | D61: Capacity Factor

Sheet GCC.PX.UTS.2035
B1: Table 3
B2: 2025 IRP Update - Utah South - CCCT Dry "H", 2X1, DF, with SCR | N2: GCC.PX.UTS._.DF_.H_2x1
B4: Year | C4: Estimated Capital Cost | D4: First Year Fixed Capital Cost at Real Levelized Rate | E4: Network Upgrade | F4: Fixed O&M + Pipeline | G4: Total Resource Fixed Costs | H4: Fuel Cost | I4: Variable O&M | J4: Total Resource Energy Cost | K4: Total Resource Costs
C5: $/kW | D5: $/kW-yr | E5: $/kW-yr | F5: $/kW-yr | G5: $/kW-yr | H5: $/MMBtu | I5: $/MWh | J5: $/MWh | K5: $/MWh
C6: (a) | D6: (b) | E6: (c) | F6: (d) | G6: (e) | H6: (f) | I6: (g) | J6: (h) | K6: (i)
B8: =C76 -> Utah South - CCCT Dry "H", 2X1, DF, with SCR (GCC.PX.UTS._.DF_.H_2x1)
B10: 2025 | C10: =C92+C93 -> 1520.4384 | F10: =C103 -> 47.790148 | H10: =$D$111 -> 5.7166783 | I10: =$C$104 -> 2.7729595
B11: =B10+1 -> 2026 | C11: =C10*(1+Inflation) -> 1554.1921 | F11: =F10*(1+Inflation) -> 48.85109 | H11: =H10*(1+Inflation) -> 5.8435886 | I11: =I10*(1+Inflation) -> 2.8345192
B12: =B11+1 -> 2027 | C12: =C11*(1+Inflation) -> 1588.6952 | F12: =F11*(1+Inflation) -> 49.935584 | H12: =H11*(1+Inflation) -> 5.9733162 | I12: =I11*(1+Inflation) -> 2.8974455
B13: =B12+1 -> 2028 | C13: =C12*(1+Inflation) -> 1623.9642 | E13: =$D$114 -> 19.115769 | F13: =F12*(1+Inflation) -> 51.044154 | H13: =H12*(1+Inflation) -> 6.1059238 | I13: =I12*(1+Inflation) -> 2.9617688
B14: =B13+1 -> 2029 | C14: =C13*(1+Inflation) -> 1660.0162 | E14: =E13*(1+Inflation) -> 19.540139 | F14: =F13*(1+Inflation) -> 52.177334 | H14: =H13*(1+Inflation) -> 6.2414753 | I14: =I13*(1+Inflation) -> 3.0275201
B15: =B14+1 -> 2030 | C15: =C14*(1+Inflation) -> 1696.8686 | E15: =E14*(1+Inflation) -> 19.97393 | F15: =F14*(1+Inflation) -> 53.335671 | H15: =H14*(1+Inflation) -> 6.3800361 | I15: =I14*(1+Inflation) -> 3.094731
B16: =B15+1 -> 2031 | C16: =C15*(1+Inflation) -> 1734.5391 | E16: =E15*(1+Inflation) -> 20.417352 | F16: =F15*(1+Inflation) -> 54.519723 | H16: =H15*(1+Inflation) -> 6.5216729 | I16: =I15*(1+Inflation) -> 3.163434
B17: =B16+1 -> 2032 | C17: =C16*(1+Inflation) -> 1773.0458 | E17: =E16*(1+Inflation) -> 20.870617 | F17: =F16*(1+Inflation) -> 55.730061 | H17: =H16*(1+Inflation) -> 6.666454 | I17: =I16*(1+Inflation) -> 3.2336623
B18: =B17+1 -> 2033 | C18: =C17*(1+Inflation) -> 1812.4074 | E18: =E17*(1+Inflation) -> 21.333945 | F18: =F17*(1+Inflation) -> 56.967268 | H18: =H17*(1+Inflation) -> 6.8144493 | I18: =I17*(1+Inflation) -> 3.3054496
B19: =B18+1 -> 2034 | C19: =C18*(1+Inflation) -> 1852.6429 | E19: =E18*(1+Inflation) -> 21.807558 | F19: =F18*(1+Inflation) -> 58.231941 | H19: =H18*(1+Inflation) -> 6.9657301 | I19: =I18*(1+Inflation) -> 3.3788306
B20: =B19+1 -> 2035 | C20: =C19*(1+Inflation) -> 1893.7716 | D20: =ROUND(C20*$C$107,2) -> 118.06 | E20: =E19*(1+Inflation) -> 22.291686 | F20: =F19*(1+Inflation) -> 59.52469 | G20: =ROUND(D20+E20+F20,2) -> 199.88 | H20: =H19*(1+Inflation) -> 7.1203693 | I20: =I19*(1+Inflation) -> 3.4538406 | J20: =ROUND($K$87*H20/1000+I20,2) -> 47.31 | K20: =ROUND(G20*1000/8760/$G$87+J20,2) -> 76.56
B21: =B20+1 -> 2036 | D21: =D20*(1+Inflation) -> 120.68093 | E21: =E20*(1+Inflation) -> 22.786561 | F21: =F20*(1+Inflation) -> 60.846139 | G21: =ROUND(D21+E21+F21,2) -> 204.31 | H21: =H20*(1+Inflation) -> 7.2784415 | I21: =I20*(1+Inflation) -> 3.5305159 | J21: =ROUND($K$87*H21/1000+I21,2) -> 48.36 | K21: =ROUND(G21*1000/8760/$G$87+J21,2) -> 78.26
B22: =B21+1 -> 2037 | D22: =D21*(1+Inflation) -> 123.36005 | E22: =E21*(1+Inflation) -> 23.292423 | F22: =F21*(1+Inflation) -> 62.196923 | G22: =ROUND(D22+E22+F22,2) -> 208.85 | H22: =H21*(1+Inflation) -> 7.4400229 | I22: =I21*(1+Inflation) -> 3.6088933 | J22: =ROUND($K$87*H22/1000+I22,2) -> 49.43 | K22: =ROUND(G22*1000/8760/$G$87+J22,2) -> 80
B23: =B22+1 -> 2038 | D23: =D22*(1+Inflation) -> 126.09864 | E23: =E22*(1+Inflation) -> 23.809515 | F23: =F22*(1+Inflation) -> 63.577695 | G23: =ROUND(D23+E23+F23,2) -> 213.49 | H23: =H22*(1+Inflation) -> 7.6051914 | I23: =I22*(1+Inflation) -> 3.6890107 | J23: =ROUND($K$87*H23/1000+I23,2) -> 50.53 | K23: =ROUND(G23*1000/8760/$G$87+J23,2) -> 81.77
B24: =B23+1 -> 2039 | D24: =D23*(1+Inflation) -> 128.89803 | E24: =E23*(1+Inflation) -> 24.338086 | F24: =F23*(1+Inflation) -> 64.989119 | G24: =ROUND(D24+E24+F24,2) -> 218.23 | H24: =H23*(1+Inflation) -> 7.7740267 | I24: =I23*(1+Inflation) -> 3.7709068 | J24: =ROUND($K$87*H24/1000+I24,2) -> 51.65 | K24: =ROUND(G24*1000/8760/$G$87+J24,2) -> 83.59
B25: =B24+1 -> 2040 | D25: =D24*(1+Inflation) -> 131.75957 | E25: =E24*(1+Inflation) -> 24.878392 | F25: =F24*(1+Inflation) -> 66.431878 | G25: =ROUND(D25+E25+F25,2) -> 223.07 | H25: =H24*(1+Inflation) -> 7.9466101 | I25: =I24*(1+Inflation) -> 3.8546209 | J25: =ROUND($K$87*H25/1000+I25,2) -> 52.8 | K25: =ROUND(G25*1000/8760/$G$87+J25,2) -> 85.45
B26: =B25+1 -> 2041 | D26: =D25*(1+Inflation) -> 134.68463 | E26: =E25*(1+Inflation) -> 25.430692 | F26: =F25*(1+Inflation) -> 67.906665 | G26: =ROUND(D26+E26+F26,2) -> 228.02 | H26: =H25*(1+Inflation) -> 8.1230248 | I26: =I25*(1+Inflation) -> 3.9401935 | J26: =ROUND($K$87*H26/1000+I26,2) -> 53.97 | K26: =ROUND(G26*1000/8760/$G$87+J26,2) -> 87.34
B27: =B26+1 -> 2042 | D27: =D26*(1+Inflation) -> 137.67463 | E27: =E26*(1+Inflation) -> 25.995253 | F27: =F26*(1+Inflation) -> 69.414193 | G27: =ROUND(D27+E27+F27,2) -> 233.08 | H27: =H26*(1+Inflation) -> 8.3033559 | I27: =I26*(1+Inflation) -> 4.0276658 | J27: =ROUND($K$87*H27/1000+I27,2) -> 55.17 | K27: =ROUND(G27*1000/8760/$G$87+J27,2) -> 89.28
B28: =B27+1 -> 2043 | D28: =D27*(1+Inflation) -> 140.73101 | E28: =E27*(1+Inflation) -> 26.572348 | F28: =F27*(1+Inflation) -> 70.955189 | G28: =ROUND(D28+E28+F28,2) -> 238.26 | H28: =H27*(1+Inflation) -> 8.4876905 | I28: =I27*(1+Inflation) -> 4.11708 | J28: =ROUND($K$87*H28/1000+I28,2) -> 56.39 | K28: =ROUND(G28*1000/8760/$G$87+J28,2) -> 91.26
B29: =B28+1 -> 2044 | D29: =D28*(1+Inflation) -> 143.85523 | E29: =E28*(1+Inflation) -> 27.162254 | F29: =F28*(1+Inflation) -> 72.530394 | G29: =ROUND(D29+E29+F29,2) -> 243.55 | H29: =H28*(1+Inflation) -> 8.6761172 | I29: =I28*(1+Inflation) -> 4.2084792 | J29: =ROUND($K$87*H29/1000+I29,2) -> 57.64 | K29: =ROUND(G29*1000/8760/$G$87+J29,2) -> 93.28
B30: =B29+1 -> 2045 | D30: =D29*(1+Inflation) -> 147.04882 | E30: =E29*(1+Inflation) -> 27.765256 | F30: =F29*(1+Inflation) -> 74.140568 | G30: =ROUND(D30+E30+F30,2) -> 248.95 | H30: =H29*(1+Inflation) -> 8.868727 | I30: =I29*(1+Inflation) -> 4.3019074 | J30: =ROUND($K$87*H30/1000+I30,2) -> 58.92 | K30: =ROUND(G30*1000/8760/$G$87+J30,2) -> 95.35
B31: =B30+1 -> 2046 | D31: =D30*(1+Inflation) -> 150.3133 | E31: =E30*(1+Inflation) -> 28.381645 | F31: =F30*(1+Inflation) -> 75.786489 | G31: =ROUND(D31+E31+F31,2) -> 254.48 | H31: =H30*(1+Inflation) -> 9.0656127 | I31: =I30*(1+Inflation) -> 4.3974097 | J31: =ROUND($K$87*H31/1000+I31,2) -> 60.23 | K31: =ROUND(G31*1000/8760/$G$87+J31,2) -> 97.47
B32: =B31+1 -> 2047 | D32: =D31*(1+Inflation) -> 153.65026 | E32: =E31*(1+Inflation) -> 29.011717 | F32: =F31*(1+Inflation) -> 77.468949 | G32: =ROUND(D32+E32+F32,2) -> 260.13 | H32: =H31*(1+Inflation) -> 9.2668693 | I32: =I31*(1+Inflation) -> 4.4950322 | J32: =ROUND($K$87*H32/1000+I32,2) -> 61.57 | K32: =ROUND(G32*1000/8760/$G$87+J32,2) -> 99.64
... B63: =B62+1 -> 2078 | D63: =D62*(1+Inflation) -> 303.49076 | E63: =E62*(1+Inflation) -> 57.304089 | F63: =F62*(1+Inflation) -> 153.01706 | G63: =ROUND(D63+E63+F63,2) -> 513.81 | H63: =H62*(1+Inflation) -> 18.303967 | I63: =I62*(1+Inflation) -> 8.8786101 | J63: =ROUND($K$87*H63/1000+I63,2) -> 121.61 | K63: =ROUND(G63*1000/8760/$G$87+J63,2) -> 196.81
B66: Nominal 40 year Levelized | G66: =-PMT(Discount_Rate,COUNT(G$20:G$59),NPV(Discount_Rate,G$20:G$59)) -> 267.16667 | J66: =-PMT(Discount_Rate,COUNT(J$20:J$59),NPV(Discount_Rate,J$20:J$59)) -> 63.234578 | K66: =-PMT(Discount_Rate,COUNT(K$20:K$59),NPV(Discount_Rate,K$20:K$59)) -> 102.33462
B68: Sources, Inputs and Assumptions
B70: Source: (a)(d)(e)(g) | D70: Plant Costs - 2025 IRP Update
C71: =C6 -> (a) | D71: First year real levelized costs
C72: =D6 -> (b) | D72: ="= "&C6&" x "&TEXT(C107,"0.000%")&E107 -> = (a) x 6.234% Real Payment Factor@ 00% ITC
C73: =H6 -> (f) | D73: Gas Price Forecast (Sept 2024 MM)
C74: =J6 -> (h) | D74: ="= "&H6&" / (8.76 x 'Capacity Factor' ) + "&I6 -> = (f) / (8.76 x 'Capacity Factor' ) + (g)
C76: Utah South - CCCT Dry "H", 2X1, DF, with SCR (GCC.PX.UTS._.DF_.H_2x1) | N76: CCCT Dry "H", 2X1, DF, with SCR
C79: Statistics | F79: MW | G79: Percent | H79: Cap Cost | I79: Fixed | N79: GCC.PX.UTS._.DF_.H_2x1
C80: CCCT Dry "H", 2X1, DF, with SCR | F80: =C91 -> 1058.901 | G80: =F80/F82 -> 1 | H80: =C92 -> 1508.5524 | I80: =C103 -> 47.790148
C82: Capacity Weighted | F82: =F80+F81 -> 1058.901 | G82: =G80+G81 -> 1 | H82: =ROUND(((F80*H80)+(F81*H81))/F82,0) -> 1509 | I82: =ROUND(((F80*I80)+(F81*I81))/F82,2) -> 47.79
C84: Statistics | F84: MW | G84: CF | H84: aMW | I84: Percent | J84: Variable | K84: Heat Rate
C85: =C80 -> CCCT Dry "H", 2X1, DF, with SCR | F85: =C91 -> 1058.901 | G85: =C108 -> 0.78 | H85: =G85*F85 -> 825.94278 | I85: =H85/H87 -> 1 | J85: =C104 -> 2.7729595 | K85: =C105 -> 6158.732
C86: =C81 -> 0 | F86: =D91 -> 0 | G86: =D108 -> 0 | H86: =G86*F86 -> 0 | I86: =1-I85 -> 0 | J86: =D104 -> 0 | K86: =D105 -> 0
C87: Energy Weighted | F87: =F85+F86 -> 1058.901 | G87: =ROUND(H87/F87,3) -> 0.78 | H87: =SUM(H85:H86) -> 825.94278 | I87: =I85+I86 -> 1 | J87: =ROUND(($I85*J85)+($I86*J86),2) -> 2.77 | K87: =ROUND(($I85*K85)+($I86*K86),0) -> 6159
K88: Rounded
C90: CCCT | E90: =D70 -> Plant Costs - 2025 IRP Update
C91: 1058.901 | E91: MW Plant Capacity
B92: 2025 $ | C92: 1508.5524 | E92: Plant capacity cost - in $/kW
B93: 2025 $ | C93: 11.885997 | E93: Demolition Cost - in $/kW
B94: 2025 $ | C94: 38.410855 | E94: Fixed O&M & Capitalized O&M ($/kW-Yr)
C95: 6158.732 | E95: Max Load Heat Rate on Gas (Btu/kw)
C96: 156515.7 | E96: Gas Fired Conversion Load (MMBtu/d)
C97: 0.17385 | E97: Fixed Demand Transportation Charge (Tariff) ($/mmBtu-day)
C98: 0.00267 | E98: Transportation Commodity / Usage Charge ($/MMBtu)
C99: 0.0015 | E99: ACA Charge ($/MMBtu)
C100: =C98+C99 -> 0.00417 | E100: Total Variable Charges ($/MMBtu)
C101: =C96*C97*365 -> 9931742.8 | E101: Fixed Transport Charge $/Year
C102: =C101/C91/1000 -> 9.3792931 | E102: Fixed Pipeline in $/kW
C103: =C94+C102 -> 47.790148 | E103: Fixed O&M including Fixed Pipeline & Capitalized O&M ($/kW-Yr)
B104: 2025 $ | C104: 2.7729595 | E104: Variable O&M Costs & Capitalized Variable O&M ($/MWh)
C105: 6158.732 | E105: Heat Rate in btu/kWh
C106: 0 | E106: Assumed ITC
C107: 0.06234 | E107: =" Real Payment Factor@ "&TEXT(C106,"00%")&" ITC" -> Real Payment Factor@ 00% ITC
C108: 0.78 | E108: Capacity Factor
D109: =ROUND(H87/F87,3) -> 0.78 | E109: Energy Weighted Capacity Factor
B110: 2025 $ | E110: Network Upgrade ($/kw-yr)
D111: 5.7166783 | E111: Fuel Cost ($/mmBtu )
D112: =(D111/1000000)*1000*C105 -> 35.20749 | E112: Fuel Cost ($/MWH)
D113: 0.025 | E113: EFOR %
B114: 2028 $ | D114: ='2025 IRPUpdt Assumptions'!$L$145 -> 19.115769 | E114: Network Upgrade ($/kw-yr)

Sheet GCC.PX.UTS.2036
B1: Table 3
B2: 2025 IRP Update - Utah South - CCCT Dry "H", 2X1, DF, with SCR | N2: GCC.PX.UTS._.DF_.H_2x1
B4: Year | C4: Estimated Capital Cost | D4: First Year Fixed Capital Cost at Real Levelized Rate | E4: Network Upgrade | F4: Fixed O&M + Pipeline | G4: Total Resource Fixed Costs | H4: Fuel Cost | I4: Variable O&M | J4: Total Resource Energy Cost | K4: Total Resource Costs
C5: $/kW | D5: $/kW-yr | E5: $/kW-yr | F5: $/kW-yr | G5: $/kW-yr | H5: $/MMBtu | I5: $/MWh | J5: $/MWh | K5: $/MWh
C6: (a) | D6: (b) | E6: (c) | F6: (d) | G6: (e) | H6: (f) | I6: (g) | J6: (h) | K6: (i)
B8: =C76 -> Utah South - CCCT Dry "H", 2X1, DF, with SCR (GCC.PX.UTS._.DF_.H_2x1)
B10: 2025 | C10: =C92+C93 -> 1520.4384 | F10: =C103 -> 47.790148 | H10: =$D$111 -> 5.7166783 | I10: =$C$104 -> 2.7729595
B11: =B10+1 -> 2026 | C11: =C10*(1+Inflation) -> 1554.1921 | F11: =F10*(1+Inflation) -> 48.85109 | H11: =H10*(1+Inflation) -> 5.8435886 | I11: =I10*(1+Inflation) -> 2.8345192
B12: =B11+1 -> 2027 | C12: =C11*(1+Inflation) -> 1588.6952 | F12: =F11*(1+Inflation) -> 49.935584 | H12: =H11*(1+Inflation) -> 5.9733162 | I12: =I11*(1+Inflation) -> 2.8974455
B13: =B12+1 -> 2028 | C13: =C12*(1+Inflation) -> 1623.9642 | E13: =$D$114 -> 19.115769 | F13: =F12*(1+Inflation) -> 51.044154 | H13: =H12*(1+Inflation) -> 6.1059238 | I13: =I12*(1+Inflation) -> 2.9617688
B14: =B13+1 -> 2029 | C14: =C13*(1+Inflation) -> 1660.0162 | E14: =E13*(1+Inflation) -> 19.540139 | F14: =F13*(1+Inflation) -> 52.177334 | H14: =H13*(1+Inflation) -> 6.2414753 | I14: =I13*(1+Inflation) -> 3.0275201
B15: =B14+1 -> 2030 | C15: =C14*(1+Inflation) -> 1696.8686 | E15: =E14*(1+Inflation) -> 19.97393 | F15: =F14*(1+Inflation) -> 53.335671 | H15: =H14*(1+Inflation) -> 6.3800361 | I15: =I14*(1+Inflation) -> 3.094731
B16: =B15+1 -> 2031 | C16: =C15*(1+Inflation) -> 1734.5391 | E16: =E15*(1+Inflation) -> 20.417352 | F16: =F15*(1+Inflation) -> 54.519723 | H16: =H15*(1+Inflation) -> 6.5216729 | I16: =I15*(1+Inflation) -> 3.163434
B17: =B16+1 -> 2032 | C17: =C16*(1+Inflation) -> 1773.0458 | E17: =E16*(1+Inflation) -> 20.870617 | F17: =F16*(1+Inflation) -> 55.730061 | H17: =H16*(1+Inflation) -> 6.666454 | I17: =I16*(1+Inflation) -> 3.2336623
B18: =B17+1 -> 2033 | C18: =C17*(1+Inflation) -> 1812.4074 | E18: =E17*(1+Inflation) -> 21.333945 | F18: =F17*(1+Inflation) -> 56.967268 | H18: =H17*(1+Inflation) -> 6.8144493 | I18: =I17*(1+Inflation) -> 3.3054496
B19: =B18+1 -> 2034 | C19: =C18*(1+Inflation) -> 1852.6429 | E19: =E18*(1+Inflation) -> 21.807558 | F19: =F18*(1+Inflation) -> 58.231941 | H19: =H18*(1+Inflation) -> 6.9657301 | I19: =I18*(1+Inflation) -> 3.3788306
B20: =B19+1 -> 2035 | C20: =C19*(1+Inflation) -> 1893.7716 | E20: =E19*(1+Inflation) -> 22.291686 | F20: =F19*(1+Inflation) -> 59.52469 | H20: =H19*(1+Inflation) -> 7.1203693 | I20: =I19*(1+Inflation) -> 3.4538406
B21: =B20+1 -> 2036 | C21: =C20*(1+Inflation) -> 1935.8133 | D21: =ROUND(C21*$C$107,2) -> 120.68 | E21: =E20*(1+Inflation)+$D$115 -> 37.222436 | F21: =F20*(1+Inflation) -> 60.846139 | G21: =ROUND(D21+E21+F21,2) -> 218.75 | H21: =H20*(1+Inflation) -> 7.2784415 | I21: =I20*(1+Inflation) -> 3.5305159 | J21: =ROUND($K$87*H21/1000+I21,2) -> 48.36 | K21: =ROUND(G21*1000/8760/$G$87+J21,2) -> 80.37
B22: =B21+1 -> 2037 | D22: =D21*(1+Inflation) -> 123.3591 | E22: =E21*(1+Inflation) -> 38.048774 | F22: =F21*(1+Inflation) -> 62.196923 | G22: =ROUND(D22+E22+F22,2) -> 223.6 | H22: =H21*(1+Inflation) -> 7.4400229 | I22: =I21*(1+Inflation) -> 3.6088933 | J22: =ROUND($K$87*H22/1000+I22,2) -> 49.43 | K22: =ROUND(G22*1000/8760/$G$87+J22,2) -> 82.15
B23: =B22+1 -> 2038 | D23: =D22*(1+Inflation) -> 126.09767 | E23: =E22*(1+Inflation) -> 38.893456 | F23: =F22*(1+Inflation) -> 63.577695 | G23: =ROUND(D23+E23+F23,2) -> 228.57 | H23: =H22*(1+Inflation) -> 7.6051914 | I23: =I22*(1+Inflation) -> 3.6890107 | J23: =ROUND($K$87*H23/1000+I23,2) -> 50.53 | K23: =ROUND(G23*1000/8760/$G$87+J23,2) -> 83.98
B24: =B23+1 -> 2039 | D24: =D23*(1+Inflation) -> 128.89704 | E24: =E23*(1+Inflation) -> 39.756891 | F24: =F23*(1+Inflation) -> 64.989119 | G24: =ROUND(D24+E24+F24,2) -> 233.64 | H24: =H23*(1+Inflation) -> 7.7740267 | I24: =I23*(1+Inflation) -> 3.7709068 | J24: =ROUND($K$87*H24/1000+I24,2) -> 51.65 | K24: =ROUND(G24*1000/8760/$G$87+J24,2) -> 85.84
B25: =B24+1 -> 2040 | D25: =D24*(1+Inflation) -> 131.75855 | E25: =E24*(1+Inflation) -> 40.639494 | F25: =F24*(1+Inflation) -> 66.431878 | G25: =ROUND(D25+E25+F25,2) -> 238.83 | H25: =H24*(1+Inflation) -> 7.9466101 | I25: =I24*(1+Inflation) -> 3.8546209 | J25: =ROUND($K$87*H25/1000+I25,2) -> 52.8 | K25: =ROUND(G25*1000/8760/$G$87+J25,2) -> 87.75
B26: =B25+1 -> 2041 | D26: =D25*(1+Inflation) -> 134.68359 | E26: =E25*(1+Inflation) -> 41.541691 | F26: =F25*(1+Inflation) -> 67.906665 | G26: =ROUND(D26+E26+F26,2) -> 244.13 | H26: =H25*(1+Inflation) -> 8.1230248 | I26: =I25*(1+Inflation) -> 3.9401935 | J26: =ROUND($K$87*H26/1000+I26,2) -> 53.97 | K26: =ROUND(G26*1000/8760/$G$87+J26,2) -> 89.7
B27: =B26+1 -> 2042 | D27: =D26*(1+Inflation) -> 137.67357 | E27: =E26*(1+Inflation) -> 42.463917 | F27: =F26*(1+Inflation) -> 69.414193 | G27: =ROUND(D27+E27+F27,2) -> 249.55 | H27: =H26*(1+Inflation) -> 8.3033559 | I27: =I26*(1+Inflation) -> 4.0276658 | J27: =ROUND($K$87*H27/1000+I27,2) -> 55.17 | K27: =ROUND(G27*1000/8760/$G$87+J27,2) -> 91.69
B28: =B27+1 -> 2043 | D28: =D27*(1+Inflation) -> 140.72992 | E28: =E27*(1+Inflation) -> 43.406615 | F28: =F27*(1+Inflation) -> 70.955189 | G28: =ROUND(D28+E28+F28,2) -> 255.09 | H28: =H27*(1+Inflation) -> 8.4876905 | I28: =I27*(1+Inflation) -> 4.11708 | J28: =ROUND($K$87*H28/1000+I28,2) -> 56.39 | K28: =ROUND(G28*1000/8760/$G$87+J28,2) -> 93.72
B29: =B28+1 -> 2044 | D29: =D28*(1+Inflation) -> 143.85412 | E29: =E28*(1+Inflation) -> 44.370242 | F29: =F28*(1+Inflation) -> 72.530394 | G29: =ROUND(D29+E29+F29,2) -> 260.75 | H29: =H28*(1+Inflation) -> 8.6761172 | I29: =I28*(1+Inflation) -> 4.2084792 | J29: =ROUND($K$87*H29/1000+I29,2) -> 57.64 | K29: =ROUND(G29*1000/8760/$G$87+J29,2) -> 95.8
B30: =B29+1 -> 2045 | D30: =D29*(1+Inflation) -> 147.04768 | E30: =E29*(1+Inflation) -> 45.355262 | F30: =F29*(1+Inflation) -> 74.140568 | G30: =ROUND(D30+E30+F30,2) -> 266.54 | H30: =H29*(1+Inflation) -> 8.868727 | I30: =I29*(1+Inflation) -> 4.3019074 | J30: =ROUND($K$87*H30/1000+I30,2) -> 58.92 | K30: =ROUND(G30*1000/8760/$G$87+J30,2) -> 97.93
B31: =B30+1 -> 2046 | D31: =D30*(1+Inflation) -> 150.31214 | E31: =E30*(1+Inflation) -> 46.362149 | F31: =F30*(1+Inflation) -> 75.786489 | G31: =ROUND(D31+E31+F31,2) -> 272.46 | H31: =H30*(1+Inflation) -> 9.0656127 | I31: =I30*(1+Inflation) -> 4.3974097 | J31: =ROUND($K$87*H31/1000+I31,2) -> 60.23 | K31: =ROUND(G31*1000/8760/$G$87+J31,2) -> 100.11
B32: =B31+1 -> 2047 | D32: =D31*(1+Inflation) -> 153.64907 | E32: =E31*(1+Inflation) -> 47.391388 | F32: =F31*(1+Inflation) -> 77.468949 | G32: =ROUND(D32+E32+F32,2) -> 278.51 | H32: =H31*(1+Inflation) -> 9.2668693 | I32: =I31*(1+Inflation) -> 4.4950322 | J32: =ROUND($K$87*H32/1000+I32,2) -> 61.57 | K32: =ROUND(G32*1000/8760/$G$87+J32,2) -> 102.33
B33: =B32+1 -> 2048 | D33: =D32*(1+Inflation) -> 157.06008 | E33: =E32*(1+Inflation) -> 48.443477 | F33: =F32*(1+Inflation) -> 79.18876 | G33: =ROUND(D33+E33+F33,2) -> 284.69 | H33: =H32*(1+Inflation) -> 9.4725938 | I33: =I32*(1+Inflation) -> 4.5948219 | J33: =ROUND($K$87*H33/1000+I33,2) -> 62.94 | K33: =ROUND(G33*1000/8760/$G$87+J33,2) -> 104.61
... B63: =B62+1 -> 2078 | D63: =D62*(1+Inflation) -> 303.48842 | E63: =E62*(1+Inflation) -> 93.607707 | F63: =F62*(1+Inflation) -> 153.01706 | G63: =ROUND(D63+E63+F63,2) -> 550.11 | H63: =H62*(1+Inflation) -> 18.303967 | I63: =I62*(1+Inflation) -> 8.8786101 | J63: =ROUND($K$87*H63/1000+I63,2) -> 121.61 | K63: =ROUND(G63*1000/8760/$G$87+J63,2) -> 202.12
B66: Nominal 40 year Levelized | G66: =-PMT(Discount_Rate,COUNT(G$21:G$60),NPV(Discount_Rate,G$21:G$60)) -> 292.39131 | J66: =-PMT(Discount_Rate,COUNT(J$21:J$60),NPV(Discount_Rate,J$21:J$60)) -> 64.638247 | K66: =-PMT(Discount_Rate,COUNT(K$20:K$59),NPV(Discount_Rate,K$20:K$59)) -> 106.94035
B68: Sources, Inputs and Assumptions
B70: Source: (a)(d)(e)(g) | D70: Plant Costs - 2025 IRP Update
C71: =C6 -> (a) | D71: First year real levelized costs
C72: =D6 -> (b) | D72: ="= "&C6&" x "&TEXT(C107,"0.000%")&E107 -> = (a) x 6.234% Real Payment Factor@ 00% ITC
C73: =H6 -> (f) | D73: Gas Price Forecast (Sept 2024 MM)
C74: =J6 -> (h) | D74: ="= "&H6&" / (8.76 x 'Capacity Factor' ) + "&I6 -> = (f) / (8.76 x 'Capacity Factor' ) + (g)
C76: Utah South - CCCT Dry "H", 2X1, DF, with SCR (GCC.PX.UTS._.DF_.H_2x1) | N76: CCCT Dry "H", 2X1, DF, with SCR
C79: Statistics | F79: MW | G79: Percent | H79: Cap Cost | I79: Fixed | N79: GCC.PX.UTS._.DF_.H_2x1
C80: CCCT Dry "H", 2X1, DF, with SCR | F80: =C91 -> 1058.901 | G80: =F80/F82 -> 1 | H80: =C92 -> 1508.5524 | I80: =C103 -> 47.790148
C82: Capacity Weighted | F82: =F80+F81 -> 1058.901 | G82: =G80+G81 -> 1 | H82: =ROUND(((F80*H80)+(F81*H81))/F82,0) -> 1509 | I82: =ROUND(((F80*I80)+(F81*I81))/F82,2) -> 47.79
C84: Statistics | F84: MW | G84: CF | H84: aMW | I84: Percent | J84: Variable | K84: Heat Rate
C85: =C80 -> CCCT Dry "H", 2X1, DF, with SCR | F85: =C91 -> 1058.901 | G85: =C108 -> 0.78 | H85: =G85*F85 -> 825.94278 | I85: =H85/H87 -> 1 | J85: =C104 -> 2.7729595 | K85: =C105 -> 6158.732
C86: =C81 -> 0 | F86: =D91 -> 0 | G86: =D108 -> 0 | H86: =G86*F86 -> 0 | I86: =1-I85 -> 0 | J86: =D104 -> 0 | K86: =D105 -> 0
C87: Energy Weighted | F87: =F85+F86 -> 1058.901 | G87: =ROUND(H87/F87,3) -> 0.78 | H87: =SUM(H85:H86) -> 825.94278 | I87: =I85+I86 -> 1 | J87: =ROUND(($I85*J85)+($I86*J86),2) -> 2.77 | K87: =ROUND(($I85*K85)+($I86*K86),0) -> 6159
K88: Rounded
C90: CCCT | E90: =D70 -> Plant Costs - 2025 IRP Update
C91: 1058.901 | E91: MW Plant Capacity
B92: 2025 $ | C92: 1508.5524 | E92: Plant capacity cost - in $/kW
B93: 2025 $ | C93: 11.885997 | E93: Demolition Cost - in $/kW
B94: 2025 $ | C94: 38.410855 | E94: Fixed O&M & Capitalized O&M ($/kW-Yr)
C95: 6158.732 | E95: Max Load Heat Rate on Gas (Btu/kw)
C96: 156515.7 | E96: Gas Fired Conversion Load (MMBtu/d)
C97: 0.17385 | E97: Fixed Demand Transportation Charge (Tariff) ($/mmBtu-day)
C98: 0.00267 | E98: Transportation Commodity / Usage Charge ($/MMBtu)
C99: 0.0015 | E99: ACA Charge ($/MMBtu)
C100: =C98+C99 -> 0.00417 | E100: Total Variable Charges ($/MMBtu)
C101: =C96*C97*365 -> 9931742.8 | E101: Fixed Transport Charge $/Year
C102: =C101/C91/1000 -> 9.3792931 | E102: Fixed Pipeline in $/kW
C103: =C94+C102 -> 47.790148 | E103: Fixed O&M including Fixed Pipeline & Capitalized O&M ($/kW-Yr)
B104: 2025 $ | C104: 2.7729595 | E104: Variable O&M Costs & Capitalized Variable O&M ($/MWh)
C105: 6158.732 | E105: Heat Rate in btu/kWh
C106: 0 | E106: Assumed ITC
C107: 0.06234 | E107: =" Real Payment Factor@ "&TEXT(C106,"00%")&" ITC" -> Real Payment Factor@ 00% ITC
C108: 0.78 | E108: Capacity Factor
D109: =ROUND(H87/F87,3) -> 0.78 | E109: Energy Weighted Capacity Factor
B110: 2025 $ | E110: Network Upgrade ($/kw-yr)
D111: 5.7166783 | E111: Fuel Cost ($/mmBtu )
D112: =(D111/1000000)*1000*C105 -> 35.20749 | E112: Fuel Cost ($/MWH)
D113: 0.025 | E113: EFOR %
B114: 2028 $ | D114: ='2025 IRPUpdt Assumptions'!$L$145 -> 19.115769 | E114: Network Upgrade ($/kw-yr)
B115: 2036 $ | D115: ='2025 IRPUpdt Assumptions'!$L$153 -> 14.435874 | E115: Network Upgrade ($/kw-yr)

Sheet GCC.PX.UTS.2038
B1: Table 3
B2: 2025 IRP Update - Utah South - CCCT Dry "H", 2X1, DF, with SCR | N2: GCC.PX.UTS._.DF_.H_2x1
B4: Year | C4: Estimated Capital Cost | D4: First Year Fixed Capital Cost at Real Levelized Rate | E4: Network Upgrade | F4: Fixed O&M + Pipeline | G4: Total Resource Fixed Costs | H4: Fuel Cost | I4: Variable O&M | J4: Total Resource Energy Cost | K4: Total Resource Costs
C5: $/kW | D5: $/kW-yr | E5: $/kW-yr | F5: $/kW-yr | G5: $/kW-yr | H5: $/MMBtu | I5: $/MWh | J5: $/MWh | K5: $/MWh
C6: (a) | D6: (b) | E6: (c) | F6: (d) | G6: (e) | H6: (f) | I6: (g) | J6: (h) | K6: (i)
B8: =C76 -> Utah South - CCCT Dry "H", 2X1, DF, with SCR (GCC.PX.UTS._.DF_.H_2x1)
B10: 2025 | C10: =C92+C93 -> 1520.4384 | F10: =C103 -> 47.790148 | H10: =$D$111 -> 5.7166783 | I10: =$C$104 -> 2.7729595
B11: =B10+1 -> 2026 | C11: =C10*(1+Inflation) -> 1554.1921 | F11: =F10*(1+Inflation) -> 48.85109 | H11: =H10*(1+Inflation) -> 5.8435886 | I11: =I10*(1+Inflation) -> 2.8345192
B12: =B11+1 -> 2027 | C12: =C11*(1+Inflation) -> 1588.6952 | F12: =F11*(1+Inflation) -> 49.935584 | H12: =H11*(1+Inflation) -> 5.9733162 | I12: =I11*(1+Inflation) -> 2.8974455
B13: =B12+1 -> 2028 | C13: =C12*(1+Inflation) -> 1623.9642 | E13: =$D$114 -> 19.115769 | F13: =F12*(1+Inflation) -> 51.044154 | H13: =H12*(1+Inflation) -> 6.1059238 | I13: =I12*(1+Inflation) -> 2.9617688
B14: =B13+1 -> 2029 | C14: =C13*(1+Inflation) -> 1660.0162 | E14: =E13*(1+Inflation) -> 19.540139 | F14: =F13*(1+Inflation) -> 52.177334 | H14: =H13*(1+Inflation) -> 6.2414753 | I14: =I13*(1+Inflation) -> 3.0275201
B15: =B14+1 -> 2030 | C15: =C14*(1+Inflation) -> 1696.8686 | E15: =E14*(1+Inflation) -> 19.97393 | F15: =F14*(1+Inflation) -> 53.335671 | H15: =H14*(1+Inflation) -> 6.3800361 | I15: =I14*(1+Inflation) -> 3.094731
B16: =B15+1 -> 2031 | C16: =C15*(1+Inflation) -> 1734.5391 | E16: =E15*(1+Inflation) -> 20.417352 | F16: =F15*(1+Inflation) -> 54.519723 | H16: =H15*(1+Inflation) -> 6.5216729 | I16: =I15*(1+Inflation) -> 3.163434
B17: =B16+1 -> 2032 | C17: =C16*(1+Inflation) -> 1773.0458 | E17: =E16*(1+Inflation) -> 20.870617 | F17: =F16*(1+Inflation) -> 55.730061 | H17: =H16*(1+Inflation) -> 6.666454 | I17: =I16*(1+Inflation) -> 3.2336623
B18: =B17+1 -> 2033 | C18: =C17*(1+Inflation) -> 1812.4074 | E18: =E17*(1+Inflation) -> 21.333945 | F18: =F17*(1+Inflation) -> 56.967268 | H18: =H17*(1+Inflation) -> 6.8144493 | I18: =I17*(1+Inflation) -> 3.3054496
B19: =B18+1 -> 2034 | C19: =C18*(1+Inflation) -> 1852.6429 | E19: =E18*(1+Inflation) -> 21.807558 | F19: =F18*(1+Inflation) -> 58.231941 | H19: =H18*(1+Inflation) -> 6.9657301 | I19: =I18*(1+Inflation) -> 3.3788306
B20: =B19+1 -> 2035 | C20: =C19*(1+Inflation) -> 1893.7716 | E20: =E19*(1+Inflation) -> 22.291686 | F20: =F19*(1+Inflation) -> 59.52469 | H20: =H19*(1+Inflation) -> 7.1203693 | I20: =I19*(1+Inflation) -> 3.4538406
B21: =B20+1 -> 2036 | C21: =C20*(1+Inflation) -> 1935.8133 | E21: =E20*(1+Inflation)+$D$115 -> 37.222436 | F21: =F20*(1+Inflation) -> 60.846139 | H21: =H20*(1+Inflation) -> 7.2784415 | I21: =I20*(1+Inflation) -> 3.5305159
B22: =B21+1 -> 2037 | C22: =C21*(1+Inflation) -> 1978.7884 | E22: =E21*(1+Inflation) -> 38.048774 | F22: =F21*(1+Inflation) -> 62.196923 | H22: =H21*(1+Inflation) -> 7.4400229 | I22: =I21*(1+Inflation) -> 3.6088933
B23: =B22+1 -> 2038 | C23: =C22*(1+Inflation) -> 2022.7175 | D23: =ROUND(C23*$C$107,2) -> 126.1 | E23: =E22*(1+Inflation) -> 38.893456 | F23: =F22*(1+Inflation) -> 63.577695 | G23: =ROUND(D23+E23+F23,2) -> 228.57 | H23: =H22*(1+Inflation) -> 7.6051914 | I23: =I22*(1+Inflation) -> 3.6890107 | J23: =ROUND($K$87*H23/1000+I23,2) -> 50.53 | K23: =ROUND(G23*1000/8760/$G$87+J23,2) -> 83.98
B24: =B23+1 -> 2039 | D24: =D23*(1+Inflation) -> 128.89942 | E24: =E23*(1+Inflation) -> 39.756891 | F24: =F23*(1+Inflation) -> 64.989119 | G24: =ROUND(D24+E24+F24,2) -> 233.65 | H24: =H23*(1+Inflation) -> 7.7740267 | I24: =I23*(1+Inflation) -> 3.7709068 | J24: =ROUND($K$87*H24/1000+I24,2) -> 51.65 | K24: =ROUND(G24*1000/8760/$G$87+J24,2) -> 85.85
B25: =B24+1 -> 2040 | D25: =D24*(1+Inflation) -> 131.76099 | E25: =E24*(1+Inflation) -> 40.639494 | F25: =F24*(1+Inflation) -> 66.431878 | G25: =ROUND(D25+E25+F25,2) -> 238.83 | H25: =H24*(1+Inflation) -> 7.9466101 | I25: =I24*(1+Inflation) -> 3.8546209 | J25: =ROUND($K$87*H25/1000+I25,2) -> 52.8 | K25: =ROUND(G25*1000/8760/$G$87+J25,2) -> 87.75
B26: =B25+1 -> 2041 | D26: =D25*(1+Inflation) -> 134.68608 | E26: =E25*(1+Inflation) -> 41.541691 | F26: =F25*(1+Inflation) -> 67.906665 | G26: =ROUND(D26+E26+F26,2) -> 244.13 | H26: =H25*(1+Inflation) -> 8.1230248 | I26: =I25*(1+Inflation) -> 3.9401935 | J26: =ROUND($K$87*H26/1000+I26,2) -> 53.97 | K26: =ROUND(G26*1000/8760/$G$87+J26,2) -> 89.7
B27: =B26+1 -> 2042 | D27: =D26*(1+Inflation) -> 137.67611 | E27: =E26*(1+Inflation) -> 42.463917 | F27: =F26*(1+Inflation) -> 69.414193 | G27: =ROUND(D27+E27+F27,2) -> 249.55 | H27: =H26*(1+Inflation) -> 8.3033559 | I27: =I26*(1+Inflation) -> 4.0276658 | J27: =ROUND($K$87*H27/1000+I27,2) -> 55.17 | K27: =ROUND(G27*1000/8760/$G$87+J27,2) -> 91.69
B28: =B27+1 -> 2043 | D28: =D27*(1+Inflation) -> 140.73252 | E28: =E27*(1+Inflation) -> 43.406615 | F28: =F27*(1+Inflation) -> 70.955189 | G28: =ROUND(D28+E28+F28,2) -> 255.09 | H28: =H27*(1+Inflation) -> 8.4876905 | I28: =I27*(1+Inflation) -> 4.11708 | J28: =ROUND($K$87*H28/1000+I28,2) -> 56.39 | K28: =ROUND(G28*1000/8760/$G$87+J28,2) -> 93.72
B29: =B28+1 -> 2044 | D29: =D28*(1+Inflation) -> 143.85678 | E29: =E28*(1+Inflation) -> 44.370242 | F29: =F28*(1+Inflation) -> 72.530394 | G29: =ROUND(D29+E29+F29,2) -> 260.76 | H29: =H28*(1+Inflation) -> 8.6761172 | I29: =I28*(1+Inflation) -> 4.2084792 | J29: =ROUND($K$87*H29/1000+I29,2) -> 57.64 | K29: =ROUND(G29*1000/8760/$G$87+J29,2) -> 95.8
B30: =B29+1 -> 2045 | D30: =D29*(1+Inflation) -> 147.0504 | E30: =E29*(1+Inflation) -> 45.355262 | F30: =F29*(1+Inflation) -> 74.140568 | G30: =ROUND(D30+E30+F30,2) -> 266.55 | H30: =H29*(1+Inflation) -> 8.868727 | I30: =I29*(1+Inflation) -> 4.3019074 | J30: =ROUND($K$87*H30/1000+I30,2) -> 58.92 | K30: =ROUND(G30*1000/8760/$G$87+J30,2) -> 97.93
B31: =B30+1 -> 2046 | D31: =D30*(1+Inflation) -> 150.31492 | E31: =E30*(1+Inflation) -> 46.362149 | F31: =F30*(1+Inflation) -> 75.786489 | G31: =ROUND(D31+E31+F31,2) -> 272.46 | H31: =H30*(1+Inflation) -> 9.0656127 | I31: =I30*(1+Inflation) -> 4.3974097 | J31: =ROUND($K$87*H31/1000+I31,2) -> 60.23 | K31: =ROUND(G31*1000/8760/$G$87+J31,2) -> 100.11
B32: =B31+1 -> 2047 | D32: =D31*(1+Inflation) -> 153.65191 | E32: =E31*(1+Inflation) -> 47.391388 | F32: =F31*(1+Inflation) -> 77.468949 | G32: =ROUND(D32+E32+F32,2) -> 278.51 | H32: =H31*(1+Inflation) -> 9.2668693 | I32: =I31*(1+Inflation) -> 4.4950322 | J32: =ROUND($K$87*H32/1000+I32,2) -> 61.57 | K32: =ROUND(G32*1000/8760/$G$87+J32,2) -> 102.33
B33: =B32+1 -> 2048 | D33: =D32*(1+Inflation) -> 157.06299 | E33: =E32*(1+Inflation) -> 48.443477 | F33: =F32*(1+Inflation) -> 79.18876 | G33: =ROUND(D33+E33+F33,2) -> 284.7 | H33: =H32*(1+Inflation) -> 9.4725938 | I33: =I32*(1+Inflation) -> 4.5948219 | J33: =ROUND($K$87*H33/1000+I33,2) -> 62.94 | K33: =ROUND(G33*1000/8760/$G$87+J33,2) -> 104.61
B34: =B33+1 -> 2049 | D34: =D33*(1+Inflation) -> 160.54979 | E34: =E33*(1+Inflation) -> 49.518922 | F34: =F33*(1+Inflation) -> 80.94675 | G34: =ROUND(D34+E34+F34,2) -> 291.02 | H34: =H33*(1+Inflation) -> 9.6828854 | I34: =I33*(1+Inflation) -> 4.696827 | J34: =ROUND($K$87*H34/1000+I34,2) -> 64.33 | K34: =ROUND(G34*1000/8760/$G$87+J34,2) -> 106.92
B35: =B34+1 -> 2050 | D35: =D34*(1+Inflation) -> 164.11399 | E35: =E34*(1+Inflation) -> 50.618242 | F35: =F34*(1+Inflation) -> 82.743768 | G35: =ROUND(D35+E35+F35,2) -> 297.48 | H35: =H34*(1+Inflation) -> 9.8978455 | I35: =I34*(1+Inflation) -> 4.8010966 | J35: =ROUND($K$87*H35/1000+I35,2) -> 65.76 | K35: =ROUND(G35*1000/8760/$G$87+J35,2) -> 109.3
... B63: =B62+1 -> 2078 | D63: =D62*(1+Inflation) -> 303.49403 | E63: =E62*(1+Inflation) -> 93.607707 | F63: =F62*(1+Inflation) -> 153.01706 | G63: =ROUND(D63+E63+F63,2) -> 550.12 | H63: =H62*(1+Inflation) -> 18.303967 | I63: =I62*(1+Inflation) -> 8.8786101 | J63: =ROUND($K$87*H63/1000+I63,2) -> 121.61 | K63: =ROUND(G63*1000/8760/$G$87+J63,2) -> 202.12
B66: Nominal 40 year Levelized | G66: =-PMT(Discount_Rate,COUNT(G$23:G$62),NPV(Discount_Rate,G$23:G$62)) -> 305.52097 | J66: =-PMT(Discount_Rate,COUNT(J$23:J$62),NPV(Discount_Rate,J$23:J$62)) -> 67.54003 | K66: =-PMT(Discount_Rate,COUNT(K$23:K$62),NPV(Discount_Rate,K$23:K$62)) -> 112.25374
B68: Sources, Inputs and Assumptions
B70: Source: (a)(d)(e)(g) | D70: Plant Costs - 2025 IRP Update
C71: =C6 -> (a) | D71: First year real levelized costs
C72: =D6 -> (b) | D72: ="= "&C6&" x "&TEXT(C107,"0.000%")&E107 -> = (a) x 6.234% Real Payment Factor@ 00% ITC
C73: =H6 -> (f) | D73: Gas Price Forecast (Sept 2024 MM)
C74: =J6 -> (h) | D74: ="= "&H6&" / (8.76 x 'Capacity Factor' ) + "&I6 -> = (f) / (8.76 x 'Capacity Factor' ) + (g)
C76: Utah South - CCCT Dry "H", 2X1, DF, with SCR (GCC.PX.UTS._.DF_.H_2x1) | N76: CCCT Dry "H", 2X1, DF, with SCR
C79: Statistics | F79: MW | G79: Percent | H79: Cap Cost | I79: Fixed | N79: GCC.PX.UTS._.DF_.H_2x1
C80: CCCT Dry "H", 2X1, DF, with SCR | F80: =C91 -> 1058.901 | G80: =F80/F82 -> 1 | H80: =C92 -> 1508.5524 | I80: =C103 -> 47.790148
C82: Capacity Weighted | F82: =F80+F81 -> 1058.901 | G82: =G80+G81 -> 1 | H82: =ROUND(((F80*H80)+(F81*H81))/F82,0) -> 1509 | I82: =ROUND(((F80*I80)+(F81*I81))/F82,2) -> 47.79
C84: Statistics | F84: MW | G84: CF | H84: aMW | I84: Percent | J84: Variable | K84: Heat Rate
C85: =C80 -> CCCT Dry "H", 2X1, DF, with SCR | F85: =C91 -> 1058.901 | G85: =C108 -> 0.78 | H85: =G85*F85 -> 825.94278 | I85: =H85/H87 -> 1 | J85: =C104 -> 2.7729595 | K85: =C105 -> 6158.732
C86: =C81 -> 0 | F86: =D91 -> 0 | G86: =D108 -> 0 | H86: =G86*F86 -> 0 | I86: =1-I85 -> 0 | J86: =D104 -> 0 | K86: =D105 -> 0
C87: Energy Weighted | F87: =F85+F86 -> 1058.901 | G87: =ROUND(H87/F87,3) -> 0.78 | H87: =SUM(H85:H86) -> 825.94278 | I87: =I85+I86 -> 1 | J87: =ROUND(($I85*J85)+($I86*J86),2) -> 2.77 | K87: =ROUND(($I85*K85)+($I86*K86),0) -> 6159
K88: Rounded
C90: CCCT | E90: =D70 -> Plant Costs - 2025 IRP Update
C91: 1058.901 | E91: MW Plant Capacity
B92: 2025 $ | C92: 1508.5524 | E92: Plant capacity cost - in $/kW
B93: 2025 $ | C93: 11.885997 | E93: Demolition Cost - in $/kW
B94: 2025 $ | C94: 38.410855 | E94: Fixed O&M & Capitalized O&M ($/kW-Yr)
C95: 6158.732 | E95: Max Load Heat Rate on Gas (Btu/kw)
C96: 156515.7 | E96: Gas Fired Conversion Load (MMBtu/d)
C97: 0.17385 | E97: Fixed Demand Transportation Charge (Tariff) ($/mmBtu-day)
C98: 0.00267 | E98: Transportation Commodity / Usage Charge ($/MMBtu)
C99: 0.0015 | E99: ACA Charge ($/MMBtu)
C100: =C98+C99 -> 0.00417 | E100: Total Variable Charges ($/MMBtu)
C101: =C96*C97*365 -> 9931742.8 | E101: Fixed Transport Charge $/Year
C102: =C101/C91/1000 -> 9.3792931 | E102: Fixed Pipeline in $/kW
C103: =C94+C102 -> 47.790148 | E103: Fixed O&M including Fixed Pipeline & Capitalized O&M ($/kW-Yr)
B104: 2025 $ | C104: 2.7729595 | E104: Variable O&M Costs & Capitalized Variable O&M ($/MWh)
C105: 6158.732 | E105: Heat Rate in btu/kWh
C106: 0 | E106: Assumed ITC
C107: 0.06234 | E107: =" Real Payment Factor@ "&TEXT(C106,"00%")&" ITC" -> Real Payment Factor@ 00% ITC
C108: 0.78 | E108: Capacity Factor
D109: =ROUND(H87/F87,3) -> 0.78 | E109: Energy Weighted Capacity Factor
B110: 2025 $ | E110: Network Upgrade ($/kw-yr)
D111: 5.7166783 | E111: Fuel Cost ($/mmBtu )
D112: =(D111/1000000)*1000*C105 -> 35.20749 | E112: Fuel Cost ($/MWH)
D113: 0.025 | E113: EFOR %
B114: 2028 $ | D114: ='2025 IRPUpdt Assumptions'!$L$145 -> 19.115769 | E114: Network Upgrade ($/kw-yr)
B115: 2036 $ | D115: ='2025 IRPUpdt Assumptions'!$L$153 -> 14.435874 | E115: Network Upgrade ($/kw-yr)

Sheet GSC.PX.BDG.2038
B1: Table 3
B2: 2025 IRP Update - Utah South - CCCT Dry "H", 2X1, DF, with SCR | N2: GSC.PX.BDG._.___.Frame
B4: Year | C4: Estimated Capital Cost | D4: First Year Fixed Capital Cost at Real Levelized Rate | E4: Network Upgrade | F4: Fixed O&M + Pipeline | G4: Total Resource Fixed Costs | H4: Fuel Cost | I4: Variable O&M | J4: Total Resource Energy Cost | K4: Total Resource Costs
C5: $/kW | D5: $/kW-yr | E5: $/kW-yr | F5: $/kW-yr | G5: $/kW-yr | H5: $/MMBtu | I5: $/MWh | J5: $/MWh | K5: $/MWh
C6: (a) | D6: (b) | E6: (c) | F6: (d) | G6: (e) | H6: (f) | I6: (g) | J6: (h) | K6: (i)
B8: =C76 -> Wyoming East-Brownfield - SCCT Frame "F" x1, with SCR (GSC.PX.BDG._.___.Frame)
B10: 2025 | C10: =C92+C93 -> 1207.6438 | F10: =C103 -> 56.283942 | H10: =$D$111 -> 5.6147517 | I10: =$C$104 -> 8.4901495
B11: =B10+1 -> 2026 | C11: =C10*(1+Inflation) -> 1234.4535 | F11: =F10*(1+Inflation) -> 57.533446 | H11: =H10*(1+Inflation) -> 5.7393991 | I11: =I10*(1+Inflation) -> 8.6786308
B12: =B11+1 -> 2027 | C12: =C11*(1+Inflation) -> 1261.8583 | F12: =F11*(1+Inflation) -> 58.810688 | H12: =H11*(1+Inflation) -> 5.8668138 | I12: =I11*(1+Inflation) -> 8.8712964
B13: =B12+1 -> 2028 | C13: =C12*(1+Inflation) -> 1289.8716 | E13: =$D$114 -> 0 | F13: =F12*(1+Inflation) -> 60.116286 | H13: =H12*(1+Inflation) -> 5.9970571 | I13: =I12*(1+Inflation) -> 9.0682392
B14: =B13+1 -> 2029 | C14: =C13*(1+Inflation) -> 1318.5067 | E14: =E13*(1+Inflation) -> 0 | F14: =F13*(1+Inflation) -> 61.450867 | H14: =H13*(1+Inflation) -> 6.1301917 | I14: =I13*(1+Inflation) -> 9.2695541
B15: =B14+1 -> 2030 | C15: =C14*(1+Inflation) -> 1347.7776 | E15: =E14*(1+Inflation) -> 0 | F15: =F14*(1+Inflation) -> 62.815076 | H15: =H14*(1+Inflation) -> 6.266282 | I15: =I14*(1+Inflation) -> 9.4753382
B16: =B15+1 -> 2031 | C16: =C15*(1+Inflation) -> 1377.6982 | E16: =E15*(1+Inflation) -> 0 | F16: =F15*(1+Inflation) -> 64.209571 | H16: =H15*(1+Inflation) -> 6.4053935 | I16: =I15*(1+Inflation) -> 9.6856907
B17: =B16+1 -> 2032 | C17: =C16*(1+Inflation) -> 1408.2831 | E17: =E16*(1+Inflation) -> 0 | F17: =F16*(1+Inflation) -> 65.635024 | H17: =H16*(1+Inflation) -> 6.5475932 | I17: =I16*(1+Inflation) -> 9.900713
B18: =B17+1 -> 2033 | C18: =C17*(1+Inflation) -> 1439.547 | E18: =E17*(1+Inflation) -> 0 | F18: =F17*(1+Inflation) -> 67.092121 | H18: =H17*(1+Inflation) -> 6.6929498 | I18: =I17*(1+Inflation) -> 10.120509
B19: =B18+1 -> 2034 | C19: =C18*(1+Inflation) -> 1471.505 | E19: =E18*(1+Inflation) -> 0 | F19: =F18*(1+Inflation) -> 68.581566 | H19: =H18*(1+Inflation) -> 6.8415332 | I19: =I18*(1+Inflation) -> 10.345184
B20: =B19+1 -> 2035 | C20: =C19*(1+Inflation) -> 1504.1724 | E20: =E19*(1+Inflation) -> 0 | F20: =F19*(1+Inflation) -> 70.104077 | H20: =H19*(1+Inflation) -> 6.9934153 | I20: =I19*(1+Inflation) -> 10.574847
B21: =B20+1 -> 2036 | C21: =C20*(1+Inflation) -> 1537.565 | E21: =E20*(1+Inflation)+$D$115 -> 0 | F21: =F20*(1+Inflation) -> 71.660387 | H21: =H20*(1+Inflation) -> 7.1486691 | I21: =I20*(1+Inflation) -> 10.809609
B22: =B21+1 -> 2037 | C22: =C21*(1+Inflation) -> 1571.6989 | E22: =E21*(1+Inflation) -> 0 | F22: =F21*(1+Inflation) -> 73.251248 | H22: =H21*(1+Inflation) -> 7.3073696 | I22: =I21*(1+Inflation) -> 11.049582
B23: =B22+1 -> 2038 | C23: =C22*(1+Inflation) -> 1606.5907 | D23: =ROUND(C23*$C$107,2) -> 98 | E23: =E22*(1+Inflation) -> 0 | F23: =F22*(1+Inflation) -> 74.877426 | G23: =ROUND(D23+E23+F23,2) -> 172.88 | H23: =H22*(1+Inflation) -> 7.4695932 | I23: =I22*(1+Inflation) -> 11.294883 | J23: =ROUND($K$87*H23/1000+I23,2) -> 83 | K23: =ROUND(G23*1000/8760/$G$87+J23,2) -> 142.8
B24: =B23+1 -> 2039 | D24: =D23*(1+Inflation) -> 100.1756 | E24: =E23*(1+Inflation) -> 0 | F24: =F23*(1+Inflation) -> 76.539705 | G24: =ROUND(D24+E24+F24,2) -> 176.72 | H24: =H23*(1+Inflation) -> 7.6354181 | I24: =I23*(1+Inflation) -> 11.545629 | J24: =ROUND($K$87*H24/1000+I24,2) -> 84.85 | K24: =ROUND(G24*1000/8760/$G$87+J24,2) -> 145.98
B25: =B24+1 -> 2040 | D25: =D24*(1+Inflation) -> 102.3995 | E25: =E24*(1+Inflation) -> 0 | F25: =F24*(1+Inflation) -> 78.238886 | G25: =ROUND(D25+E25+F25,2) -> 180.64 | H25: =H24*(1+Inflation) -> 7.8049244 | I25: =I24*(1+Inflation) -> 11.801942 | J25: =ROUND($K$87*H25/1000+I25,2) -> 86.73 | K25: =ROUND(G25*1000/8760/$G$87+J25,2) -> 149.22
B26: =B25+1 -> 2041 | D26: =D25*(1+Inflation) -> 104.67277 | E26: =E25*(1+Inflation) -> 0 | F26: =F25*(1+Inflation) -> 79.975789 | G26: =ROUND(D26+E26+F26,2) -> 184.65 | H26: =H25*(1+Inflation) -> 7.9781937 | I26: =I25*(1+Inflation) -> 12.063945 | J26: =ROUND($K$87*H26/1000+I26,2) -> 88.65 | K26: =ROUND(G26*1000/8760/$G$87+J26,2) -> 152.53
B27: =B26+1 -> 2042 | D27: =D26*(1+Inflation) -> 106.9965 | E27: =E26*(1+Inflation) -> 0 | F27: =F26*(1+Inflation) -> 81.751252 | G27: =ROUND(D27+E27+F27,2) -> 188.75 | H27: =H26*(1+Inflation) -> 8.1553096 | I27: =I26*(1+Inflation) -> 12.331765 | J27: =ROUND($K$87*H27/1000+I27,2) -> 90.62 | K27: =ROUND(G27*1000/8760/$G$87+J27,2) -> 155.91
B28: =B27+1 -> 2043 | D28: =D27*(1+Inflation) -> 109.37182 | E28: =E27*(1+Inflation) -> 0 | F28: =F27*(1+Inflation) -> 83.56613 | G28: =ROUND(D28+E28+F28,2) -> 192.94 | H28: =H27*(1+Inflation) -> 8.3363575 | I28: =I27*(1+Inflation) -> 12.60553 | J28: =ROUND($K$87*H28/1000+I28,2) -> 92.63 | K28: =ROUND(G28*1000/8760/$G$87+J28,2) -> 159.37
B29: =B28+1 -> 2044 | D29: =D28*(1+Inflation) -> 111.79988 | E29: =E28*(1+Inflation) -> 0 | F29: =F28*(1+Inflation) -> 85.421298 | G29: =ROUND(D29+E29+F29,2) -> 197.22 | H29: =H28*(1+Inflation) -> 8.5214246 | I29: =I28*(1+Inflation) -> 12.885373 | J29: =ROUND($K$87*H29/1000+I29,2) -> 94.69 | K29: =ROUND(G29*1000/8760/$G$87+J29,2) -> 162.91
B30: =B29+1 -> 2045 | D30: =D29*(1+Inflation) -> 114.28184 | E30: =E29*(1+Inflation) -> 0 | F30: =F29*(1+Inflation) -> 87.317651 | G30: =ROUND(D30+E30+F30,2) -> 201.6 | H30: =H29*(1+Inflation) -> 8.7106003 | I30: =I29*(1+Inflation) -> 13.171428 | J30: =ROUND($K$87*H30/1000+I30,2) -> 96.79 | K30: =ROUND(G30*1000/8760/$G$87+J30,2) -> 166.53
B31: =B30+1 -> 2046 | D31: =D30*(1+Inflation) -> 116.81889 | E31: =E30*(1+Inflation) -> 0 | F31: =F30*(1+Inflation) -> 89.256102 | G31: =ROUND(D31+E31+F31,2) -> 206.07 | H31: =H30*(1+Inflation) -> 8.9039756 | I31: =I30*(1+Inflation) -> 13.463834 | J31: =ROUND($K$87*H31/1000+I31,2) -> 98.94 | K31: =ROUND(G31*1000/8760/$G$87+J31,2) -> 170.22
B32: =B31+1 -> 2047 | D32: =D31*(1+Inflation) -> 119.41227 | E32: =E31*(1+Inflation) -> 0 | F32: =F31*(1+Inflation) -> 91.237588 | G32: =ROUND(D32+E32+F32,2) -> 210.65 | H32: =H31*(1+Inflation) -> 9.1016438 | I32: =I31*(1+Inflation) -> 13.762731 | J32: =ROUND($K$87*H32/1000+I32,2) -> 101.14 | K32: =ROUND(G32*1000/8760/$G$87+J32,2) -> 174.01
B33: =B32+1 -> 2048 | D33: =D32*(1+Inflation) -> 122.06323 | E33: =E32*(1+Inflation) -> 0 | F33: =F32*(1+Inflation) -> 93.263062 | G33: =ROUND(D33+E33+F33,2) -> 215.33 | H33: =H32*(1+Inflation) -> 9.3037003 | I33: =I32*(1+Inflation) -> 14.068264 | J33: =ROUND($K$87*H33/1000+I33,2) -> 103.38 | K33: =ROUND(G33*1000/8760/$G$87+J33,2) -> 177.87
B34: =B33+1 -> 2049 | D34: =D33*(1+Inflation) -> 124.77303 | E34: =E33*(1+Inflation) -> 0 | F34: =F33*(1+Inflation) -> 95.333502 | G34: =ROUND(D34+E34+F34,2) -> 220.11 | H34: =H33*(1+Inflation) -> 9.5102425 | I34: =I33*(1+Inflation) -> 14.380579 | J34: =ROUND($K$87*H34/1000+I34,2) -> 105.68 | K34: =ROUND(G34*1000/8760/$G$87+J34,2) -> 181.82
B35: =B34+1 -> 2050 | D35: =D34*(1+Inflation) -> 127.54299 | E35: =E34*(1+Inflation) -> 0 | F35: =F34*(1+Inflation) -> 97.449906 | G35: =ROUND(D35+E35+F35,2) -> 224.99 | H35: =H34*(1+Inflation) -> 9.7213699 | I35: =I34*(1+Inflation) -> 14.699828 | J35: =ROUND($K$87*H35/1000+I35,2) -> 108.02 | K35: =ROUND(G35*1000/8760/$G$87+J35,2) -> 185.85
... B63: =B62+1 -> 2078 | D63: =D62*(1+Inflation) -> 235.86372 | E63: =E62*(1+Inflation) -> 0 | F63: =F62*(1+Inflation) -> 180.21294 | G63: =ROUND(D63+E63+F63,2) -> 416.08 | H63: =H62*(1+Inflation) -> 17.977612 | I63: =I62*(1+Inflation) -> 27.184215 | J63: =ROUND($K$87*H63/1000+I63,2) -> 199.77 | K63: =ROUND(G63*1000/8760/$G$87+J63,2) -> 343.7
B66: Nominal 40 year Levelized | G66: =-PMT(Discount_Rate,COUNT(G$23:G$62),NPV(Discount_Rate,G$23:G$62)) -> 231.07886 | J66: =-PMT(Discount_Rate,COUNT(J$23:J$62),NPV(Discount_Rate,J$23:J$62)) -> 110.94552 | K66: =-PMT(Discount_Rate,COUNT(K$23:K$62),NPV(Discount_Rate,K$23:K$62)) -> 190.88112
B68: Sources, Inputs and Assumptions
B70: Source: (a)(d)(e)(g) | D70: Plant Costs - 2025 IRP Update
C71: =C6 -> (a) | D71: First year real levelized costs
C72: =D6 -> (b) | D72: ="= "&C6&" x "&TEXT(C107,"0.000%")&E107 -> = (a) x 6.100% Real Payment Factor@ 00% ITC
C73: =H6 -> (f) | D73: Gas Price Forecast (Sept 2024 MM)
C74: =J6 -> (h) | D74: ="= "&H6&" / (8.76 x 'Capacity Factor' ) + "&I6 -> = (f) / (8.76 x 'Capacity Factor' ) + (g)
C76: Wyoming East-Brownfield - SCCT Frame "F" x1, with SCR (GSC.PX.BDG._.___.Frame)
C79: Statistics | F79: MW | G79: Percent | H79: Cap Cost | I79: Fixed
C80: GSC.PX.BDG._.___.Frame | F80: =C91 -> 191.759 | G80: =F80/F82 -> 1 | H80: =C92 -> 1195.5137 | I80: =C103 -> 56.283942
C82: Capacity Weighted | F82: =F80+F81 -> 191.759 | G82: =G80+G81 -> 1 | H82: =ROUND(((F80*H80)+(F81*H81))/F82,0) -> 1196 | I82: =ROUND(((F80*I80)+(F81*I81))/F82,2) -> 56.28
C84: Statistics | F84: MW | G84: CF | H84: aMW | I84: Percent | J84: Variable | K84: Heat Rate
C85: =C80 -> GSC.PX.BDG._.___.Frame | F85: =C91 -> 191.759 | G85: =C108 -> 0.33 | H85: =G85*F85 -> 63.28047 | I85: =H85/H87 -> 1 | J85: =C104 -> 8.4901495 | K85: =C105 -> 9600.396
C86: =C81 -> 0 | F86: =D91 -> 0 | G86: =D108 -> 0 | H86: =G86*F86 -> 0 | I86: =1-I85 -> 0 | J86: =D104 -> 0 | K86: =D105 -> 0
C87: Energy Weighted | F87: =F85+F86 -> 191.759 | G87: =ROUND(H87/F87,3) -> 0.33 | H87: =SUM(H85:H86) -> 63.28047 | I87: =I85+I86 -> 1 | J87: =ROUND(($I85*J85)+($I86*J86),2) -> 8.49 | K87: =ROUND(($I85*K85)+($I86*K86),0) -> 9600
K88: Rounded
C90: SCCT | E90: =D70 -> Plant Costs - 2025 IRP Update
C91: 191.759 | E91: MW Plant Capacity
B92: 2025 $ | C92: 1195.5137 | E92: Plant capacity cost - in $/kW
B93: 2025 $ | C93: 12.13004 | E93: Demolition Cost - in $/kW
B94: 2025 $ | C94: 30.484806 | E94: Fixed O&M & Capitalized O&M ($/kW-Yr)
C95: 9600.396 | E95: Max Load Heat Rate on Gas (Btu/kw)
C96: 44183.096 | E96: Gas Fired Conversion Load (MMBtu/d)
C97: 0.30676932 | E97: Fixed Demand Transportation Charge (Tariff) ($/mmBtu-day)
C98: 0.0057 | E98: Transportation Commodity / Usage Charge ($/MMBtu)
C99: 0.0015 | E99: ACA Charge ($/MMBtu)
C100: =C98+C99 -> 0.0072 | E100: Total Variable Charges ($/MMBtu)
C101: =C96*C97*365 -> 4947216.6 | E101: Fixed Transport Charge $/Year
C102: =C101/C91/1000 -> 25.799136 | E102: Fixed Pipeline in $/kW
C103: =C94+C102 -> 56.283942 | E103: Fixed O&M including Fixed Pipeline & Capitalized O&M ($/kW-Yr)
B104: 2025 $ | C104: 8.4901495 | E104: Variable O&M Costs & Capitalized Variable O&M ($/MWh)
C105: 9600.396 | E105: Heat Rate in btu/kWh
C106: 0 | E106: Assumed ITC
C107: 0.061 | E107: =" Real Payment Factor@ "&TEXT(C106,"00%")&" ITC" -> Real Payment Factor@ 00% ITC
C108: 0.33 | E108: Capacity Factor
D109: =ROUND(H87/F87,3) -> 0.33 | E109: Energy Weighted Capacity Factor
B110: 2025 $ | E110: Network Upgrade ($/kw-yr)
D111: 5.6147517 | E111: Fuel Cost ($/mmBtu )
D112: =(D111/1000000)*1000*C105 -> 53.903839 | E112: Fuel Cost ($/MWH)
D113: 0.027 | E113: EFOR %
E114: Network Upgrade ($/kw-yr)
E115: Network Upgrade ($/kw-yr)

Sheet 2025 IRPUpdt Assumptions
A1: Collection | B1: Parent Object | C1: Child Object | D1: Property | E1: Value | F1: Data File | G1: Units | H1: Band | I1: Date From | J1: Date To | K1: Timeslice | L1: Action | M1: Expression | N1: Scenario | O1: Memo | P1: Category
A2: Generators | B2: System | C2: GCC.PX.DJW._.DF_.H_2x1 | D2: Build Cost | E2: 1357.697 | G2: $/kW | H2: 1 | L2: × | M2: Inflation | N2: 25 IRP Update SSR | O2: H:\2025 IRP Update\03. Assumptions\12. New Resources (SSR)\[RESD SSR Database 2025 v9 20250219 Modifiers Expanded Table 2 2025 IRP Update Draft.xlsx]Build Cost | P2: New Gas
A3: Generators | B3: System | C3: GCC.PX.UTS._.DF_.H_2x1 | D3: Build Cost | E3: 1508.552 | G3: $/kW | H3: 1 | L3: × | M3: Inflation | N3: 25 IRP Update SSR | O3: H:\2025 IRP Update\03. Assumptions\12. New Resources (SSR)\[RESD SSR Database 2025 v9 20250219 Modifiers Expanded Table 2 2025 IRP Update Draft.xlsx]Build Cost | P3: New Gas
A4: Generators | B4: System | C4: GCC.PX.WYE._.DF_.H_2x1 | D4: Build Cost | E4: 1508.552 | G4: $/kW | H4: 1 | L4: × | M4: Inflation | N4: 25 IRP Update SSR | O4: H:\2025 IRP Update\03. Assumptions\12. New Resources (SSR)\[RESD SSR Database 2025 v9 20250219 Modifiers Expanded Table 2 2025 IRP Update Draft.xlsx]Build Cost | P4: New Gas
A5: Generators | B5: System | C5: GSC.PX.BDG._.___.Frame | D5: Build Cost | E5: 1195.514 | G5: $/kW | H5: 1 | L5: × | M5: Inflation | N5: 25 IRP Update SSR | O5: H:\2025 IRP Update\03. Assumptions\12. New Resources (SSR)\[RESD SSR Database 2025 v9 20250219 Modifiers Expanded Table 2 2025 IRP Update Draft.xlsx]Build Cost | P5: New Gas
A6: Generators | B6: System | C6: GSC.PX.WYE._.___.Frame | D6: Build Cost | E6: 1328.349 | G6: $/kW | H6: 1 | L6: × | M6: Inflation | N6: 25 IRP Update SSR | O6: H:\2025 IRP Update\03. Assumptions\12. New Resources (SSR)\[RESD SSR Database 2025 v9 20250219 Modifiers Expanded Table 2 2025 IRP Update Draft.xlsx]Build Cost | P6: New Gas
A7: Generators | B7: System | C7: PV_.PX.BOR._.PTC.Utility_Scale | D7: Build Cost | E7: 1399.38 | G7: $/kW | H7: 1 | L7: × | M7: IRPPVESC | N7: 25 IRP Update SSR | O7: H:\2025 IRP Update\03. Assumptions\12. New Resources (SSR)\[RESD SSR Database 2025 v9 20250219 Modifiers Expanded Table 2 2025 IRP Update Draft.xlsx]Build Cost | P7: New Solar
A8: Generators | B8: System | C8: PV_.PX.COR._.NTC.Small_Scale | D8: Build Cost | E8: 1954.522 | G8: $/kW | H8: 1 | L8: × | M8: IRPPV_NTC_ESC_Small | N8: 25 IRP Update SSR | O8: H:\2025 IRP Update\03. Assumptions\12. New Resources (SSR)\[RESD SSR Database 2025 v9 20250219 Modifiers Expanded Table 2 2025 IRP Update Draft.xlsx]Build Cost | P8: New Solar
A9: Generators | B9: System | C9: PV_.PX.COR._.NTC.Utility_Scale | D9: Build Cost | E9: 1468.657 | G9: $/kW | H9: 1 | L9: × | M9: IRPPV_NTC_ESC | N9: 25 IRP Update SSR | O9: H:\2025 IRP Update\03. Assumptions\12. New Resources (SSR)\[RESD SSR Database 2025 v9 20250219 Modifiers Expanded Table 2 2025 IRP Update Draft.xlsx]Build Cost | P9: New Solar
A10: Generators | B10: System | C10: PV_.PX.COR._.PTC.Small_Scale | D10: Build Cost | E10: 1954.522 | G10: $/kW | H10: 1 | L10: × | M10: IRPPVESC_Small | N10: 25 IRP Update SSR | O10: H:\2025 IRP Update\03. Assumptions\12. New Resources (SSR)\[RESD SSR Database 2025 v9 20250219 Modifiers Expanded Table 2 2025 IRP Update Draft.xlsx]Build Cost | P10: New Solar
A11: Generators | B11: System | C11: PV_.PX.COR._.PTC.Utility_Scale | D11: Build Cost | E11: 1468.657 | G11: $/kW | H11: 1 | L11: × | M11: IRPPVESC | N11: 25 IRP Update SSR | O11: H:\2025 IRP Update\03. Assumptions\12. New Resources (SSR)\[RESD SSR Database 2025 v9 20250219 Modifiers Expanded Table 2 2025 IRP Update Draft.xlsx]Build Cost | P11: New Solar
A12: Generators | B12: System | C12: PV_.PX.GOE._.PTC.Utility_Scale | D12: Build Cost | E12: 1399.38 | G12: $/kW | H12: 1 | L12: × | M12: IRPPVESC | N12: 25 IRP Update SSR | O12: H:\2025 IRP Update\03. Assumptions\12. New Resources (SSR)\[RESD SSR Database 2025 v9 20250219 Modifiers Expanded Table 2 2025 IRP Update Draft.xlsx]Build Cost | P12: New Solar
A13: Generators | B13: System | C13: PV_.PX.NUT._.NTC.Utility_Scale | D13: Build Cost | E13: 1399.38 | G13: $/kW | H13: 1 | L13: × | M13: IRPPV_NTC_ESC | N13: 25 IRP Update SSR | O13: H:\2025 IRP Update\03. Assumptions\12. New Resources (SSR)\[RESD SSR Database 2025 v9 20250219 Modifiers Expanded Table 2 2025 IRP Update Draft.xlsx]Build Cost | P13: New Solar
... A43: Generators | B43: System | C43: WD_.PX.YAK._.PTC.Utility_Scale | D43: Build Cost | E43: 1567.503 | G43: $/kW | H43: 1 | L43: × | M43: IRPWDESC | N43: 25 IRP Update SSR | O43: H:\2025 IRP Update\03. Assumptions\12. New Resources (SSR)\[RESD SSR Database 2025 v9 20250219 Modifiers Expanded Table 2 2025 IRP Update Draft.xlsx]Build Cost | P43: New Wind
A46: Collection | B46: Parent Object | C46: Child Object | D46: Property | E46: Value | F46: Data File | G46: Units | H46: Band | I46: Date From | J46: Date To | K46: Timeslice | L46: Action | M46: Expression | N46: Scenario | O46: Memo | P46: Category
A47: Generators | B47: System | C47: GCC.PX.DJW._.DF_.H_2x1 | D47: FO&M Charge | E47: 53.981899 | G47: $/kW/yr | H47: 1 | L47: × | M47: Inflation | N47: 25 IRP Update SSR | O47: H:\2025 IRP Update\03. Assumptions\12. New Resources (SSR)\[RESD SSR Database 2025 v9 20250219 Modifiers Expanded Table 2 2025 IRP Update Draft.xlsx]FOM | P47: New Gas
A48: Generators | B48: System | C48: GCC.PX.UTS._.DF_.H_2x1 | D48: FO&M Charge | E48: 46.810837 | G48: $/kW/yr | H48: 1 | L48: × | M48: Inflation | N48: 25 IRP Update SSR | O48: H:\2025 IRP Update\03. Assumptions\12. New Resources (SSR)\[RESD SSR Database 2025 v9 20250219 Modifiers Expanded Table 2 2025 IRP Update Draft.xlsx]FOM | P48: New Gas
A49: Generators | B49: System | C49: GCC.PX.WYE._.DF_.H_2x1 | D49: FO&M Charge | E49: 53.981899 | G49: $/kW/yr | H49: 1 | L49: × | M49: Inflation | N49: 25 IRP Update SSR | O49: H:\2025 IRP Update\03. Assumptions\12. New Resources (SSR)\[RESD SSR Database 2025 v9 20250219 Modifiers Expanded Table 2 2025 IRP Update Draft.xlsx]FOM | P49: New Gas
A50: Generators | B50: System | C50: GSC.PX.BDG._.___.Frame | D50: FO&M Charge | E50: 55.506711 | G50: $/kW/yr | H50: 1 | L50: × | M50: Inflation | N50: 25 IRP Update SSR | O50: H:\2025 IRP Update\03. Assumptions\12. New Resources (SSR)\[RESD SSR Database 2025 v9 20250219 Modifiers Expanded Table 2 2025 IRP Update Draft.xlsx]FOM | P50: New Gas
A51: Generators | B51: System | C51: GSC.PX.WYE._.___.Frame | D51: FO&M Charge | E51: 55.506711 | G51: $/kW/yr | H51: 1 | L51: × | M51: Inflation | N51: 25 IRP Update SSR | O51: H:\2025 IRP Update\03. Assumptions\12. New Resources (SSR)\[RESD SSR Database 2025 v9 20250219 Modifiers Expanded Table 2 2025 IRP Update Draft.xlsx]FOM | P51: New Gas
A52: Generators | B52: System | C52: PV_.PX.BOR._.PTC.Utility_Scale | D52: FO&M Charge | E52: 21.84 | G52: $/kW/yr | H52: 1 | L52: × | M52: Inflation | N52: 25 IRP Update SSR | O52: H:\2025 IRP Update\03. Assumptions\12. New Resources (SSR)\[RESD SSR Database 2025 v9 20250219 Modifiers Expanded Table 2 2025 IRP Update Draft.xlsx]FOM | P52: New Solar
